Workbook
Name BelowBBBAdjustment: 'Generic Credit Spreads'!$C$4
Name ConservativeSpreadAdjustment: 'Generic Credit Spreads'!$C$3
Name IndexColumn: #REF!
Name InterpolatedCostofFunds: 'Interpolated Cost of Funds'!$B$1
Name InterpolatedCostofFundsUpperLeft: 'Interpolated Cost of Funds'!$B$9
Name LeaseDocumentNameClearArea: Summary!$O$13:$R$1102
Name LeaseDocumentNameLocation: Summary!$O$13
Name RatingCategory: Summary!$C$14
Name SixMonthAdjustment: 'Generic Credit Spreads'!$C$7
Name TaxExemptRateAdjustment: 'Custom Data'!$D$5
Name TaxExemptRateAdjustment: 'FASB Data'!$P$5
Name TaxExemptRateAdjustment: 'Market Data'!$D$5
Name test: 'Market Data'!$C$17
Name ThreeMonthAdjustment: 'Generic Credit Spreads'!$C$6
Name WhichRate: Summary!$C$15

Sheet Summary
A3: Incremental Borrowing Rate Template (Version External 3.5)
N10: Agreement Terms
A11: Directions: Select rate type in dropdown below, and fill in the yellow area to the right for each Agreement (maximum 500 Agreements). | S11: Scale | T11: =IF(OR(WhichRate="GASB",WhichRate="Custom"),"AAA Rate","Treasury Rate") -> Treasury Rate | U11: =IF(OR(WhichRate="GASB",WhichRate="Custom"),"AAA Rate","Treasury Rate") -> Treasury Rate | V11: Credit Spread | W11: Credit Spread | X11: Credit Spread | Z11: Tax-Exempt | AB11: Adjusted
A12: For ASC 842 leases within asset classes applying the Practical Expedient setting for "risk free rate", select 'FASB RFR' in dropdown. | N12: Agreement # | O12: Agreement Document Name | P12: Agreement Start Date | Q12: Agreement End Date | R12: Tax Status | S12: Date | T12: Column Offset | U12: Row Offset | V12: Key | W12: Column Offset | X12: Row Offset | Y12: Term | Z12: =IF(WhichRate="GASB","AAA Rate","Treasury Rate") -> Treasury Rate | AA12: Credit Spread | AB12: Rate
A13: Inputs | N13: 1 | O13: Test #1 | P13: 45839 | Q13: 46387 | R13: Tax-Exempt | S13: {=IF(ISBLANK(P13)," ",IF(OR(WhichRate="GASB IBR",WhichRate="FASB IBR",WhichRate="Custom"),IF(ISBLANK(P13),IFERROR(HLOOKUP(P13,'Market Data'!$C$13:$BA$13,1)," "),IFERROR(HLOOKUP(P13,'Market Data'!$C$13:$BA$13,1),"No Rate")),_xlfn.XLOOKUP(TEXT(P13,"mm-yyyy"),TEXT('FASB Data'!$D$13:$BC$13,"mm-yyyy"),'FASB Data'!$D$13:$BC$13,,0)))} -> 45839 | T13: =IF(OR(S13="No Rate",S13="",S13=" "),"",IF(OR(WhichRate="GASB IBR",WhichRate="FASB IBR",WhichRate="Custom"),SUMIF('Market Data'!$C$13:$BI$13,Summary!S13,'Market Data'!$C$14:$BI$14),SUMIF('FASB Data'!$C$13:$BU$13,Summary!S13,'FASB Data'!$C$14:$BU$14))) -> 23 | U13: =IFERROR(VLOOKUP($Y13,'Market Data'!$B$15:$C$47,2,TRUE)+1,"") -> 5 | V13: =IF(OR(S13="No Rate",S13="",S13=" "),"",IF(WhichRate="FASB RFR","N/A",IF(Y13<=0.25,RatingCategory&"-0.25",IF(Y13<1,RatingCategory&"-0.5",RatingCategory&"-"&ROUND(Y13,3))))) -> Aaa-2 | W13: =IF(OR(S13="No Rate",S13="",S13=" ",S13=""),"",IF(WhichRate="FASB RFR","N/A",SUMIF('Market Data'!$C$51:$BI$51,Summary!S13,'Market Data'!$C$52:$BI$52))) -> 25 | X13: =IF(ISBLANK(P13)," ",IF(WhichRate="FASB RFR","N/A",IFERROR(VLOOKUP($V13,'Market Data'!$C$53:$D$213,2,FALSE),""))) -> 100 | Y13: =IF(ISBLANK(P13)," ",IF(DAYS360(P13,Q13,0)>10800,30,ROUND(IF(DAYS360(Summary!$P13,Summary!$Q13)/360>=1,ROUND(DAYS360(Summary!$P13,Summary!$Q13)/360,0),DAYS360(Summary!$P13,Summary!$Q13)/360),2))) -> 2 | Z13: =IF(OR(WhichRate="GASB IBR",WhichRate="FASB IBR",WhichRate="Custom"),IFERROR(IF(OR($S13="No Rate",$S13="",$S13=" ",$S13="")," ",OFFSET('Market Data'!$B$15,Summary!U13-1,Summary!T13-1)),""),IFERROR(IF(OR($S13="No Rate",$S13="",$S13=" ",$S13="")," ",OFFSET('FASB Data'!$B$15,Summary!U13-1,Summary!T13-1)),"")) -> 0.025836667 | AA13: =IF(O13<>"",IF(WhichRate="FASB RFR",0,IF(OR(WhichRate="GASB IBR",WhichRate="FASB IBR"),IF(OR($S13="No Rate",$S13="",$S13=" "),"",OFFSET('Market Data'!$B$53,Summary!X13,Summary!W13-1)),IF(WhichRate="Custom",IF(OR($S13="No Rate",$S13="",$S13=" "),"",OFFSET('Custom Data'!$B$53,Summary!X13,Summary!W13-1)),""))),"") -> 0 | AB13: =IF(OR($S13="No Rate",$S13="")," ",IF($R13="","",IF(Summary!$R13="Taxable",IF(Summary!$Y13>0,(Summary!$Z13+Summary!$AA13)*(1+TaxExemptRateAdjustment)),IF(Summary!$Y13>0,Summary!$Z13+Summary!$AA13)))) -> 0.025836667 | AC13: =IF(Q13>0,IF(Q13-P13<365,"Possible Short Term Lease",""),"")
A14: Select your rating category: | C14: Aaa | N14: =N13+1 -> 2 | O14: Test #2 | P14: 44197 | Q14: 45580 | R14: Tax-Exempt | S14: {=IF(ISBLANK(P14)," ",IF(OR(WhichRate="GASB IBR",WhichRate="FASB IBR",WhichRate="Custom"),IF(ISBLANK(P14),IFERROR(HLOOKUP(P14,'Market Data'!$C$13:$BA$13,1)," "),IFERROR(HLOOKUP(P14,'Market Data'!$C$13:$BA$13,1),"No Rate")),_xlfn.XLOOKUP(TEXT(P14,"mm-yyyy"),TEXT('FASB Data'!$D$13:$BC$13,"mm-yyyy"),'FASB Data'!$D$13:$BC$13,,0)))} -> 44197 | T14: =IF(OR(S14="No Rate",S14="",S14=" "),"",IF(OR(WhichRate="GASB IBR",WhichRate="FASB IBR",WhichRate="Custom"),SUMIF('Market Data'!$C$13:$BI$13,Summary!S14,'Market Data'!$C$14:$BI$14),SUMIF('FASB Data'!$C$13:$BU$13,Summary!S14,'FASB Data'!$C$14:$BU$14))) -> 5 | U14: =IFERROR(VLOOKUP($Y14,'Market Data'!$B$15:$C$47,2,TRUE)+1,"") -> 7 | V14: =IF(OR(S14="No Rate",S14="",S14=" "),"",IF(WhichRate="FASB RFR","N/A",IF(Y14<=0.25,RatingCategory&"-0.25",IF(Y14<1,RatingCategory&"-0.5",RatingCategory&"-"&ROUND(Y14,3))))) -> Aaa-4 | W14: =IF(OR(S14="No Rate",S14="",S14=" ",S14=""),"",IF(WhichRate="FASB RFR","N/A",SUMIF('Market Data'!$C$51:$BI$51,Summary!S14,'Market Data'!$C$52:$BI$52))) -> 7 | X14: =IF(ISBLANK(P14)," ",IF(WhichRate="FASB RFR","N/A",IFERROR(VLOOKUP($V14,'Market Data'!$C$53:$D$213,2,FALSE),""))) -> 102 | Y14: =IF(ISBLANK(P14)," ",IF(DAYS360(P14,Q14,0)>10800,30,ROUND(IF(DAYS360(Summary!$P14,Summary!$Q14)/360>=1,ROUND(DAYS360(Summary!$P14,Summary!$Q14)/360,0),DAYS360(Summary!$P14,Summary!$Q14)/360),2))) -> 4 | Z14: =IF(OR(WhichRate="GASB IBR",WhichRate="FASB IBR",WhichRate="Custom"),IFERROR(IF(OR($S14="No Rate",$S14="",$S14=" ",$S14="")," ",OFFSET('Market Data'!$B$15,Summary!U14-1,Summary!T14-1)),""),IFERROR(IF(OR($S14="No Rate",$S14="",$S14=" ",$S14="")," ",OFFSET('FASB Data'!$B$15,Summary!U14-1,Summary!T14-1)),"")) -> 0.0022133333 | AA14: =IF(O14<>"",IF(WhichRate="FASB RFR",0,IF(OR(WhichRate="GASB IBR",WhichRate="FASB IBR"),IF(OR($S14="No Rate",$S14="",$S14=" "),"",OFFSET('Market Data'!$B$53,Summary!X14,Summary!W14-1)),IF(WhichRate="Custom",IF(OR($S14="No Rate",$S14="",$S14=" "),"",OFFSET('Custom Data'!$B$53,Summary!X14,Summary!W14-1)),""))),"") -> 0 | AB14: =IF(OR($S14="No Rate",$S14="")," ",IF($R14="","",IF(Summary!$R14="Taxable",IF(Summary!$Y14>0,(Summary!$Z14+Summary!$AA14)*(1+TaxExemptRateAdjustment)),IF(Summary!$Y14>0,Summary!$Z14+Summary!$AA14)))) -> 0.0022133333 | AC14: =IF(Q14>0,IF(Q14-P14<365,"Possible Short Term Lease",""),"")
A15: Which rates do you want to use? | C15: GASB IBR | N15: =N14+1 -> 3 | O15: Test #3 | P15: 45468 | Q15: 46568 | R15: Tax-Exempt | S15: {=IF(ISBLANK(P15)," ",IF(OR(WhichRate="GASB IBR",WhichRate="FASB IBR",WhichRate="Custom"),IF(ISBLANK(P15),IFERROR(HLOOKUP(P15,'Market Data'!$C$13:$BA$13,1)," "),IFERROR(HLOOKUP(P15,'Market Data'!$C$13:$BA$13,1),"No Rate")),_xlfn.XLOOKUP(TEXT(P15,"mm-yyyy"),TEXT('FASB Data'!$D$13:$BC$13,"mm-yyyy"),'FASB Data'!$D$13:$BC$13,,0)))} -> 45383 | T15: =IF(OR(S15="No Rate",S15="",S15=" "),"",IF(OR(WhichRate="GASB IBR",WhichRate="FASB IBR",WhichRate="Custom"),SUMIF('Market Data'!$C$13:$BI$13,Summary!S15,'Market Data'!$C$14:$BI$14),SUMIF('FASB Data'!$C$13:$BU$13,Summary!S15,'FASB Data'!$C$14:$BU$14))) -> 18 | U15: =IFERROR(VLOOKUP($Y15,'Market Data'!$B$15:$C$47,2,TRUE)+1,"") -> 6 | V15: =IF(OR(S15="No Rate",S15="",S15=" "),"",IF(WhichRate="FASB RFR","N/A",IF(Y15<=0.25,RatingCategory&"-0.25",IF(Y15<1,RatingCategory&"-0.5",RatingCategory&"-"&ROUND(Y15,3))))) -> Aaa-3 | W15: =IF(OR(S15="No Rate",S15="",S15=" ",S15=""),"",IF(WhichRate="FASB RFR","N/A",SUMIF('Market Data'!$C$51:$BI$51,Summary!S15,'Market Data'!$C$52:$BI$52))) -> 20 | X15: =IF(ISBLANK(P15)," ",IF(WhichRate="FASB RFR","N/A",IFERROR(VLOOKUP($V15,'Market Data'!$C$53:$D$213,2,FALSE),""))) -> 101 | Y15: =IF(ISBLANK(P15)," ",IF(DAYS360(P15,Q15,0)>10800,30,ROUND(IF(DAYS360(Summary!$P15,Summary!$Q15)/360>=1,ROUND(DAYS360(Summary!$P15,Summary!$Q15)/360,0),DAYS360(Summary!$P15,Summary!$Q15)/360),2))) -> 3 | Z15: =IF(OR(WhichRate="GASB IBR",WhichRate="FASB IBR",WhichRate="Custom"),IFERROR(IF(OR($S15="No Rate",$S15="",$S15=" ",$S15="")," ",OFFSET('Market Data'!$B$15,Summary!U15-1,Summary!T15-1)),""),IFERROR(IF(OR($S15="No Rate",$S15="",$S15=" ",$S15="")," ",OFFSET('FASB Data'!$B$15,Summary!U15-1,Summary!T15-1)),"")) -> 0.028513333 | AA15: =IF(O15<>"",IF(WhichRate="FASB RFR",0,IF(OR(WhichRate="GASB IBR",WhichRate="FASB IBR"),IF(OR($S15="No Rate",$S15="",$S15=" "),"",OFFSET('Market Data'!$B$53,Summary!X15,Summary!W15-1)),IF(WhichRate="Custom",IF(OR($S15="No Rate",$S15="",$S15=" "),"",OFFSET('Custom Data'!$B$53,Summary!X15,Summary!W15-1)),""))),"") -> 0 | AB15: =IF(OR($S15="No Rate",$S15="")," ",IF($R15="","",IF(Summary!$R15="Taxable",IF(Summary!$Y15>0,(Summary!$Z15+Summary!$AA15)*(1+TaxExemptRateAdjustment)),IF(Summary!$Y15>0,Summary!$Z15+Summary!$AA15)))) -> 0.028513333 | AC15: =IF(Q15>0,IF(Q15-P15<365,"Possible Short Term Lease",""),"")
N16: =N15+1 -> 4 | S16: {=IF(ISBLANK(P16)," ",IF(OR(WhichRate="GASB IBR",WhichRate="FASB IBR",WhichRate="Custom"),IF(ISBLANK(P16),IFERROR(HLOOKUP(P16,'Market Data'!$C$13:$BA$13,1)," "),IFERROR(HLOOKUP(P16,'Market Data'!$C$13:$BA$13,1),"No Rate")),_xlfn.XLOOKUP(TEXT(P16,"mm-yyyy"),TEXT('FASB Data'!$D$13:$BC$13,"mm-yyyy"),'FASB Data'!$D$13:$BC$13,,0)))} | T16: =IF(OR(S16="No Rate",S16="",S16=" "),"",IF(OR(WhichRate="GASB IBR",WhichRate="FASB IBR",WhichRate="Custom"),SUMIF('Market Data'!$C$13:$BI$13,Summary!S16,'Market Data'!$C$14:$BI$14),SUMIF('FASB Data'!$C$13:$BU$13,Summary!S16,'FASB Data'!$C$14:$BU$14))) | U16: =IFERROR(VLOOKUP($Y16,'Market Data'!$B$15:$C$47,2,TRUE)+1,"") | V16: =IF(OR(S16="No Rate",S16="",S16=" "),"",IF(WhichRate="FASB RFR","N/A",IF(Y16<=0.25,RatingCategory&"-0.25",IF(Y16<1,RatingCategory&"-0.5",RatingCategory&"-"&ROUND(Y16,3))))) | W16: =IF(OR(S16="No Rate",S16="",S16=" ",S16=""),"",IF(WhichRate="FASB RFR","N/A",SUMIF('Market Data'!$C$51:$BI$51,Summary!S16,'Market Data'!$C$52:$BI$52))) | X16: =IF(ISBLANK(P16)," ",IF(WhichRate="FASB RFR","N/A",IFERROR(VLOOKUP($V16,'Market Data'!$C$53:$D$213,2,FALSE),""))) | Y16: =IF(ISBLANK(P16)," ",IF(DAYS360(P16,Q16,0)>10800,30,ROUND(IF(DAYS360(Summary!$P16,Summary!$Q16)/360>=1,ROUND(DAYS360(Summary!$P16,Summary!$Q16)/360,0),DAYS360(Summary!$P16,Summary!$Q16)/360),2))) | Z16: =IF(OR(WhichRate="GASB IBR",WhichRate="FASB IBR",WhichRate="Custom"),IFERROR(IF(OR($S16="No Rate",$S16="",$S16=" ",$S16="")," ",OFFSET('Market Data'!$B$15,Summary!U16-1,Summary!T16-1)),""),IFERROR(IF(OR($S16="No Rate",$S16="",$S16=" ",$S16="")," ",OFFSET('FASB Data'!$B$15,Summary!U16-1,Summary!T16-1)),"")) | AA16: =IF(O16<>"",IF(WhichRate="FASB RFR",0,IF(OR(WhichRate="GASB IBR",WhichRate="FASB IBR"),IF(OR($S16="No Rate",$S16="",$S16=" "),"",OFFSET('Market Data'!$B$53,Summary!X16,Summary!W16-1)),IF(WhichRate="Custom",IF(OR($S16="No Rate",$S16="",$S16=" "),"",OFFSET('Custom Data'!$B$53,Summary!X16,Summary!W16-1)),""))),"") | AB16: =IF(OR($S16="No Rate",$S16="")," ",IF($R16="","",IF(Summary!$R16="Taxable",IF(Summary!$Y16>0,(Summary!$Z16+Summary!$AA16)*(1+TaxExemptRateAdjustment)),IF(Summary!$Y16>0,Summary!$Z16+Summary!$AA16)))) | AC16: =IF(Q16>0,IF(Q16-P16<365,"Possible Short Term Lease",""),"")
B17: Credit Spreads - Custom | N17: =N16+1 -> 5 | S17: {=IF(ISBLANK(P17)," ",IF(OR(WhichRate="GASB IBR",WhichRate="FASB IBR",WhichRate="Custom"),IF(ISBLANK(P17),IFERROR(HLOOKUP(P17,'Market Data'!$C$13:$BA$13,1)," "),IFERROR(HLOOKUP(P17,'Market Data'!$C$13:$BA$13,1),"No Rate")),_xlfn.XLOOKUP(TEXT(P17,"mm-yyyy"),TEXT('FASB Data'!$D$13:$BC$13,"mm-yyyy"),'FASB Data'!$D$13:$BC$13,,0)))} | T17: =IF(OR(S17="No Rate",S17="",S17=" "),"",IF(OR(WhichRate="GASB IBR",WhichRate="FASB IBR",WhichRate="Custom"),SUMIF('Market Data'!$C$13:$BI$13,Summary!S17,'Market Data'!$C$14:$BI$14),SUMIF('FASB Data'!$C$13:$BU$13,Summary!S17,'FASB Data'!$C$14:$BU$14))) | U17: =IFERROR(VLOOKUP($Y17,'Market Data'!$B$15:$C$47,2,TRUE)+1,"") | V17: =IF(OR(S17="No Rate",S17="",S17=" "),"",IF(WhichRate="FASB RFR","N/A",IF(Y17<=0.25,RatingCategory&"-0.25",IF(Y17<1,RatingCategory&"-0.5",RatingCategory&"-"&ROUND(Y17,3))))) | W17: =IF(OR(S17="No Rate",S17="",S17=" ",S17=""),"",IF(WhichRate="FASB RFR","N/A",SUMIF('Market Data'!$C$51:$BI$51,Summary!S17,'Market Data'!$C$52:$BI$52))) | X17: =IF(ISBLANK(P17)," ",IF(WhichRate="FASB RFR","N/A",IFERROR(VLOOKUP($V17,'Market Data'!$C$53:$D$213,2,FALSE),""))) | Y17: =IF(ISBLANK(P17)," ",IF(DAYS360(P17,Q17,0)>10800,30,ROUND(IF(DAYS360(Summary!$P17,Summary!$Q17)/360>=1,ROUND(DAYS360(Summary!$P17,Summary!$Q17)/360,0),DAYS360(Summary!$P17,Summary!$Q17)/360),2))) | Z17: =IF(OR(WhichRate="GASB IBR",WhichRate="FASB IBR",WhichRate="Custom"),IFERROR(IF(OR($S17="No Rate",$S17="",$S17=" ",$S17="")," ",OFFSET('Market Data'!$B$15,Summary!U17-1,Summary!T17-1)),""),IFERROR(IF(OR($S17="No Rate",$S17="",$S17=" ",$S17="")," ",OFFSET('FASB Data'!$B$15,Summary!U17-1,Summary!T17-1)),"")) | AA17: =IF(O17<>"",IF(WhichRate="FASB RFR",0,IF(OR(WhichRate="GASB IBR",WhichRate="FASB IBR"),IF(OR($S17="No Rate",$S17="",$S17=" "),"",OFFSET('Market Data'!$B$53,Summary!X17,Summary!W17-1)),IF(WhichRate="Custom",IF(OR($S17="No Rate",$S17="",$S17=" "),"",OFFSET('Custom Data'!$B$53,Summary!X17,Summary!W17-1)),""))),"") | AB17: =IF(OR($S17="No Rate",$S17="")," ",IF($R17="","",IF(Summary!$R17="Taxable",IF(Summary!$Y17>0,(Summary!$Z17+Summary!$AA17)*(1+TaxExemptRateAdjustment)),IF(Summary!$Y17>0,Summary!$Z17+Summary!$AA17)))) | AC17: =IF(Q17>0,IF(Q17-P17<365,"Possible Short Term Lease",""),"")
B18: Rating | C18: 3 Months | D18: 6 Months | E18: 1 Year | F18: 2 Years | G18: 3 Years | H18: 5 Years | I18: 7 Years | J18: 10 Years | K18: 20 Years | L18: 30 Years | N18: =N17+1 -> 6 | S18: {=IF(ISBLANK(P18)," ",IF(OR(WhichRate="GASB IBR",WhichRate="FASB IBR",WhichRate="Custom"),IF(ISBLANK(P18),IFERROR(HLOOKUP(P18,'Market Data'!$C$13:$BA$13,1)," "),IFERROR(HLOOKUP(P18,'Market Data'!$C$13:$BA$13,1),"No Rate")),_xlfn.XLOOKUP(TEXT(P18,"mm-yyyy"),TEXT('FASB Data'!$D$13:$BC$13,"mm-yyyy"),'FASB Data'!$D$13:$BC$13,,0)))} | T18: =IF(OR(S18="No Rate",S18="",S18=" "),"",IF(OR(WhichRate="GASB IBR",WhichRate="FASB IBR",WhichRate="Custom"),SUMIF('Market Data'!$C$13:$BI$13,Summary!S18,'Market Data'!$C$14:$BI$14),SUMIF('FASB Data'!$C$13:$BU$13,Summary!S18,'FASB Data'!$C$14:$BU$14))) | U18: =IFERROR(VLOOKUP($Y18,'Market Data'!$B$15:$C$47,2,TRUE)+1,"") | V18: =IF(OR(S18="No Rate",S18="",S18=" "),"",IF(WhichRate="FASB RFR","N/A",IF(Y18<=0.25,RatingCategory&"-0.25",IF(Y18<1,RatingCategory&"-0.5",RatingCategory&"-"&ROUND(Y18,3))))) | W18: =IF(OR(S18="No Rate",S18="",S18=" ",S18=""),"",IF(WhichRate="FASB RFR","N/A",SUMIF('Market Data'!$C$51:$BI$51,Summary!S18,'Market Data'!$C$52:$BI$52))) | X18: =IF(ISBLANK(P18)," ",IF(WhichRate="FASB RFR","N/A",IFERROR(VLOOKUP($V18,'Market Data'!$C$53:$D$213,2,FALSE),""))) | Y18: =IF(ISBLANK(P18)," ",IF(DAYS360(P18,Q18,0)>10800,30,ROUND(IF(DAYS360(Summary!$P18,Summary!$Q18)/360>=1,ROUND(DAYS360(Summary!$P18,Summary!$Q18)/360,0),DAYS360(Summary!$P18,Summary!$Q18)/360),2))) | Z18: =IF(OR(WhichRate="GASB IBR",WhichRate="FASB IBR",WhichRate="Custom"),IFERROR(IF(OR($S18="No Rate",$S18="",$S18=" ",$S18="")," ",OFFSET('Market Data'!$B$15,Summary!U18-1,Summary!T18-1)),""),IFERROR(IF(OR($S18="No Rate",$S18="",$S18=" ",$S18="")," ",OFFSET('FASB Data'!$B$15,Summary!U18-1,Summary!T18-1)),"")) | AA18: =IF(O18<>"",IF(WhichRate="FASB RFR",0,IF(OR(WhichRate="GASB IBR",WhichRate="FASB IBR"),IF(OR($S18="No Rate",$S18="",$S18=" "),"",OFFSET('Market Data'!$B$53,Summary!X18,Summary!W18-1)),IF(WhichRate="Custom",IF(OR($S18="No Rate",$S18="",$S18=" "),"",OFFSET('Custom Data'!$B$53,Summary!X18,Summary!W18-1)),""))),"") | AB18: =IF(OR($S18="No Rate",$S18="")," ",IF($R18="","",IF(Summary!$R18="Taxable",IF(Summary!$Y18>0,(Summary!$Z18+Summary!$AA18)*(1+TaxExemptRateAdjustment)),IF(Summary!$Y18>0,Summary!$Z18+Summary!$AA18)))) | AC18: =IF(Q18>0,IF(Q18-P18<365,"Possible Short Term Lease",""),"")
B19: AAA | N19: =N18+1 -> 7 | S19: {=IF(ISBLANK(P19)," ",IF(OR(WhichRate="GASB IBR",WhichRate="FASB IBR",WhichRate="Custom"),IF(ISBLANK(P19),IFERROR(HLOOKUP(P19,'Market Data'!$C$13:$BA$13,1)," "),IFERROR(HLOOKUP(P19,'Market Data'!$C$13:$BA$13,1),"No Rate")),_xlfn.XLOOKUP(TEXT(P19,"mm-yyyy"),TEXT('FASB Data'!$D$13:$BC$13,"mm-yyyy"),'FASB Data'!$D$13:$BC$13,,0)))} | T19: =IF(OR(S19="No Rate",S19="",S19=" "),"",IF(OR(WhichRate="GASB IBR",WhichRate="FASB IBR",WhichRate="Custom"),SUMIF('Market Data'!$C$13:$BI$13,Summary!S19,'Market Data'!$C$14:$BI$14),SUMIF('FASB Data'!$C$13:$BU$13,Summary!S19,'FASB Data'!$C$14:$BU$14))) | U19: =IFERROR(VLOOKUP($Y19,'Market Data'!$B$15:$C$47,2,TRUE)+1,"") | V19: =IF(OR(S19="No Rate",S19="",S19=" "),"",IF(WhichRate="FASB RFR","N/A",IF(Y19<=0.25,RatingCategory&"-0.25",IF(Y19<1,RatingCategory&"-0.5",RatingCategory&"-"&ROUND(Y19,3))))) | W19: =IF(OR(S19="No Rate",S19="",S19=" ",S19=""),"",IF(WhichRate="FASB RFR","N/A",SUMIF('Market Data'!$C$51:$BI$51,Summary!S19,'Market Data'!$C$52:$BI$52))) | X19: =IF(ISBLANK(P19)," ",IF(WhichRate="FASB RFR","N/A",IFERROR(VLOOKUP($V19,'Market Data'!$C$53:$D$213,2,FALSE),""))) | Y19: =IF(ISBLANK(P19)," ",IF(DAYS360(P19,Q19,0)>10800,30,ROUND(IF(DAYS360(Summary!$P19,Summary!$Q19)/360>=1,ROUND(DAYS360(Summary!$P19,Summary!$Q19)/360,0),DAYS360(Summary!$P19,Summary!$Q19)/360),2))) | Z19: =IF(OR(WhichRate="GASB IBR",WhichRate="FASB IBR",WhichRate="Custom"),IFERROR(IF(OR($S19="No Rate",$S19="",$S19=" ",$S19="")," ",OFFSET('Market Data'!$B$15,Summary!U19-1,Summary!T19-1)),""),IFERROR(IF(OR($S19="No Rate",$S19="",$S19=" ",$S19="")," ",OFFSET('FASB Data'!$B$15,Summary!U19-1,Summary!T19-1)),"")) | AA19: =IF(O19<>"",IF(WhichRate="FASB RFR",0,IF(OR(WhichRate="GASB IBR",WhichRate="FASB IBR"),IF(OR($S19="No Rate",$S19="",$S19=" "),"",OFFSET('Market Data'!$B$53,Summary!X19,Summary!W19-1)),IF(WhichRate="Custom",IF(OR($S19="No Rate",$S19="",$S19=" "),"",OFFSET('Custom Data'!$B$53,Summary!X19,Summary!W19-1)),""))),"") | AB19: =IF(OR($S19="No Rate",$S19="")," ",IF($R19="","",IF(Summary!$R19="Taxable",IF(Summary!$Y19>0,(Summary!$Z19+Summary!$AA19)*(1+TaxExemptRateAdjustment)),IF(Summary!$Y19>0,Summary!$Z19+Summary!$AA19)))) | AC19: =IF(Q19>0,IF(Q19-P19<365,"Possible Short Term Lease",""),"")
B20: AA | N20: =N19+1 -> 8 | S20: {=IF(ISBLANK(P20)," ",IF(OR(WhichRate="GASB IBR",WhichRate="FASB IBR",WhichRate="Custom"),IF(ISBLANK(P20),IFERROR(HLOOKUP(P20,'Market Data'!$C$13:$BA$13,1)," "),IFERROR(HLOOKUP(P20,'Market Data'!$C$13:$BA$13,1),"No Rate")),_xlfn.XLOOKUP(TEXT(P20,"mm-yyyy"),TEXT('FASB Data'!$D$13:$BC$13,"mm-yyyy"),'FASB Data'!$D$13:$BC$13,,0)))} | T20: =IF(OR(S20="No Rate",S20="",S20=" "),"",IF(OR(WhichRate="GASB IBR",WhichRate="FASB IBR",WhichRate="Custom"),SUMIF('Market Data'!$C$13:$BI$13,Summary!S20,'Market Data'!$C$14:$BI$14),SUMIF('FASB Data'!$C$13:$BU$13,Summary!S20,'FASB Data'!$C$14:$BU$14))) | U20: =IFERROR(VLOOKUP($Y20,'Market Data'!$B$15:$C$47,2,TRUE)+1,"") | V20: =IF(OR(S20="No Rate",S20="",S20=" "),"",IF(WhichRate="FASB RFR","N/A",IF(Y20<=0.25,RatingCategory&"-0.25",IF(Y20<1,RatingCategory&"-0.5",RatingCategory&"-"&ROUND(Y20,3))))) | W20: =IF(OR(S20="No Rate",S20="",S20=" ",S20=""),"",IF(WhichRate="FASB RFR","N/A",SUMIF('Market Data'!$C$51:$BI$51,Summary!S20,'Market Data'!$C$52:$BI$52))) | X20: =IF(ISBLANK(P20)," ",IF(WhichRate="FASB RFR","N/A",IFERROR(VLOOKUP($V20,'Market Data'!$C$53:$D$213,2,FALSE),""))) | Y20: =IF(ISBLANK(P20)," ",IF(DAYS360(P20,Q20,0)>10800,30,ROUND(IF(DAYS360(Summary!$P20,Summary!$Q20)/360>=1,ROUND(DAYS360(Summary!$P20,Summary!$Q20)/360,0),DAYS360(Summary!$P20,Summary!$Q20)/360),2))) | Z20: =IF(OR(WhichRate="GASB IBR",WhichRate="FASB IBR",WhichRate="Custom"),IFERROR(IF(OR($S20="No Rate",$S20="",$S20=" ",$S20="")," ",OFFSET('Market Data'!$B$15,Summary!U20-1,Summary!T20-1)),""),IFERROR(IF(OR($S20="No Rate",$S20="",$S20=" ",$S20="")," ",OFFSET('FASB Data'!$B$15,Summary!U20-1,Summary!T20-1)),"")) | AA20: =IF(O20<>"",IF(WhichRate="FASB RFR",0,IF(OR(WhichRate="GASB IBR",WhichRate="FASB IBR"),IF(OR($S20="No Rate",$S20="",$S20=" "),"",OFFSET('Market Data'!$B$53,Summary!X20,Summary!W20-1)),IF(WhichRate="Custom",IF(OR($S20="No Rate",$S20="",$S20=" "),"",OFFSET('Custom Data'!$B$53,Summary!X20,Summary!W20-1)),""))),"") | AB20: =IF(OR($S20="No Rate",$S20="")," ",IF($R20="","",IF(Summary!$R20="Taxable",IF(Summary!$Y20>0,(Summary!$Z20+Summary!$AA20)*(1+TaxExemptRateAdjustment)),IF(Summary!$Y20>0,Summary!$Z20+Summary!$AA20)))) | AC20: =IF(Q20>0,IF(Q20-P20<365,"Possible Short Term Lease",""),"")
B21: A | N21: =N20+1 -> 9 | S21: {=IF(ISBLANK(P21)," ",IF(OR(WhichRate="GASB IBR",WhichRate="FASB IBR",WhichRate="Custom"),IF(ISBLANK(P21),IFERROR(HLOOKUP(P21,'Market Data'!$C$13:$BA$13,1)," "),IFERROR(HLOOKUP(P21,'Market Data'!$C$13:$BA$13,1),"No Rate")),_xlfn.XLOOKUP(TEXT(P21,"mm-yyyy"),TEXT('FASB Data'!$D$13:$BC$13,"mm-yyyy"),'FASB Data'!$D$13:$BC$13,,0)))} | T21: =IF(OR(S21="No Rate",S21="",S21=" "),"",IF(OR(WhichRate="GASB IBR",WhichRate="FASB IBR",WhichRate="Custom"),SUMIF('Market Data'!$C$13:$BI$13,Summary!S21,'Market Data'!$C$14:$BI$14),SUMIF('FASB Data'!$C$13:$BU$13,Summary!S21,'FASB Data'!$C$14:$BU$14))) | U21: =IFERROR(VLOOKUP($Y21,'Market Data'!$B$15:$C$47,2,TRUE)+1,"") | V21: =IF(OR(S21="No Rate",S21="",S21=" "),"",IF(WhichRate="FASB RFR","N/A",IF(Y21<=0.25,RatingCategory&"-0.25",IF(Y21<1,RatingCategory&"-0.5",RatingCategory&"-"&ROUND(Y21,3))))) | W21: =IF(OR(S21="No Rate",S21="",S21=" ",S21=""),"",IF(WhichRate="FASB RFR","N/A",SUMIF('Market Data'!$C$51:$BI$51,Summary!S21,'Market Data'!$C$52:$BI$52))) | X21: =IF(ISBLANK(P21)," ",IF(WhichRate="FASB RFR","N/A",IFERROR(VLOOKUP($V21,'Market Data'!$C$53:$D$213,2,FALSE),""))) | Y21: =IF(ISBLANK(P21)," ",IF(DAYS360(P21,Q21,0)>10800,30,ROUND(IF(DAYS360(Summary!$P21,Summary!$Q21)/360>=1,ROUND(DAYS360(Summary!$P21,Summary!$Q21)/360,0),DAYS360(Summary!$P21,Summary!$Q21)/360),2))) | Z21: =IF(OR(WhichRate="GASB IBR",WhichRate="FASB IBR",WhichRate="Custom"),IFERROR(IF(OR($S21="No Rate",$S21="",$S21=" ",$S21="")," ",OFFSET('Market Data'!$B$15,Summary!U21-1,Summary!T21-1)),""),IFERROR(IF(OR($S21="No Rate",$S21="",$S21=" ",$S21="")," ",OFFSET('FASB Data'!$B$15,Summary!U21-1,Summary!T21-1)),"")) | AA21: =IF(O21<>"",IF(WhichRate="FASB RFR",0,IF(OR(WhichRate="GASB IBR",WhichRate="FASB IBR"),IF(OR($S21="No Rate",$S21="",$S21=" "),"",OFFSET('Market Data'!$B$53,Summary!X21,Summary!W21-1)),IF(WhichRate="Custom",IF(OR($S21="No Rate",$S21="",$S21=" "),"",OFFSET('Custom Data'!$B$53,Summary!X21,Summary!W21-1)),""))),"") | AB21: =IF(OR($S21="No Rate",$S21="")," ",IF($R21="","",IF(Summary!$R21="Taxable",IF(Summary!$Y21>0,(Summary!$Z21+Summary!$AA21)*(1+TaxExemptRateAdjustment)),IF(Summary!$Y21>0,Summary!$Z21+Summary!$AA21)))) | AC21: =IF(Q21>0,IF(Q21-P21<365,"Possible Short Term Lease",""),"")
B22: BBB | N22: =N21+1 -> 10 | S22: {=IF(ISBLANK(P22)," ",IF(OR(WhichRate="GASB IBR",WhichRate="FASB IBR",WhichRate="Custom"),IF(ISBLANK(P22),IFERROR(HLOOKUP(P22,'Market Data'!$C$13:$BA$13,1)," "),IFERROR(HLOOKUP(P22,'Market Data'!$C$13:$BA$13,1),"No Rate")),_xlfn.XLOOKUP(TEXT(P22,"mm-yyyy"),TEXT('FASB Data'!$D$13:$BC$13,"mm-yyyy"),'FASB Data'!$D$13:$BC$13,,0)))} | T22: =IF(OR(S22="No Rate",S22="",S22=" "),"",IF(OR(WhichRate="GASB IBR",WhichRate="FASB IBR",WhichRate="Custom"),SUMIF('Market Data'!$C$13:$BI$13,Summary!S22,'Market Data'!$C$14:$BI$14),SUMIF('FASB Data'!$C$13:$BU$13,Summary!S22,'FASB Data'!$C$14:$BU$14))) | U22: =IFERROR(VLOOKUP($Y22,'Market Data'!$B$15:$C$47,2,TRUE)+1,"") | V22: =IF(OR(S22="No Rate",S22="",S22=" "),"",IF(WhichRate="FASB RFR","N/A",IF(Y22<=0.25,RatingCategory&"-0.25",IF(Y22<1,RatingCategory&"-0.5",RatingCategory&"-"&ROUND(Y22,3))))) | W22: =IF(OR(S22="No Rate",S22="",S22=" ",S22=""),"",IF(WhichRate="FASB RFR","N/A",SUMIF('Market Data'!$C$51:$BI$51,Summary!S22,'Market Data'!$C$52:$BI$52))) | X22: =IF(ISBLANK(P22)," ",IF(WhichRate="FASB RFR","N/A",IFERROR(VLOOKUP($V22,'Market Data'!$C$53:$D$213,2,FALSE),""))) | Y22: =IF(ISBLANK(P22)," ",IF(DAYS360(P22,Q22,0)>10800,30,ROUND(IF(DAYS360(Summary!$P22,Summary!$Q22)/360>=1,ROUND(DAYS360(Summary!$P22,Summary!$Q22)/360,0),DAYS360(Summary!$P22,Summary!$Q22)/360),2))) | Z22: =IF(OR(WhichRate="GASB IBR",WhichRate="FASB IBR",WhichRate="Custom"),IFERROR(IF(OR($S22="No Rate",$S22="",$S22=" ",$S22="")," ",OFFSET('Market Data'!$B$15,Summary!U22-1,Summary!T22-1)),""),IFERROR(IF(OR($S22="No Rate",$S22="",$S22=" ",$S22="")," ",OFFSET('FASB Data'!$B$15,Summary!U22-1,Summary!T22-1)),"")) | AA22: =IF(O22<>"",IF(WhichRate="FASB RFR",0,IF(OR(WhichRate="GASB IBR",WhichRate="FASB IBR"),IF(OR($S22="No Rate",$S22="",$S22=" "),"",OFFSET('Market Data'!$B$53,Summary!X22,Summary!W22-1)),IF(WhichRate="Custom",IF(OR($S22="No Rate",$S22="",$S22=" "),"",OFFSET('Custom Data'!$B$53,Summary!X22,Summary!W22-1)),""))),"") | AB22: =IF(OR($S22="No Rate",$S22="")," ",IF($R22="","",IF(Summary!$R22="Taxable",IF(Summary!$Y22>0,(Summary!$Z22+Summary!$AA22)*(1+TaxExemptRateAdjustment)),IF(Summary!$Y22>0,Summary!$Z22+Summary!$AA22)))) | AC22: =IF(Q22>0,IF(Q22-P22<365,"Possible Short Term Lease",""),"")
B23: <BBB | N23: =N22+1 -> 11 | S23: {=IF(ISBLANK(P23)," ",IF(OR(WhichRate="GASB IBR",WhichRate="FASB IBR",WhichRate="Custom"),IF(ISBLANK(P23),IFERROR(HLOOKUP(P23,'Market Data'!$C$13:$BA$13,1)," "),IFERROR(HLOOKUP(P23,'Market Data'!$C$13:$BA$13,1),"No Rate")),_xlfn.XLOOKUP(TEXT(P23,"mm-yyyy"),TEXT('FASB Data'!$D$13:$BC$13,"mm-yyyy"),'FASB Data'!$D$13:$BC$13,,0)))} | T23: =IF(OR(S23="No Rate",S23="",S23=" "),"",IF(OR(WhichRate="GASB IBR",WhichRate="FASB IBR",WhichRate="Custom"),SUMIF('Market Data'!$C$13:$BI$13,Summary!S23,'Market Data'!$C$14:$BI$14),SUMIF('FASB Data'!$C$13:$BU$13,Summary!S23,'FASB Data'!$C$14:$BU$14))) | U23: =IFERROR(VLOOKUP($Y23,'Market Data'!$B$15:$C$47,2,TRUE)+1,"") | V23: =IF(OR(S23="No Rate",S23="",S23=" "),"",IF(WhichRate="FASB RFR","N/A",IF(Y23<=0.25,RatingCategory&"-0.25",IF(Y23<1,RatingCategory&"-0.5",RatingCategory&"-"&ROUND(Y23,3))))) | W23: =IF(OR(S23="No Rate",S23="",S23=" ",S23=""),"",IF(WhichRate="FASB RFR","N/A",SUMIF('Market Data'!$C$51:$BI$51,Summary!S23,'Market Data'!$C$52:$BI$52))) | X23: =IF(ISBLANK(P23)," ",IF(WhichRate="FASB RFR","N/A",IFERROR(VLOOKUP($V23,'Market Data'!$C$53:$D$213,2,FALSE),""))) | Y23: =IF(ISBLANK(P23)," ",IF(DAYS360(P23,Q23,0)>10800,30,ROUND(IF(DAYS360(Summary!$P23,Summary!$Q23)/360>=1,ROUND(DAYS360(Summary!$P23,Summary!$Q23)/360,0),DAYS360(Summary!$P23,Summary!$Q23)/360),2))) | Z23: =IF(OR(WhichRate="GASB IBR",WhichRate="FASB IBR",WhichRate="Custom"),IFERROR(IF(OR($S23="No Rate",$S23="",$S23=" ",$S23="")," ",OFFSET('Market Data'!$B$15,Summary!U23-1,Summary!T23-1)),""),IFERROR(IF(OR($S23="No Rate",$S23="",$S23=" ",$S23="")," ",OFFSET('FASB Data'!$B$15,Summary!U23-1,Summary!T23-1)),"")) | AA23: =IF(O23<>"",IF(WhichRate="FASB RFR",0,IF(OR(WhichRate="GASB IBR",WhichRate="FASB IBR"),IF(OR($S23="No Rate",$S23="",$S23=" "),"",OFFSET('Market Data'!$B$53,Summary!X23,Summary!W23-1)),IF(WhichRate="Custom",IF(OR($S23="No Rate",$S23="",$S23=" "),"",OFFSET('Custom Data'!$B$53,Summary!X23,Summary!W23-1)),""))),"") | AB23: =IF(OR($S23="No Rate",$S23="")," ",IF($R23="","",IF(Summary!$R23="Taxable",IF(Summary!$Y23>0,(Summary!$Z23+Summary!$AA23)*(1+TaxExemptRateAdjustment)),IF(Summary!$Y23>0,Summary!$Z23+Summary!$AA23)))) | AC23: =IF(Q23>0,IF(Q23-P23<365,"Possible Short Term Lease",""),"")
N24: =N23+1 -> 12 | S24: {=IF(ISBLANK(P24)," ",IF(OR(WhichRate="GASB IBR",WhichRate="FASB IBR",WhichRate="Custom"),IF(ISBLANK(P24),IFERROR(HLOOKUP(P24,'Market Data'!$C$13:$BA$13,1)," "),IFERROR(HLOOKUP(P24,'Market Data'!$C$13:$BA$13,1),"No Rate")),_xlfn.XLOOKUP(TEXT(P24,"mm-yyyy"),TEXT('FASB Data'!$D$13:$BC$13,"mm-yyyy"),'FASB Data'!$D$13:$BC$13,,0)))} | T24: =IF(OR(S24="No Rate",S24="",S24=" "),"",IF(OR(WhichRate="GASB IBR",WhichRate="FASB IBR",WhichRate="Custom"),SUMIF('Market Data'!$C$13:$BI$13,Summary!S24,'Market Data'!$C$14:$BI$14),SUMIF('FASB Data'!$C$13:$BU$13,Summary!S24,'FASB Data'!$C$14:$BU$14))) | U24: =IFERROR(VLOOKUP($Y24,'Market Data'!$B$15:$C$47,2,TRUE)+1,"") | V24: =IF(OR(S24="No Rate",S24="",S24=" "),"",IF(WhichRate="FASB RFR","N/A",IF(Y24<=0.25,RatingCategory&"-0.25",IF(Y24<1,RatingCategory&"-0.5",RatingCategory&"-"&ROUND(Y24,3))))) | W24: =IF(OR(S24="No Rate",S24="",S24=" ",S24=""),"",IF(WhichRate="FASB RFR","N/A",SUMIF('Market Data'!$C$51:$BI$51,Summary!S24,'Market Data'!$C$52:$BI$52))) | X24: =IF(ISBLANK(P24)," ",IF(WhichRate="FASB RFR","N/A",IFERROR(VLOOKUP($V24,'Market Data'!$C$53:$D$213,2,FALSE),""))) | Y24: =IF(ISBLANK(P24)," ",IF(DAYS360(P24,Q24,0)>10800,30,ROUND(IF(DAYS360(Summary!$P24,Summary!$Q24)/360>=1,ROUND(DAYS360(Summary!$P24,Summary!$Q24)/360,0),DAYS360(Summary!$P24,Summary!$Q24)/360),2))) | Z24: =IF(OR(WhichRate="GASB IBR",WhichRate="FASB IBR",WhichRate="Custom"),IFERROR(IF(OR($S24="No Rate",$S24="",$S24=" ",$S24="")," ",OFFSET('Market Data'!$B$15,Summary!U24-1,Summary!T24-1)),""),IFERROR(IF(OR($S24="No Rate",$S24="",$S24=" ",$S24="")," ",OFFSET('FASB Data'!$B$15,Summary!U24-1,Summary!T24-1)),"")) | AA24: =IF(O24<>"",IF(WhichRate="FASB RFR",0,IF(OR(WhichRate="GASB IBR",WhichRate="FASB IBR"),IF(OR($S24="No Rate",$S24="",$S24=" "),"",OFFSET('Market Data'!$B$53,Summary!X24,Summary!W24-1)),IF(WhichRate="Custom",IF(OR($S24="No Rate",$S24="",$S24=" "),"",OFFSET('Custom Data'!$B$53,Summary!X24,Summary!W24-1)),""))),"") | AB24: =IF(OR($S24="No Rate",$S24="")," ",IF($R24="","",IF(Summary!$R24="Taxable",IF(Summary!$Y24>0,(Summary!$Z24+Summary!$AA24)*(1+TaxExemptRateAdjustment)),IF(Summary!$Y24>0,Summary!$Z24+Summary!$AA24)))) | AC24: =IF(Q24>0,IF(Q24-P24<365,"Possible Short Term Lease",""),"")
N25: =N24+1 -> 13 | S25: {=IF(ISBLANK(P25)," ",IF(OR(WhichRate="GASB IBR",WhichRate="FASB IBR",WhichRate="Custom"),IF(ISBLANK(P25),IFERROR(HLOOKUP(P25,'Market Data'!$C$13:$BA$13,1)," "),IFERROR(HLOOKUP(P25,'Market Data'!$C$13:$BA$13,1),"No Rate")),_xlfn.XLOOKUP(TEXT(P25,"mm-yyyy"),TEXT('FASB Data'!$D$13:$BC$13,"mm-yyyy"),'FASB Data'!$D$13:$BC$13,,0)))} | T25: =IF(OR(S25="No Rate",S25="",S25=" "),"",IF(OR(WhichRate="GASB IBR",WhichRate="FASB IBR",WhichRate="Custom"),SUMIF('Market Data'!$C$13:$BI$13,Summary!S25,'Market Data'!$C$14:$BI$14),SUMIF('FASB Data'!$C$13:$BU$13,Summary!S25,'FASB Data'!$C$14:$BU$14))) | U25: =IFERROR(VLOOKUP($Y25,'Market Data'!$B$15:$C$47,2,TRUE)+1,"") | V25: =IF(OR(S25="No Rate",S25="",S25=" "),"",IF(WhichRate="FASB RFR","N/A",IF(Y25<=0.25,RatingCategory&"-0.25",IF(Y25<1,RatingCategory&"-0.5",RatingCategory&"-"&ROUND(Y25,3))))) | W25: =IF(OR(S25="No Rate",S25="",S25=" ",S25=""),"",IF(WhichRate="FASB RFR","N/A",SUMIF('Market Data'!$C$51:$BI$51,Summary!S25,'Market Data'!$C$52:$BI$52))) | X25: =IF(ISBLANK(P25)," ",IF(WhichRate="FASB RFR","N/A",IFERROR(VLOOKUP($V25,'Market Data'!$C$53:$D$213,2,FALSE),""))) | Y25: =IF(ISBLANK(P25)," ",IF(DAYS360(P25,Q25,0)>10800,30,ROUND(IF(DAYS360(Summary!$P25,Summary!$Q25)/360>=1,ROUND(DAYS360(Summary!$P25,Summary!$Q25)/360,0),DAYS360(Summary!$P25,Summary!$Q25)/360),2))) | Z25: =IF(OR(WhichRate="GASB IBR",WhichRate="FASB IBR",WhichRate="Custom"),IFERROR(IF(OR($S25="No Rate",$S25="",$S25=" ",$S25="")," ",OFFSET('Market Data'!$B$15,Summary!U25-1,Summary!T25-1)),""),IFERROR(IF(OR($S25="No Rate",$S25="",$S25=" ",$S25="")," ",OFFSET('FASB Data'!$B$15,Summary!U25-1,Summary!T25-1)),"")) | AA25: =IF(O25<>"",IF(WhichRate="FASB RFR",0,IF(OR(WhichRate="GASB IBR",WhichRate="FASB IBR"),IF(OR($S25="No Rate",$S25="",$S25=" "),"",OFFSET('Market Data'!$B$53,Summary!X25,Summary!W25-1)),IF(WhichRate="Custom",IF(OR($S25="No Rate",$S25="",$S25=" "),"",OFFSET('Custom Data'!$B$53,Summary!X25,Summary!W25-1)),""))),"") | AB25: =IF(OR($S25="No Rate",$S25="")," ",IF($R25="","",IF(Summary!$R25="Taxable",IF(Summary!$Y25>0,(Summary!$Z25+Summary!$AA25)*(1+TaxExemptRateAdjustment)),IF(Summary!$Y25>0,Summary!$Z25+Summary!$AA25)))) | AC25: =IF(Q25>0,IF(Q25-P25<365,"Possible Short Term Lease",""),"")
N26: =N25+1 -> 14 | S26: {=IF(ISBLANK(P26)," ",IF(OR(WhichRate="GASB IBR",WhichRate="FASB IBR",WhichRate="Custom"),IF(ISBLANK(P26),IFERROR(HLOOKUP(P26,'Market Data'!$C$13:$BA$13,1)," "),IFERROR(HLOOKUP(P26,'Market Data'!$C$13:$BA$13,1),"No Rate")),_xlfn.XLOOKUP(TEXT(P26,"mm-yyyy"),TEXT('FASB Data'!$D$13:$BC$13,"mm-yyyy"),'FASB Data'!$D$13:$BC$13,,0)))} | T26: =IF(OR(S26="No Rate",S26="",S26=" "),"",IF(OR(WhichRate="GASB IBR",WhichRate="FASB IBR",WhichRate="Custom"),SUMIF('Market Data'!$C$13:$BI$13,Summary!S26,'Market Data'!$C$14:$BI$14),SUMIF('FASB Data'!$C$13:$BU$13,Summary!S26,'FASB Data'!$C$14:$BU$14))) | U26: =IFERROR(VLOOKUP($Y26,'Market Data'!$B$15:$C$47,2,TRUE)+1,"") | V26: =IF(OR(S26="No Rate",S26="",S26=" "),"",IF(WhichRate="FASB RFR","N/A",IF(Y26<=0.25,RatingCategory&"-0.25",IF(Y26<1,RatingCategory&"-0.5",RatingCategory&"-"&ROUND(Y26,3))))) | W26: =IF(OR(S26="No Rate",S26="",S26=" ",S26=""),"",IF(WhichRate="FASB RFR","N/A",SUMIF('Market Data'!$C$51:$BI$51,Summary!S26,'Market Data'!$C$52:$BI$52))) | X26: =IF(ISBLANK(P26)," ",IF(WhichRate="FASB RFR","N/A",IFERROR(VLOOKUP($V26,'Market Data'!$C$53:$D$213,2,FALSE),""))) | Y26: =IF(ISBLANK(P26)," ",IF(DAYS360(P26,Q26,0)>10800,30,ROUND(IF(DAYS360(Summary!$P26,Summary!$Q26)/360>=1,ROUND(DAYS360(Summary!$P26,Summary!$Q26)/360,0),DAYS360(Summary!$P26,Summary!$Q26)/360),2))) | Z26: =IF(OR(WhichRate="GASB IBR",WhichRate="FASB IBR",WhichRate="Custom"),IFERROR(IF(OR($S26="No Rate",$S26="",$S26=" ",$S26="")," ",OFFSET('Market Data'!$B$15,Summary!U26-1,Summary!T26-1)),""),IFERROR(IF(OR($S26="No Rate",$S26="",$S26=" ",$S26="")," ",OFFSET('FASB Data'!$B$15,Summary!U26-1,Summary!T26-1)),"")) | AA26: =IF(O26<>"",IF(WhichRate="FASB RFR",0,IF(OR(WhichRate="GASB IBR",WhichRate="FASB IBR"),IF(OR($S26="No Rate",$S26="",$S26=" "),"",OFFSET('Market Data'!$B$53,Summary!X26,Summary!W26-1)),IF(WhichRate="Custom",IF(OR($S26="No Rate",$S26="",$S26=" "),"",OFFSET('Custom Data'!$B$53,Summary!X26,Summary!W26-1)),""))),"") | AB26: =IF(OR($S26="No Rate",$S26="")," ",IF($R26="","",IF(Summary!$R26="Taxable",IF(Summary!$Y26>0,(Summary!$Z26+Summary!$AA26)*(1+TaxExemptRateAdjustment)),IF(Summary!$Y26>0,Summary!$Z26+Summary!$AA26))))
N27: =N26+1 -> 15 | S27: {=IF(ISBLANK(P27)," ",IF(OR(WhichRate="GASB IBR",WhichRate="FASB IBR",WhichRate="Custom"),IF(ISBLANK(P27),IFERROR(HLOOKUP(P27,'Market Data'!$C$13:$BA$13,1)," "),IFERROR(HLOOKUP(P27,'Market Data'!$C$13:$BA$13,1),"No Rate")),_xlfn.XLOOKUP(TEXT(P27,"mm-yyyy"),TEXT('FASB Data'!$D$13:$BC$13,"mm-yyyy"),'FASB Data'!$D$13:$BC$13,,0)))} | T27: =IF(OR(S27="No Rate",S27="",S27=" "),"",IF(OR(WhichRate="GASB IBR",WhichRate="FASB IBR",WhichRate="Custom"),SUMIF('Market Data'!$C$13:$BI$13,Summary!S27,'Market Data'!$C$14:$BI$14),SUMIF('FASB Data'!$C$13:$BU$13,Summary!S27,'FASB Data'!$C$14:$BU$14))) | U27: =IFERROR(VLOOKUP($Y27,'Market Data'!$B$15:$C$47,2,TRUE)+1,"") | V27: =IF(OR(S27="No Rate",S27="",S27=" "),"",IF(WhichRate="FASB RFR","N/A",IF(Y27<=0.25,RatingCategory&"-0.25",IF(Y27<1,RatingCategory&"-0.5",RatingCategory&"-"&ROUND(Y27,3))))) | W27: =IF(OR(S27="No Rate",S27="",S27=" ",S27=""),"",IF(WhichRate="FASB RFR","N/A",SUMIF('Market Data'!$C$51:$BI$51,Summary!S27,'Market Data'!$C$52:$BI$52))) | X27: =IF(ISBLANK(P27)," ",IF(WhichRate="FASB RFR","N/A",IFERROR(VLOOKUP($V27,'Market Data'!$C$53:$D$213,2,FALSE),""))) | Y27: =IF(ISBLANK(P27)," ",IF(DAYS360(P27,Q27,0)>10800,30,ROUND(IF(DAYS360(Summary!$P27,Summary!$Q27)/360>=1,ROUND(DAYS360(Summary!$P27,Summary!$Q27)/360,0),DAYS360(Summary!$P27,Summary!$Q27)/360),2))) | Z27: =IF(OR(WhichRate="GASB IBR",WhichRate="FASB IBR",WhichRate="Custom"),IFERROR(IF(OR($S27="No Rate",$S27="",$S27=" ",$S27="")," ",OFFSET('Market Data'!$B$15,Summary!U27-1,Summary!T27-1)),""),IFERROR(IF(OR($S27="No Rate",$S27="",$S27=" ",$S27="")," ",OFFSET('FASB Data'!$B$15,Summary!U27-1,Summary!T27-1)),"")) | AA27: =IF(O27<>"",IF(WhichRate="FASB RFR",0,IF(OR(WhichRate="GASB IBR",WhichRate="FASB IBR"),IF(OR($S27="No Rate",$S27="",$S27=" "),"",OFFSET('Market Data'!$B$53,Summary!X27,Summary!W27-1)),IF(WhichRate="Custom",IF(OR($S27="No Rate",$S27="",$S27=" "),"",OFFSET('Custom Data'!$B$53,Summary!X27,Summary!W27-1)),""))),"") | AB27: =IF(OR($S27="No Rate",$S27="")," ",IF($R27="","",IF(Summary!$R27="Taxable",IF(Summary!$Y27>0,(Summary!$Z27+Summary!$AA27)*(1+TaxExemptRateAdjustment)),IF(Summary!$Y27>0,Summary!$Z27+Summary!$AA27)))) | AC27: =IF(Q27>0,IF(Q27-P27<365,"Possible Short Term Lease",""),"")
N28: =N27+1 -> 16 | S28: {=IF(ISBLANK(P28)," ",IF(OR(WhichRate="GASB IBR",WhichRate="FASB IBR",WhichRate="Custom"),IF(ISBLANK(P28),IFERROR(HLOOKUP(P28,'Market Data'!$C$13:$BA$13,1)," "),IFERROR(HLOOKUP(P28,'Market Data'!$C$13:$BA$13,1),"No Rate")),_xlfn.XLOOKUP(TEXT(P28,"mm-yyyy"),TEXT('FASB Data'!$D$13:$BC$13,"mm-yyyy"),'FASB Data'!$D$13:$BC$13,,0)))} | T28: =IF(OR(S28="No Rate",S28="",S28=" "),"",IF(OR(WhichRate="GASB IBR",WhichRate="FASB IBR",WhichRate="Custom"),SUMIF('Market Data'!$C$13:$BI$13,Summary!S28,'Market Data'!$C$14:$BI$14),SUMIF('FASB Data'!$C$13:$BU$13,Summary!S28,'FASB Data'!$C$14:$BU$14))) | U28: =IFERROR(VLOOKUP($Y28,'Market Data'!$B$15:$C$47,2,TRUE)+1,"") | V28: =IF(OR(S28="No Rate",S28="",S28=" "),"",IF(WhichRate="FASB RFR","N/A",IF(Y28<=0.25,RatingCategory&"-0.25",IF(Y28<1,RatingCategory&"-0.5",RatingCategory&"-"&ROUND(Y28,3))))) | W28: =IF(OR(S28="No Rate",S28="",S28=" ",S28=""),"",IF(WhichRate="FASB RFR","N/A",SUMIF('Market Data'!$C$51:$BI$51,Summary!S28,'Market Data'!$C$52:$BI$52))) | X28: =IF(ISBLANK(P28)," ",IF(WhichRate="FASB RFR","N/A",IFERROR(VLOOKUP($V28,'Market Data'!$C$53:$D$213,2,FALSE),""))) | Y28: =IF(ISBLANK(P28)," ",IF(DAYS360(P28,Q28,0)>10800,30,ROUND(IF(DAYS360(Summary!$P28,Summary!$Q28)/360>=1,ROUND(DAYS360(Summary!$P28,Summary!$Q28)/360,0),DAYS360(Summary!$P28,Summary!$Q28)/360),2))) | Z28: =IF(OR(WhichRate="GASB IBR",WhichRate="FASB IBR",WhichRate="Custom"),IFERROR(IF(OR($S28="No Rate",$S28="",$S28=" ",$S28="")," ",OFFSET('Market Data'!$B$15,Summary!U28-1,Summary!T28-1)),""),IFERROR(IF(OR($S28="No Rate",$S28="",$S28=" ",$S28="")," ",OFFSET('FASB Data'!$B$15,Summary!U28-1,Summary!T28-1)),"")) | AA28: =IF(O28<>"",IF(WhichRate="FASB RFR",0,IF(OR(WhichRate="GASB IBR",WhichRate="FASB IBR"),IF(OR($S28="No Rate",$S28="",$S28=" "),"",OFFSET('Market Data'!$B$53,Summary!X28,Summary!W28-1)),IF(WhichRate="Custom",IF(OR($S28="No Rate",$S28="",$S28=" "),"",OFFSET('Custom Data'!$B$53,Summary!X28,Summary!W28-1)),""))),"") | AB28: =IF(OR($S28="No Rate",$S28="")," ",IF($R28="","",IF(Summary!$R28="Taxable",IF(Summary!$Y28>0,(Summary!$Z28+Summary!$AA28)*(1+TaxExemptRateAdjustment)),IF(Summary!$Y28>0,Summary!$Z28+Summary!$AA28)))) | AC28: =IF(Q28>0,IF(Q28-P28<365,"Possible Short Term Lease",""),"")
N29: =N28+1 -> 17 | S29: {=IF(ISBLANK(P29)," ",IF(OR(WhichRate="GASB IBR",WhichRate="FASB IBR",WhichRate="Custom"),IF(ISBLANK(P29),IFERROR(HLOOKUP(P29,'Market Data'!$C$13:$BA$13,1)," "),IFERROR(HLOOKUP(P29,'Market Data'!$C$13:$BA$13,1),"No Rate")),_xlfn.XLOOKUP(TEXT(P29,"mm-yyyy"),TEXT('FASB Data'!$D$13:$BC$13,"mm-yyyy"),'FASB Data'!$D$13:$BC$13,,0)))} | T29: =IF(OR(S29="No Rate",S29="",S29=" "),"",IF(OR(WhichRate="GASB IBR",WhichRate="FASB IBR",WhichRate="Custom"),SUMIF('Market Data'!$C$13:$BI$13,Summary!S29,'Market Data'!$C$14:$BI$14),SUMIF('FASB Data'!$C$13:$BU$13,Summary!S29,'FASB Data'!$C$14:$BU$14))) | U29: =IFERROR(VLOOKUP($Y29,'Market Data'!$B$15:$C$47,2,TRUE)+1,"") | V29: =IF(OR(S29="No Rate",S29="",S29=" "),"",IF(WhichRate="FASB RFR","N/A",IF(Y29<=0.25,RatingCategory&"-0.25",IF(Y29<1,RatingCategory&"-0.5",RatingCategory&"-"&ROUND(Y29,3))))) | W29: =IF(OR(S29="No Rate",S29="",S29=" ",S29=""),"",IF(WhichRate="FASB RFR","N/A",SUMIF('Market Data'!$C$51:$BI$51,Summary!S29,'Market Data'!$C$52:$BI$52))) | X29: =IF(ISBLANK(P29)," ",IF(WhichRate="FASB RFR","N/A",IFERROR(VLOOKUP($V29,'Market Data'!$C$53:$D$213,2,FALSE),""))) | Y29: =IF(ISBLANK(P29)," ",IF(DAYS360(P29,Q29,0)>10800,30,ROUND(IF(DAYS360(Summary!$P29,Summary!$Q29)/360>=1,ROUND(DAYS360(Summary!$P29,Summary!$Q29)/360,0),DAYS360(Summary!$P29,Summary!$Q29)/360),2))) | Z29: =IF(OR(WhichRate="GASB IBR",WhichRate="FASB IBR",WhichRate="Custom"),IFERROR(IF(OR($S29="No Rate",$S29="",$S29=" ",$S29="")," ",OFFSET('Market Data'!$B$15,Summary!U29-1,Summary!T29-1)),""),IFERROR(IF(OR($S29="No Rate",$S29="",$S29=" ",$S29="")," ",OFFSET('FASB Data'!$B$15,Summary!U29-1,Summary!T29-1)),"")) | AA29: =IF(O29<>"",IF(WhichRate="FASB RFR",0,IF(OR(WhichRate="GASB IBR",WhichRate="FASB IBR"),IF(OR($S29="No Rate",$S29="",$S29=" "),"",OFFSET('Market Data'!$B$53,Summary!X29,Summary!W29-1)),IF(WhichRate="Custom",IF(OR($S29="No Rate",$S29="",$S29=" "),"",OFFSET('Custom Data'!$B$53,Summary!X29,Summary!W29-1)),""))),"") | AB29: =IF(OR($S29="No Rate",$S29="")," ",IF($R29="","",IF(Summary!$R29="Taxable",IF(Summary!$Y29>0,(Summary!$Z29+Summary!$AA29)*(1+TaxExemptRateAdjustment)),IF(Summary!$Y29>0,Summary!$Z29+Summary!$AA29)))) | AC29: =IF(Q29>0,IF(Q29-P29<365,"Possible Short Term Lease",""),"")
N30: =N29+1 -> 18 | S30: {=IF(ISBLANK(P30)," ",IF(OR(WhichRate="GASB IBR",WhichRate="FASB IBR",WhichRate="Custom"),IF(ISBLANK(P30),IFERROR(HLOOKUP(P30,'Market Data'!$C$13:$BA$13,1)," "),IFERROR(HLOOKUP(P30,'Market Data'!$C$13:$BA$13,1),"No Rate")),_xlfn.XLOOKUP(TEXT(P30,"mm-yyyy"),TEXT('FASB Data'!$D$13:$BC$13,"mm-yyyy"),'FASB Data'!$D$13:$BC$13,,0)))} | T30: =IF(OR(S30="No Rate",S30="",S30=" "),"",IF(OR(WhichRate="GASB IBR",WhichRate="FASB IBR",WhichRate="Custom"),SUMIF('Market Data'!$C$13:$BI$13,Summary!S30,'Market Data'!$C$14:$BI$14),SUMIF('FASB Data'!$C$13:$BU$13,Summary!S30,'FASB Data'!$C$14:$BU$14))) | U30: =IFERROR(VLOOKUP($Y30,'Market Data'!$B$15:$C$47,2,TRUE)+1,"") | V30: =IF(OR(S30="No Rate",S30="",S30=" "),"",IF(WhichRate="FASB RFR","N/A",IF(Y30<=0.25,RatingCategory&"-0.25",IF(Y30<1,RatingCategory&"-0.5",RatingCategory&"-"&ROUND(Y30,3))))) | W30: =IF(OR(S30="No Rate",S30="",S30=" ",S30=""),"",IF(WhichRate="FASB RFR","N/A",SUMIF('Market Data'!$C$51:$BI$51,Summary!S30,'Market Data'!$C$52:$BI$52))) | X30: =IF(ISBLANK(P30)," ",IF(WhichRate="FASB RFR","N/A",IFERROR(VLOOKUP($V30,'Market Data'!$C$53:$D$213,2,FALSE),""))) | Y30: =IF(ISBLANK(P30)," ",IF(DAYS360(P30,Q30,0)>10800,30,ROUND(IF(DAYS360(Summary!$P30,Summary!$Q30)/360>=1,ROUND(DAYS360(Summary!$P30,Summary!$Q30)/360,0),DAYS360(Summary!$P30,Summary!$Q30)/360),2))) | Z30: =IF(OR(WhichRate="GASB IBR",WhichRate="FASB IBR",WhichRate="Custom"),IFERROR(IF(OR($S30="No Rate",$S30="",$S30=" ",$S30="")," ",OFFSET('Market Data'!$B$15,Summary!U30-1,Summary!T30-1)),""),IFERROR(IF(OR($S30="No Rate",$S30="",$S30=" ",$S30="")," ",OFFSET('FASB Data'!$B$15,Summary!U30-1,Summary!T30-1)),"")) | AA30: =IF(O30<>"",IF(WhichRate="FASB RFR",0,IF(OR(WhichRate="GASB IBR",WhichRate="FASB IBR"),IF(OR($S30="No Rate",$S30="",$S30=" "),"",OFFSET('Market Data'!$B$53,Summary!X30,Summary!W30-1)),IF(WhichRate="Custom",IF(OR($S30="No Rate",$S30="",$S30=" "),"",OFFSET('Custom Data'!$B$53,Summary!X30,Summary!W30-1)),""))),"") | AB30: =IF(OR($S30="No Rate",$S30="")," ",IF($R30="","",IF(Summary!$R30="Taxable",IF(Summary!$Y30>0,(Summary!$Z30+Summary!$AA30)*(1+TaxExemptRateAdjustment)),IF(Summary!$Y30>0,Summary!$Z30+Summary!$AA30)))) | AC30: =IF(Q30>0,IF(Q30-P30<365,"Possible Short Term Lease",""),"")
N31: =N30+1 -> 19 | S31: {=IF(ISBLANK(P31)," ",IF(OR(WhichRate="GASB IBR",WhichRate="FASB IBR",WhichRate="Custom"),IF(ISBLANK(P31),IFERROR(HLOOKUP(P31,'Market Data'!$C$13:$BA$13,1)," "),IFERROR(HLOOKUP(P31,'Market Data'!$C$13:$BA$13,1),"No Rate")),_xlfn.XLOOKUP(TEXT(P31,"mm-yyyy"),TEXT('FASB Data'!$D$13:$BC$13,"mm-yyyy"),'FASB Data'!$D$13:$BC$13,,0)))} | T31: =IF(OR(S31="No Rate",S31="",S31=" "),"",IF(OR(WhichRate="GASB IBR",WhichRate="FASB IBR",WhichRate="Custom"),SUMIF('Market Data'!$C$13:$BI$13,Summary!S31,'Market Data'!$C$14:$BI$14),SUMIF('FASB Data'!$C$13:$BU$13,Summary!S31,'FASB Data'!$C$14:$BU$14))) | U31: =IFERROR(VLOOKUP($Y31,'Market Data'!$B$15:$C$47,2,TRUE)+1,"") | V31: =IF(OR(S31="No Rate",S31="",S31=" "),"",IF(WhichRate="FASB RFR","N/A",IF(Y31<=0.25,RatingCategory&"-0.25",IF(Y31<1,RatingCategory&"-0.5",RatingCategory&"-"&ROUND(Y31,3))))) | W31: =IF(OR(S31="No Rate",S31="",S31=" ",S31=""),"",IF(WhichRate="FASB RFR","N/A",SUMIF('Market Data'!$C$51:$BI$51,Summary!S31,'Market Data'!$C$52:$BI$52))) | X31: =IF(ISBLANK(P31)," ",IF(WhichRate="FASB RFR","N/A",IFERROR(VLOOKUP($V31,'Market Data'!$C$53:$D$213,2,FALSE),""))) | Y31: =IF(ISBLANK(P31)," ",IF(DAYS360(P31,Q31,0)>10800,30,ROUND(IF(DAYS360(Summary!$P31,Summary!$Q31)/360>=1,ROUND(DAYS360(Summary!$P31,Summary!$Q31)/360,0),DAYS360(Summary!$P31,Summary!$Q31)/360),2))) | Z31: =IF(OR(WhichRate="GASB IBR",WhichRate="FASB IBR",WhichRate="Custom"),IFERROR(IF(OR($S31="No Rate",$S31="",$S31=" ",$S31="")," ",OFFSET('Market Data'!$B$15,Summary!U31-1,Summary!T31-1)),""),IFERROR(IF(OR($S31="No Rate",$S31="",$S31=" ",$S31="")," ",OFFSET('FASB Data'!$B$15,Summary!U31-1,Summary!T31-1)),"")) | AA31: =IF(O31<>"",IF(WhichRate="FASB RFR",0,IF(OR(WhichRate="GASB IBR",WhichRate="FASB IBR"),IF(OR($S31="No Rate",$S31="",$S31=" "),"",OFFSET('Market Data'!$B$53,Summary!X31,Summary!W31-1)),IF(WhichRate="Custom",IF(OR($S31="No Rate",$S31="",$S31=" "),"",OFFSET('Custom Data'!$B$53,Summary!X31,Summary!W31-1)),""))),"") | AB31: =IF(OR($S31="No Rate",$S31="")," ",IF($R31="","",IF(Summary!$R31="Taxable",IF(Summary!$Y31>0,(Summary!$Z31+Summary!$AA31)*(1+TaxExemptRateAdjustment)),IF(Summary!$Y31>0,Summary!$Z31+Summary!$AA31)))) | AC31: =IF(Q31>0,IF(Q31-P31<365,"Possible Short Term Lease",""),"")
N32: =N31+1 -> 20 | S32: {=IF(ISBLANK(P32)," ",IF(OR(WhichRate="GASB IBR",WhichRate="FASB IBR",WhichRate="Custom"),IF(ISBLANK(P32),IFERROR(HLOOKUP(P32,'Market Data'!$C$13:$BA$13,1)," "),IFERROR(HLOOKUP(P32,'Market Data'!$C$13:$BA$13,1),"No Rate")),_xlfn.XLOOKUP(TEXT(P32,"mm-yyyy"),TEXT('FASB Data'!$D$13:$BC$13,"mm-yyyy"),'FASB Data'!$D$13:$BC$13,,0)))} | T32: =IF(OR(S32="No Rate",S32="",S32=" "),"",IF(OR(WhichRate="GASB IBR",WhichRate="FASB IBR",WhichRate="Custom"),SUMIF('Market Data'!$C$13:$BI$13,Summary!S32,'Market Data'!$C$14:$BI$14),SUMIF('FASB Data'!$C$13:$BU$13,Summary!S32,'FASB Data'!$C$14:$BU$14))) | U32: =IFERROR(VLOOKUP($Y32,'Market Data'!$B$15:$C$47,2,TRUE)+1,"") | V32: =IF(OR(S32="No Rate",S32="",S32=" "),"",IF(WhichRate="FASB RFR","N/A",IF(Y32<=0.25,RatingCategory&"-0.25",IF(Y32<1,RatingCategory&"-0.5",RatingCategory&"-"&ROUND(Y32,3))))) | W32: =IF(OR(S32="No Rate",S32="",S32=" ",S32=""),"",IF(WhichRate="FASB RFR","N/A",SUMIF('Market Data'!$C$51:$BI$51,Summary!S32,'Market Data'!$C$52:$BI$52))) | X32: =IF(ISBLANK(P32)," ",IF(WhichRate="FASB RFR","N/A",IFERROR(VLOOKUP($V32,'Market Data'!$C$53:$D$213,2,FALSE),""))) | Y32: =IF(ISBLANK(P32)," ",IF(DAYS360(P32,Q32,0)>10800,30,ROUND(IF(DAYS360(Summary!$P32,Summary!$Q32)/360>=1,ROUND(DAYS360(Summary!$P32,Summary!$Q32)/360,0),DAYS360(Summary!$P32,Summary!$Q32)/360),2))) | Z32: =IF(OR(WhichRate="GASB IBR",WhichRate="FASB IBR",WhichRate="Custom"),IFERROR(IF(OR($S32="No Rate",$S32="",$S32=" ",$S32="")," ",OFFSET('Market Data'!$B$15,Summary!U32-1,Summary!T32-1)),""),IFERROR(IF(OR($S32="No Rate",$S32="",$S32=" ",$S32="")," ",OFFSET('FASB Data'!$B$15,Summary!U32-1,Summary!T32-1)),"")) | AA32: =IF(O32<>"",IF(WhichRate="FASB RFR",0,IF(OR(WhichRate="GASB IBR",WhichRate="FASB IBR"),IF(OR($S32="No Rate",$S32="",$S32=" "),"",OFFSET('Market Data'!$B$53,Summary!X32,Summary!W32-1)),IF(WhichRate="Custom",IF(OR($S32="No Rate",$S32="",$S32=" "),"",OFFSET('Custom Data'!$B$53,Summary!X32,Summary!W32-1)),""))),"") | AB32: =IF(OR($S32="No Rate",$S32="")," ",IF($R32="","",IF(Summary!$R32="Taxable",IF(Summary!$Y32>0,(Summary!$Z32+Summary!$AA32)*(1+TaxExemptRateAdjustment)),IF(Summary!$Y32>0,Summary!$Z32+Summary!$AA32)))) | AC32: =IF(Q32>0,IF(Q32-P32<365,"Possible Short Term Lease",""),"")
N33: =N32+1 -> 21 | S33: {=IF(ISBLANK(P33)," ",IF(OR(WhichRate="GASB IBR",WhichRate="FASB IBR",WhichRate="Custom"),IF(ISBLANK(P33),IFERROR(HLOOKUP(P33,'Market Data'!$C$13:$BA$13,1)," "),IFERROR(HLOOKUP(P33,'Market Data'!$C$13:$BA$13,1),"No Rate")),_xlfn.XLOOKUP(TEXT(P33,"mm-yyyy"),TEXT('FASB Data'!$D$13:$BC$13,"mm-yyyy"),'FASB Data'!$D$13:$BC$13,,0)))} | T33: =IF(OR(S33="No Rate",S33="",S33=" "),"",IF(OR(WhichRate="GASB IBR",WhichRate="FASB IBR",WhichRate="Custom"),SUMIF('Market Data'!$C$13:$BI$13,Summary!S33,'Market Data'!$C$14:$BI$14),SUMIF('FASB Data'!$C$13:$BU$13,Summary!S33,'FASB Data'!$C$14:$BU$14))) | U33: =IFERROR(VLOOKUP($Y33,'Market Data'!$B$15:$C$47,2,TRUE)+1,"") | V33: =IF(OR(S33="No Rate",S33="",S33=" "),"",IF(WhichRate="FASB RFR","N/A",IF(Y33<=0.25,RatingCategory&"-0.25",IF(Y33<1,RatingCategory&"-0.5",RatingCategory&"-"&ROUND(Y33,3))))) | W33: =IF(OR(S33="No Rate",S33="",S33=" ",S33=""),"",IF(WhichRate="FASB RFR","N/A",SUMIF('Market Data'!$C$51:$BI$51,Summary!S33,'Market Data'!$C$52:$BI$52))) | X33: =IF(ISBLANK(P33)," ",IF(WhichRate="FASB RFR","N/A",IFERROR(VLOOKUP($V33,'Market Data'!$C$53:$D$213,2,FALSE),""))) | Y33: =IF(ISBLANK(P33)," ",IF(DAYS360(P33,Q33,0)>10800,30,ROUND(IF(DAYS360(Summary!$P33,Summary!$Q33)/360>=1,ROUND(DAYS360(Summary!$P33,Summary!$Q33)/360,0),DAYS360(Summary!$P33,Summary!$Q33)/360),2))) | Z33: =IF(OR(WhichRate="GASB IBR",WhichRate="FASB IBR",WhichRate="Custom"),IFERROR(IF(OR($S33="No Rate",$S33="",$S33=" ",$S33="")," ",OFFSET('Market Data'!$B$15,Summary!U33-1,Summary!T33-1)),""),IFERROR(IF(OR($S33="No Rate",$S33="",$S33=" ",$S33="")," ",OFFSET('FASB Data'!$B$15,Summary!U33-1,Summary!T33-1)),"")) | AA33: =IF(O33<>"",IF(WhichRate="FASB RFR",0,IF(OR(WhichRate="GASB IBR",WhichRate="FASB IBR"),IF(OR($S33="No Rate",$S33="",$S33=" "),"",OFFSET('Market Data'!$B$53,Summary!X33,Summary!W33-1)),IF(WhichRate="Custom",IF(OR($S33="No Rate",$S33="",$S33=" "),"",OFFSET('Custom Data'!$B$53,Summary!X33,Summary!W33-1)),""))),"") | AB33: =IF(OR($S33="No Rate",$S33="")," ",IF($R33="","",IF(Summary!$R33="Taxable",IF(Summary!$Y33>0,(Summary!$Z33+Summary!$AA33)*(1+TaxExemptRateAdjustment)),IF(Summary!$Y33>0,Summary!$Z33+Summary!$AA33)))) | AC33: =IF(Q33>0,IF(Q33-P33<365,"Possible Short Term Lease",""),"")
N34: =N33+1 -> 22 | S34: {=IF(ISBLANK(P34)," ",IF(OR(WhichRate="GASB IBR",WhichRate="FASB IBR",WhichRate="Custom"),IF(ISBLANK(P34),IFERROR(HLOOKUP(P34,'Market Data'!$C$13:$BA$13,1)," "),IFERROR(HLOOKUP(P34,'Market Data'!$C$13:$BA$13,1),"No Rate")),_xlfn.XLOOKUP(TEXT(P34,"mm-yyyy"),TEXT('FASB Data'!$D$13:$BC$13,"mm-yyyy"),'FASB Data'!$D$13:$BC$13,,0)))} | T34: =IF(OR(S34="No Rate",S34="",S34=" "),"",IF(OR(WhichRate="GASB IBR",WhichRate="FASB IBR",WhichRate="Custom"),SUMIF('Market Data'!$C$13:$BI$13,Summary!S34,'Market Data'!$C$14:$BI$14),SUMIF('FASB Data'!$C$13:$BU$13,Summary!S34,'FASB Data'!$C$14:$BU$14))) | U34: =IFERROR(VLOOKUP($Y34,'Market Data'!$B$15:$C$47,2,TRUE)+1,"") | V34: =IF(OR(S34="No Rate",S34="",S34=" "),"",IF(WhichRate="FASB RFR","N/A",IF(Y34<=0.25,RatingCategory&"-0.25",IF(Y34<1,RatingCategory&"-0.5",RatingCategory&"-"&ROUND(Y34,3))))) | W34: =IF(OR(S34="No Rate",S34="",S34=" ",S34=""),"",IF(WhichRate="FASB RFR","N/A",SUMIF('Market Data'!$C$51:$BI$51,Summary!S34,'Market Data'!$C$52:$BI$52))) | X34: =IF(ISBLANK(P34)," ",IF(WhichRate="FASB RFR","N/A",IFERROR(VLOOKUP($V34,'Market Data'!$C$53:$D$213,2,FALSE),""))) | Y34: =IF(ISBLANK(P34)," ",IF(DAYS360(P34,Q34,0)>10800,30,ROUND(IF(DAYS360(Summary!$P34,Summary!$Q34)/360>=1,ROUND(DAYS360(Summary!$P34,Summary!$Q34)/360,0),DAYS360(Summary!$P34,Summary!$Q34)/360),2))) | Z34: =IF(OR(WhichRate="GASB IBR",WhichRate="FASB IBR",WhichRate="Custom"),IFERROR(IF(OR($S34="No Rate",$S34="",$S34=" ",$S34="")," ",OFFSET('Market Data'!$B$15,Summary!U34-1,Summary!T34-1)),""),IFERROR(IF(OR($S34="No Rate",$S34="",$S34=" ",$S34="")," ",OFFSET('FASB Data'!$B$15,Summary!U34-1,Summary!T34-1)),"")) | AA34: =IF(O34<>"",IF(WhichRate="FASB RFR",0,IF(OR(WhichRate="GASB IBR",WhichRate="FASB IBR"),IF(OR($S34="No Rate",$S34="",$S34=" "),"",OFFSET('Market Data'!$B$53,Summary!X34,Summary!W34-1)),IF(WhichRate="Custom",IF(OR($S34="No Rate",$S34="",$S34=" "),"",OFFSET('Custom Data'!$B$53,Summary!X34,Summary!W34-1)),""))),"") | AB34: =IF(OR($S34="No Rate",$S34="")," ",IF($R34="","",IF(Summary!$R34="Taxable",IF(Summary!$Y34>0,(Summary!$Z34+Summary!$AA34)*(1+TaxExemptRateAdjustment)),IF(Summary!$Y34>0,Summary!$Z34+Summary!$AA34)))) | AC34: =IF(Q34>0,IF(Q34-P34<365,"Possible Short Term Lease",""),"")
N35: =N34+1 -> 23 | S35: {=IF(ISBLANK(P35)," ",IF(OR(WhichRate="GASB IBR",WhichRate="FASB IBR",WhichRate="Custom"),IF(ISBLANK(P35),IFERROR(HLOOKUP(P35,'Market Data'!$C$13:$BA$13,1)," "),IFERROR(HLOOKUP(P35,'Market Data'!$C$13:$BA$13,1),"No Rate")),_xlfn.XLOOKUP(TEXT(P35,"mm-yyyy"),TEXT('FASB Data'!$D$13:$BC$13,"mm-yyyy"),'FASB Data'!$D$13:$BC$13,,0)))} | T35: =IF(OR(S35="No Rate",S35="",S35=" "),"",IF(OR(WhichRate="GASB IBR",WhichRate="FASB IBR",WhichRate="Custom"),SUMIF('Market Data'!$C$13:$BI$13,Summary!S35,'Market Data'!$C$14:$BI$14),SUMIF('FASB Data'!$C$13:$BU$13,Summary!S35,'FASB Data'!$C$14:$BU$14))) | U35: =IFERROR(VLOOKUP($Y35,'Market Data'!$B$15:$C$47,2,TRUE)+1,"") | V35: =IF(OR(S35="No Rate",S35="",S35=" "),"",IF(WhichRate="FASB RFR","N/A",IF(Y35<=0.25,RatingCategory&"-0.25",IF(Y35<1,RatingCategory&"-0.5",RatingCategory&"-"&ROUND(Y35,3))))) | W35: =IF(OR(S35="No Rate",S35="",S35=" ",S35=""),"",IF(WhichRate="FASB RFR","N/A",SUMIF('Market Data'!$C$51:$BI$51,Summary!S35,'Market Data'!$C$52:$BI$52))) | X35: =IF(ISBLANK(P35)," ",IF(WhichRate="FASB RFR","N/A",IFERROR(VLOOKUP($V35,'Market Data'!$C$53:$D$213,2,FALSE),""))) | Y35: =IF(ISBLANK(P35)," ",IF(DAYS360(P35,Q35,0)>10800,30,ROUND(IF(DAYS360(Summary!$P35,Summary!$Q35)/360>=1,ROUND(DAYS360(Summary!$P35,Summary!$Q35)/360,0),DAYS360(Summary!$P35,Summary!$Q35)/360),2))) | Z35: =IF(OR(WhichRate="GASB IBR",WhichRate="FASB IBR",WhichRate="Custom"),IFERROR(IF(OR($S35="No Rate",$S35="",$S35=" ",$S35="")," ",OFFSET('Market Data'!$B$15,Summary!U35-1,Summary!T35-1)),""),IFERROR(IF(OR($S35="No Rate",$S35="",$S35=" ",$S35="")," ",OFFSET('FASB Data'!$B$15,Summary!U35-1,Summary!T35-1)),"")) | AA35: =IF(O35<>"",IF(WhichRate="FASB RFR",0,IF(OR(WhichRate="GASB IBR",WhichRate="FASB IBR"),IF(OR($S35="No Rate",$S35="",$S35=" "),"",OFFSET('Market Data'!$B$53,Summary!X35,Summary!W35-1)),IF(WhichRate="Custom",IF(OR($S35="No Rate",$S35="",$S35=" "),"",OFFSET('Custom Data'!$B$53,Summary!X35,Summary!W35-1)),""))),"") | AB35: =IF(OR($S35="No Rate",$S35="")," ",IF($R35="","",IF(Summary!$R35="Taxable",IF(Summary!$Y35>0,(Summary!$Z35+Summary!$AA35)*(1+TaxExemptRateAdjustment)),IF(Summary!$Y35>0,Summary!$Z35+Summary!$AA35)))) | AC35: =IF(Q35>0,IF(Q35-P35<365,"Possible Short Term Lease",""),"")
N36: =N35+1 -> 24 | S36: {=IF(ISBLANK(P36)," ",IF(OR(WhichRate="GASB IBR",WhichRate="FASB IBR",WhichRate="Custom"),IF(ISBLANK(P36),IFERROR(HLOOKUP(P36,'Market Data'!$C$13:$BA$13,1)," "),IFERROR(HLOOKUP(P36,'Market Data'!$C$13:$BA$13,1),"No Rate")),_xlfn.XLOOKUP(TEXT(P36,"mm-yyyy"),TEXT('FASB Data'!$D$13:$BC$13,"mm-yyyy"),'FASB Data'!$D$13:$BC$13,,0)))} | T36: =IF(OR(S36="No Rate",S36="",S36=" "),"",IF(OR(WhichRate="GASB IBR",WhichRate="FASB IBR",WhichRate="Custom"),SUMIF('Market Data'!$C$13:$BI$13,Summary!S36,'Market Data'!$C$14:$BI$14),SUMIF('FASB Data'!$C$13:$BU$13,Summary!S36,'FASB Data'!$C$14:$BU$14))) | U36: =IFERROR(VLOOKUP($Y36,'Market Data'!$B$15:$C$47,2,TRUE)+1,"") | V36: =IF(OR(S36="No Rate",S36="",S36=" "),"",IF(WhichRate="FASB RFR","N/A",IF(Y36<=0.25,RatingCategory&"-0.25",IF(Y36<1,RatingCategory&"-0.5",RatingCategory&"-"&ROUND(Y36,3))))) | W36: =IF(OR(S36="No Rate",S36="",S36=" ",S36=""),"",IF(WhichRate="FASB RFR","N/A",SUMIF('Market Data'!$C$51:$BI$51,Summary!S36,'Market Data'!$C$52:$BI$52))) | X36: =IF(ISBLANK(P36)," ",IF(WhichRate="FASB RFR","N/A",IFERROR(VLOOKUP($V36,'Market Data'!$C$53:$D$213,2,FALSE),""))) | Y36: =IF(ISBLANK(P36)," ",IF(DAYS360(P36,Q36,0)>10800,30,ROUND(IF(DAYS360(Summary!$P36,Summary!$Q36)/360>=1,ROUND(DAYS360(Summary!$P36,Summary!$Q36)/360,0),DAYS360(Summary!$P36,Summary!$Q36)/360),2))) | Z36: =IF(OR(WhichRate="GASB IBR",WhichRate="FASB IBR",WhichRate="Custom"),IFERROR(IF(OR($S36="No Rate",$S36="",$S36=" ",$S36="")," ",OFFSET('Market Data'!$B$15,Summary!U36-1,Summary!T36-1)),""),IFERROR(IF(OR($S36="No Rate",$S36="",$S36=" ",$S36="")," ",OFFSET('FASB Data'!$B$15,Summary!U36-1,Summary!T36-1)),"")) | AA36: =IF(O36<>"",IF(WhichRate="FASB RFR",0,IF(OR(WhichRate="GASB IBR",WhichRate="FASB IBR"),IF(OR($S36="No Rate",$S36="",$S36=" "),"",OFFSET('Market Data'!$B$53,Summary!X36,Summary!W36-1)),IF(WhichRate="Custom",IF(OR($S36="No Rate",$S36="",$S36=" "),"",OFFSET('Custom Data'!$B$53,Summary!X36,Summary!W36-1)),""))),"") | AB36: =IF(OR($S36="No Rate",$S36="")," ",IF($R36="","",IF(Summary!$R36="Taxable",IF(Summary!$Y36>0,(Summary!$Z36+Summary!$AA36)*(1+TaxExemptRateAdjustment)),IF(Summary!$Y36>0,Summary!$Z36+Summary!$AA36)))) | AC36: =IF(Q36>0,IF(Q36-P36<365,"Possible Short Term Lease",""),"")
N37: =N36+1 -> 25 | S37: {=IF(ISBLANK(P37)," ",IF(OR(WhichRate="GASB IBR",WhichRate="FASB IBR",WhichRate="Custom"),IF(ISBLANK(P37),IFERROR(HLOOKUP(P37,'Market Data'!$C$13:$BA$13,1)," "),IFERROR(HLOOKUP(P37,'Market Data'!$C$13:$BA$13,1),"No Rate")),_xlfn.XLOOKUP(TEXT(P37,"mm-yyyy"),TEXT('FASB Data'!$D$13:$BC$13,"mm-yyyy"),'FASB Data'!$D$13:$BC$13,,0)))} | T37: =IF(OR(S37="No Rate",S37="",S37=" "),"",IF(OR(WhichRate="GASB IBR",WhichRate="FASB IBR",WhichRate="Custom"),SUMIF('Market Data'!$C$13:$BI$13,Summary!S37,'Market Data'!$C$14:$BI$14),SUMIF('FASB Data'!$C$13:$BU$13,Summary!S37,'FASB Data'!$C$14:$BU$14))) | U37: =IFERROR(VLOOKUP($Y37,'Market Data'!$B$15:$C$47,2,TRUE)+1,"") | V37: =IF(OR(S37="No Rate",S37="",S37=" "),"",IF(WhichRate="FASB RFR","N/A",IF(Y37<=0.25,RatingCategory&"-0.25",IF(Y37<1,RatingCategory&"-0.5",RatingCategory&"-"&ROUND(Y37,3))))) | W37: =IF(OR(S37="No Rate",S37="",S37=" ",S37=""),"",IF(WhichRate="FASB RFR","N/A",SUMIF('Market Data'!$C$51:$BI$51,Summary!S37,'Market Data'!$C$52:$BI$52))) | X37: =IF(ISBLANK(P37)," ",IF(WhichRate="FASB RFR","N/A",IFERROR(VLOOKUP($V37,'Market Data'!$C$53:$D$213,2,FALSE),""))) | Y37: =IF(ISBLANK(P37)," ",IF(DAYS360(P37,Q37,0)>10800,30,ROUND(IF(DAYS360(Summary!$P37,Summary!$Q37)/360>=1,ROUND(DAYS360(Summary!$P37,Summary!$Q37)/360,0),DAYS360(Summary!$P37,Summary!$Q37)/360),2))) | Z37: =IF(OR(WhichRate="GASB IBR",WhichRate="FASB IBR",WhichRate="Custom"),IFERROR(IF(OR($S37="No Rate",$S37="",$S37=" ",$S37="")," ",OFFSET('Market Data'!$B$15,Summary!U37-1,Summary!T37-1)),""),IFERROR(IF(OR($S37="No Rate",$S37="",$S37=" ",$S37="")," ",OFFSET('FASB Data'!$B$15,Summary!U37-1,Summary!T37-1)),"")) | AA37: =IF(O37<>"",IF(WhichRate="FASB RFR",0,IF(OR(WhichRate="GASB IBR",WhichRate="FASB IBR"),IF(OR($S37="No Rate",$S37="",$S37=" "),"",OFFSET('Market Data'!$B$53,Summary!X37,Summary!W37-1)),IF(WhichRate="Custom",IF(OR($S37="No Rate",$S37="",$S37=" "),"",OFFSET('Custom Data'!$B$53,Summary!X37,Summary!W37-1)),""))),"") | AB37: =IF(OR($S37="No Rate",$S37="")," ",IF($R37="","",IF(Summary!$R37="Taxable",IF(Summary!$Y37>0,(Summary!$Z37+Summary!$AA37)*(1+TaxExemptRateAdjustment)),IF(Summary!$Y37>0,Summary!$Z37+Summary!$AA37)))) | AC37: =IF(Q37>0,IF(Q37-P37<365,"Possible Short Term Lease",""),"")
N38: =N37+1 -> 26 | S38: {=IF(ISBLANK(P38)," ",IF(OR(WhichRate="GASB IBR",WhichRate="FASB IBR",WhichRate="Custom"),IF(ISBLANK(P38),IFERROR(HLOOKUP(P38,'Market Data'!$C$13:$BA$13,1)," "),IFERROR(HLOOKUP(P38,'Market Data'!$C$13:$BA$13,1),"No Rate")),_xlfn.XLOOKUP(TEXT(P38,"mm-yyyy"),TEXT('FASB Data'!$D$13:$BC$13,"mm-yyyy"),'FASB Data'!$D$13:$BC$13,,0)))} | T38: =IF(OR(S38="No Rate",S38="",S38=" "),"",IF(OR(WhichRate="GASB IBR",WhichRate="FASB IBR",WhichRate="Custom"),SUMIF('Market Data'!$C$13:$BI$13,Summary!S38,'Market Data'!$C$14:$BI$14),SUMIF('FASB Data'!$C$13:$BU$13,Summary!S38,'FASB Data'!$C$14:$BU$14))) | U38: =IFERROR(VLOOKUP($Y38,'Market Data'!$B$15:$C$47,2,TRUE)+1,"") | V38: =IF(OR(S38="No Rate",S38="",S38=" "),"",IF(WhichRate="FASB RFR","N/A",IF(Y38<=0.25,RatingCategory&"-0.25",IF(Y38<1,RatingCategory&"-0.5",RatingCategory&"-"&ROUND(Y38,3))))) | W38: =IF(OR(S38="No Rate",S38="",S38=" ",S38=""),"",IF(WhichRate="FASB RFR","N/A",SUMIF('Market Data'!$C$51:$BI$51,Summary!S38,'Market Data'!$C$52:$BI$52))) | X38: =IF(ISBLANK(P38)," ",IF(WhichRate="FASB RFR","N/A",IFERROR(VLOOKUP($V38,'Market Data'!$C$53:$D$213,2,FALSE),""))) | Y38: =IF(ISBLANK(P38)," ",IF(DAYS360(P38,Q38,0)>10800,30,ROUND(IF(DAYS360(Summary!$P38,Summary!$Q38)/360>=1,ROUND(DAYS360(Summary!$P38,Summary!$Q38)/360,0),DAYS360(Summary!$P38,Summary!$Q38)/360),2))) | Z38: =IF(OR(WhichRate="GASB IBR",WhichRate="FASB IBR",WhichRate="Custom"),IFERROR(IF(OR($S38="No Rate",$S38="",$S38=" ",$S38="")," ",OFFSET('Market Data'!$B$15,Summary!U38-1,Summary!T38-1)),""),IFERROR(IF(OR($S38="No Rate",$S38="",$S38=" ",$S38="")," ",OFFSET('FASB Data'!$B$15,Summary!U38-1,Summary!T38-1)),"")) | AA38: =IF(O38<>"",IF(WhichRate="FASB RFR",0,IF(OR(WhichRate="GASB IBR",WhichRate="FASB IBR"),IF(OR($S38="No Rate",$S38="",$S38=" "),"",OFFSET('Market Data'!$B$53,Summary!X38,Summary!W38-1)),IF(WhichRate="Custom",IF(OR($S38="No Rate",$S38="",$S38=" "),"",OFFSET('Custom Data'!$B$53,Summary!X38,Summary!W38-1)),""))),"") | AB38: =IF(OR($S38="No Rate",$S38="")," ",IF($R38="","",IF(Summary!$R38="Taxable",IF(Summary!$Y38>0,(Summary!$Z38+Summary!$AA38)*(1+TaxExemptRateAdjustment)),IF(Summary!$Y38>0,Summary!$Z38+Summary!$AA38)))) | AC38: =IF(Q38>0,IF(Q38-P38<365,"Possible Short Term Lease",""),"")
... N512: =N511+1 -> 500 | S512: {=IF(ISBLANK(P512)," ",IF(OR(WhichRate="GASB IBR",WhichRate="FASB IBR",WhichRate="Custom"),IF(ISBLANK(P512),IFERROR(HLOOKUP(P512,'Market Data'!$C$13:$BA$13,1)," "),IFERROR(HLOOKUP(P512,'Market Data'!$C$13:$BA$13,1),"No Rate")),_xlfn.XLOOKUP(TEXT(P512,"mm-yyyy"),TEXT('FASB Data'!$D$13:$BC$13,"mm-yyyy"),'FASB Data'!$D$13:$BC$13,,0)))} | T512: =IF(OR(S512="No Rate",S512="",S512=" "),"",IF(OR(WhichRate="GASB IBR",WhichRate="FASB IBR",WhichRate="Custom"),SUMIF('Market Data'!$C$13:$BI$13,Summary!S512,'Market Data'!$C$14:$BI$14),SUMIF('FASB Data'!$C$13:$BU$13,Summary!S512,'FASB Data'!$C$14:$BU$14))) | U512: =IFERROR(VLOOKUP($Y512,'Market Data'!$B$15:$C$47,2,TRUE)+1,"") | V512: =IF(OR(S512="No Rate",S512="",S512=" "),"",IF(WhichRate="FASB RFR","N/A",IF(Y512<=0.25,RatingCategory&"-0.25",IF(Y512<1,RatingCategory&"-0.5",RatingCategory&"-"&ROUND(Y512,3))))) | W512: =IF(OR(S512="No Rate",S512="",S512=" ",S512=""),"",IF(WhichRate="FASB RFR","N/A",SUMIF('Market Data'!$C$51:$BI$51,Summary!S512,'Market Data'!$C$52:$BI$52))) | X512: =IF(ISBLANK(P512)," ",IF(WhichRate="FASB RFR","N/A",IFERROR(VLOOKUP($V512,'Market Data'!$C$53:$D$213,2,FALSE),""))) | Y512: =IF(ISBLANK(P512)," ",IF(DAYS360(P512,Q512,0)>10800,30,ROUND(IF(DAYS360(Summary!$P512,Summary!$Q512)/360>=1,ROUND(DAYS360(Summary!$P512,Summary!$Q512)/360,0),DAYS360(Summary!$P512,Summary!$Q512)/360),2))) | Z512: =IF(OR(WhichRate="GASB IBR",WhichRate="FASB IBR",WhichRate="Custom"),IFERROR(IF(OR($S512="No Rate",$S512="",$S512=" ",$S512="")," ",OFFSET('Market Data'!$B$15,Summary!U512-1,Summary!T512-1)),""),IFERROR(IF(OR($S512="No Rate",$S512="",$S512=" ",$S512="")," ",OFFSET('FASB Data'!$B$15,Summary!U512-1,Summary!T512-1)),"")) | AA512: =IF(O512<>"",IF(WhichRate="FASB RFR",0,IF(OR(WhichRate="GASB IBR",WhichRate="FASB IBR"),IF(OR($S512="No Rate",$S512="",$S512=" "),"",OFFSET('Market Data'!$B$53,Summary!X512,Summary!W512-1)),IF(WhichRate="Custom",IF(OR($S512="No Rate",$S512="",$S512=" "),"",OFFSET('Custom Data'!$B$53,Summary!X512,Summary!W512-1)),""))),"") | AB512: =IF(OR($S512="No Rate",$S512="")," ",IF($R512="","",IF(Summary!$R512="Taxable",IF(Summary!$Y512>0,(Summary!$Z512+Summary!$AA512)*(1+TaxExemptRateAdjustment)),IF(Summary!$Y512>0,Summary!$Z512+Summary!$AA512)))) | AC512: =IF(Q512>0,IF(Q512-P512<365,"Possible Short Term Lease",""),"")

Sheet Generic Credit Spreads
A3: Conservative Spread Adjustment: | C3: 5
A4: < BBB Adjustment vs BBB: | C4: 25
A6: 3 Month Adj Vs 1 Year: | C6: 0
A7: 6 Month Adj Vs 1 Year: | C7: 0
A11: Base Credit Spreads
A12: Year Count | B12: Year | C12: Aaa | D12: Aa | E12: Insured | F12: A | G12: BBB | H12: < BBB
A13: =B13-YEAR(NOW()) -> -3 | B13: 2023 | C13: 0 | D13: 0.05 | E13: 0.18 | F13: 0.19 | G13: 0.52 | H13: 0.77
A14: =B14-YEAR(NOW()) -> -2 | B14: 2024 | C14: 0 | D14: 0.08 | E14: 0.23 | F14: 0.25 | G14: 0.55 | H14: 0.8
A15: =B15-YEAR(NOW()) -> 1 | B15: 2027 | C15: 0 | D15: 0.13 | E15: 0.25 | F15: 0.3 | G15: 0.65 | H15: 0.9
A16: =B16-YEAR(NOW()) -> 6 | B16: 2032 | C16: 0 | D16: 0.22 | E16: 0.35 | F16: 0.42 | G16: 0.89 | H16: 1.14
A17: =B17-YEAR(NOW()) -> 11 | B17: 2037 | C17: 0 | D17: 0.31 | E17: 0.41 | F17: 0.52 | G17: 0.91 | H17: 1.16
A18: =B18-YEAR(NOW()) -> 16 | B18: 2042 | C18: 0 | D18: 0.35 | E18: 0.46 | F18: 0.56 | G18: 0.95 | H18: 1.2
A19: =B19-YEAR(NOW()) -> 21 | B19: 2047 | C19: 0 | D19: 0.36 | E19: 0.46 | F19: 0.56 | G19: 0.95 | H19: 1.2
A20: =B20-YEAR(NOW()) -> 26 | B20: 2052 | C20: 0 | D20: 0.36 | E20: 0.46 | F20: 0.56 | G20: 0.95 | H20: 1.2
A23: AAA Curves (7/25) | D23: AAA Rate - Average
A24: YTM | B24: Yields | D24: Rating | E24: AAA | F24: AA | G24: A | H24: BBB | I24: < BBB
A25: 0.25 | B25: 0.014703333 | D25: 3 Months | E25: =E$27-(ThreeMonthAdjustment/10000) -> 0.014703333 | F25: =F$27-(ThreeMonthAdjustment/10000) -> 0.016003333 | G25: =G$27-(ThreeMonthAdjustment/10000) -> 0.017703333 | H25: =H$27-(ThreeMonthAdjustment/10000) -> 0.021203333 | I25: =I$27-(ThreeMonthAdjustment/10000) -> 0.023703333
A26: 0.5 | B26: 0.017643333 | D26: 6 Months | E26: =E$27-(SixMonthAdjustment/10000) -> 0.014703333 | F26: =F$27-(SixMonthAdjustment/10000) -> 0.016003333 | G26: =G$27-(SixMonthAdjustment/10000) -> 0.017703333 | H26: =H$27-(SixMonthAdjustment/10000) -> 0.021203333 | I26: =I$27-(SixMonthAdjustment/10000) -> 0.023703333
A27: 1 | B27: 0.014703333 | D27: 1 | E27: =SUMIF($A$25:$A$55,$D27,$B$25:$B$55) -> 0.014703333 | F27: =SUMIF($A$25:$A$55,$D27,$B$25:$B$55)+SUMIF($A$13:$A$21,$D27,D$13:D$21)/100 -> 0.016003333 | G27: =SUMIF($A$25:$A$55,$D27,$B$25:$B$55)+SUMIF($A$13:$A$21,$D27,F$13:F$21)/100 -> 0.017703333 | H27: =SUMIF($A$25:$A$55,$D27,$B$25:$B$55)+SUMIF($A$13:$A$21,$D27,G$13:G$21)/100 -> 0.021203333 | I27: =SUMIF($A$25:$A$55,$D27,$B$25:$B$55)+SUMIF($A$13:$A$21,$D27,H$13:H$21)/100 -> 0.023703333
A28: 2 | B28: 0.017643333 | D28: 2 | E28: =SUMIF($A$25:$A$55,$D28,$B$25:$B$55)+SUMIF($A$13:$A$21,$D28,C$13:C$21)/100 -> 0.017643333 | F28: =SUMIF($A$25:$A$55,$D28,$B$25:$B$55)+SUMIF($A$13:$A$21,$D28,D$13:D$21)/100 -> 0.017643333 | G28: =SUMIF($A$25:$A$55,$D28,$B$25:$B$55)+SUMIF($A$13:$A$21,$D28,F$13:F$21)/100 -> 0.017643333 | H28: =SUMIF($A$25:$A$55,$D28,$B$25:$B$55)+SUMIF($A$13:$A$21,$D28,G$13:G$21)/100 -> 0.017643333 | I28: =SUMIF($A$25:$A$55,$D28,$B$25:$B$55)+SUMIF($A$13:$A$21,$D28,H$13:H$21)/100 -> 0.017643333
A29: 3 | B29: 0.018776667 | D29: 3 | E29: =E28+((E30-E28)*(($D29-$D28)/($D30-$D28))) -> 0.018481111 | F29: =F28+((F30-F28)*(($D29-$D28)/($D30-$D28))) -> 0.018481111 | G29: =G28+((G30-G28)*(($D29-$D28)/($D30-$D28))) -> 0.018481111 | H29: =H28+((H30-H28)*(($D29-$D28)/($D30-$D28))) -> 0.018481111 | I29: =I28+((I30-I28)*(($D29-$D28)/($D30-$D28))) -> 0.018481111
A30: 4 | B30: 0.01958 | D30: 5 | E30: =SUMIF($A$25:$A$55,$D30,$B$25:$B$55)+SUMIF($A$13:$A$21,$D30,C$13:C$21)/100 -> 0.020156667 | F30: =SUMIF($A$25:$A$55,$D30,$B$25:$B$55)+SUMIF($A$13:$A$21,$D30,D$13:D$21)/100 -> 0.020156667 | G30: =SUMIF($A$25:$A$55,$D30,$B$25:$B$55)+SUMIF($A$13:$A$21,$D30,F$13:F$21)/100 -> 0.020156667 | H30: =SUMIF($A$25:$A$55,$D30,$B$25:$B$55)+SUMIF($A$13:$A$21,$D30,G$13:G$21)/100 -> 0.020156667 | I30: =SUMIF($A$25:$A$55,$D30,$B$25:$B$55)+SUMIF($A$13:$A$21,$D30,H$13:H$21)/100 -> 0.020156667
A31: 5 | B31: 0.020156667 | D31: 7 | E31: =E30+((E32-E30)*(($D31-$D30)/($D32-$D30))) -> 0.021991333 | F31: =F30+((F32-F30)*(($D31-$D30)/($D32-$D30))) -> 0.021991333 | G31: =G30+((G32-G30)*(($D31-$D30)/($D32-$D30))) -> 0.021991333 | H31: =H30+((H32-H30)*(($D31-$D30)/($D32-$D30))) -> 0.021991333 | I31: =I30+((I32-I30)*(($D31-$D30)/($D32-$D30))) -> 0.021991333
A32: 6 | B32: 0.02151 | D32: 10 | E32: =SUMIF($A$25:$A$55,$D32,$B$25:$B$55)+SUMIF($A$13:$A$21,$D32,C$13:C$21)/100 -> 0.024743333 | F32: =SUMIF($A$25:$A$55,$D32,$B$25:$B$55)+SUMIF($A$13:$A$21,$D32,D$13:D$21)/100 -> 0.024743333 | G32: =SUMIF($A$25:$A$55,$D32,$B$25:$B$55)+SUMIF($A$13:$A$21,$D32,F$13:F$21)/100 -> 0.024743333 | H32: =SUMIF($A$25:$A$55,$D32,$B$25:$B$55)+SUMIF($A$13:$A$21,$D32,G$13:G$21)/100 -> 0.024743333 | I32: =SUMIF($A$25:$A$55,$D32,$B$25:$B$55)+SUMIF($A$13:$A$21,$D32,H$13:H$21)/100 -> 0.024743333
A33: 7 | B33: 0.022606667 | D33: 20 | E33: =SUMIF($A$25:$A$55,$D33,$B$25:$B$55)+SUMIF($A$13:$A$21,$D33,C$13:C$21)/100 -> 0.028926667 | F33: =SUMIF($A$25:$A$55,$D33,$B$25:$B$55)+SUMIF($A$13:$A$21,$D33,D$13:D$21)/100 -> 0.028926667 | G33: =SUMIF($A$25:$A$55,$D33,$B$25:$B$55)+SUMIF($A$13:$A$21,$D33,F$13:F$21)/100 -> 0.028926667 | H33: =SUMIF($A$25:$A$55,$D33,$B$25:$B$55)+SUMIF($A$13:$A$21,$D33,G$13:G$21)/100 -> 0.028926667 | I33: =SUMIF($A$25:$A$55,$D33,$B$25:$B$55)+SUMIF($A$13:$A$21,$D33,H$13:H$21)/100 -> 0.028926667
A34: 8 | B34: 0.023376667 | D34: 25 | E34: =SUMIF($A$25:$A$55,$D34,$B$25:$B$55)+SUMIF($A$13:$A$21,$D34,C$13:C$21)/100 -> 0.03001 | F34: =SUMIF($A$25:$A$55,$D34,$B$25:$B$55)+SUMIF($A$13:$A$21,$D34,D$13:D$21)/100 -> 0.03001 | G34: =SUMIF($A$25:$A$55,$D34,$B$25:$B$55)+SUMIF($A$13:$A$21,$D34,F$13:F$21)/100 -> 0.03001 | H34: =SUMIF($A$25:$A$55,$D34,$B$25:$B$55)+SUMIF($A$13:$A$21,$D34,G$13:G$21)/100 -> 0.03001 | I34: =SUMIF($A$25:$A$55,$D34,$B$25:$B$55)+SUMIF($A$13:$A$21,$D34,H$13:H$21)/100 -> 0.03001
A35: 9 | B35: 0.024026667 | D35: 30 | E35: =SUMIF($A$25:$A$55,$D35,$B$25:$B$55)+SUMIF($A$13:$A$21,$D35,C$13:C$21)/100 -> 0 | F35: =SUMIF($A$25:$A$55,$D35,$B$25:$B$55)+SUMIF($A$13:$A$21,$D35,D$13:D$21)/100 -> 0 | G35: =SUMIF($A$25:$A$55,$D35,$B$25:$B$55)+SUMIF($A$13:$A$21,$D35,F$13:F$21)/100 -> 0 | H35: =SUMIF($A$25:$A$55,$D35,$B$25:$B$55)+SUMIF($A$13:$A$21,$D35,G$13:G$21)/100 -> 0 | I35: =SUMIF($A$25:$A$55,$D35,$B$25:$B$55)+SUMIF($A$13:$A$21,$D35,H$13:H$21)/100 -> 0
A36: 10 | B36: 0.024743333
A37: 11 | B37: 0.025503333
A38: 12 | B38: 0.02602 | D38: Credit Spread - Average
A39: 13 | B39: 0.026526667 | D39: Rating | E39: AAA | F39: AA | G39: A | H39: BBB | I39: < BBB
A40: 14 | B40: 0.026956667 | D40: 3 Months | E40: 0 | F40: =F$42-(ThreeMonthAdjustment/10000) -> 0.0013 | G40: =G$42-(ThreeMonthAdjustment/10000) -> 0.003 | H40: =H$42-(ThreeMonthAdjustment/10000) -> 0.0065 | I40: =I$42-(ThreeMonthAdjustment/10000) -> 0.009
A41: 15 | B41: 0.027383333 | D41: 6 Months | E41: 0 | F41: =F$42-(SixMonthAdjustment/10000) -> 0.0013 | G41: =G$42-(SixMonthAdjustment/10000) -> 0.003 | H41: =H$42-(SixMonthAdjustment/10000) -> 0.0065 | I41: =I$42-(SixMonthAdjustment/10000) -> 0.009
A42: 16 | B42: 0.02779 | D42: 1 | E42: =SUMIF($A$13:$A$21,$D42,C$13:C$21)/100 -> 0 | F42: =SUMIF($A$13:$A$21,$D42,D$13:D$21)/100 -> 0.0013 | G42: =SUMIF($A$13:$A$21,$D42,F$13:F$21)/100 -> 0.003 | H42: =SUMIF($A$13:$A$21,$D42,G$13:G$21)/100 -> 0.0065 | I42: =SUMIF($A$13:$A$21,$D42,H$13:H$21)/100 -> 0.009
A43: 17 | B43: 0.02798 | D43: 2 | E43: =SUMIF($A$13:$A$21,$D43,C$13:C$21)/100 -> 0 | F43: =SUMIF($A$13:$A$21,$D43,D$13:D$21)/100 -> 0 | G43: =SUMIF($A$13:$A$21,$D43,F$13:F$21)/100 -> 0 | H43: =SUMIF($A$13:$A$21,$D43,G$13:G$21)/100 -> 0 | I43: =SUMIF($A$13:$A$21,$D43,H$13:H$21)/100 -> 0
A44: 18 | B44: 0.02831 | D44: 3 | E44: =E43+((E45-E43)*(($D44-$D43)/($D45-$D43))) -> 0 | F44: =F43+((F45-F43)*(($D44-$D43)/($D45-$D43))) -> 0 | G44: =G43+((G45-G43)*(($D44-$D43)/($D45-$D43))) -> 0 | H44: =H43+((H45-H43)*(($D44-$D43)/($D45-$D43))) -> 0 | I44: =I43+((I45-I43)*(($D44-$D43)/($D45-$D43))) -> 0
A45: 19 | B45: 0.02862 | D45: 5 | E45: =SUMIF($A$13:$A$21,$D45,C$13:C$21)/100 -> 0 | F45: =SUMIF($A$13:$A$21,$D45,D$13:D$21)/100 -> 0 | G45: =SUMIF($A$13:$A$21,$D45,F$13:F$21)/100 -> 0 | H45: =SUMIF($A$13:$A$21,$D45,G$13:G$21)/100 -> 0 | I45: =SUMIF($A$13:$A$21,$D45,H$13:H$21)/100 -> 0
A46: 20 | B46: 0.028926667 | D46: 7 | E46: =E45+((E47-E45)*(($D46-$D45)/($D47-$D45))) -> 0 | F46: =F45+((F47-F45)*(($D46-$D45)/($D47-$D45))) -> 0 | G46: =G45+((G47-G45)*(($D46-$D45)/($D47-$D45))) -> 0 | H46: =H45+((H47-H45)*(($D46-$D45)/($D47-$D45))) -> 0 | I46: =I45+((I47-I45)*(($D46-$D45)/($D47-$D45))) -> 0
A47: 21 | B47: 0.029173333 | D47: 10 | E47: =SUMIF($A$13:$A$21,$D47,C$13:C$21)/100 -> 0 | F47: =SUMIF($A$13:$A$21,$D47,D$13:D$21)/100 -> 0 | G47: =SUMIF($A$13:$A$21,$D47,F$13:F$21)/100 -> 0 | H47: =SUMIF($A$13:$A$21,$D47,G$13:G$21)/100 -> 0 | I47: =SUMIF($A$13:$A$21,$D47,H$13:H$21)/100 -> 0
A48: 22 | B48: 0.029456667 | D48: 20 | E48: =SUMIF($A$13:$A$21,$D48,C$13:C$21)/100 -> 0 | F48: =SUMIF($A$13:$A$21,$D48,D$13:D$21)/100 -> 0 | G48: =SUMIF($A$13:$A$21,$D48,F$13:F$21)/100 -> 0 | H48: =SUMIF($A$13:$A$21,$D48,G$13:G$21)/100 -> 0 | I48: =SUMIF($A$13:$A$21,$D48,H$13:H$21)/100 -> 0
A49: 23 | B49: 0.029733333 | D49: 25 | E49: =SUMIF($A$13:$A$21,$D49,C$13:C$21)/100 -> 0 | F49: =SUMIF($A$13:$A$21,$D49,D$13:D$21)/100 -> 0 | G49: =SUMIF($A$13:$A$21,$D49,F$13:F$21)/100 -> 0 | H49: =SUMIF($A$13:$A$21,$D49,G$13:G$21)/100 -> 0 | I49: =SUMIF($A$13:$A$21,$D49,H$13:H$21)/100 -> 0
A50: 24 | B50: 0.029876667 | D50: 30 | E50: =SUMIF($A$13:$A$21,$D50,C$13:C$21)/100 -> 0 | F50: =SUMIF($A$13:$A$21,$D50,D$13:D$21)/100 -> 0 | G50: =SUMIF($A$13:$A$21,$D50,F$13:F$21)/100 -> 0 | H50: =SUMIF($A$13:$A$21,$D50,G$13:G$21)/100 -> 0 | I50: =SUMIF($A$13:$A$21,$D50,H$13:H$21)/100 -> 0
A51: 25 | B51: 0.03001
A52: 26 | B52: 0.030166667
A53: 27 | B53: 0.030303333
A54: 28 | B54: 0.030393333
A55: 29 | B55: 0.030476667
A56: 30 | B56: 0.030593333

Sheet Market Data
B5: Tax-Exempt Rate Adjustment | D5: 0.21
BI11: Insert Columns
B12: DebtBook AAA Index | BI12: Prior to black line
C13: =IFERROR(DATEVALUE(C15),"") | D13: =IFERROR(DATEVALUE(D15),"") -> 44013 | E13: =IFERROR(DATEVALUE(E15),"") -> 44105 | F13: =IFERROR(DATEVALUE(F15),"") -> 44197 | G13: =IFERROR(DATEVALUE(G15),"") -> 44287 | H13: =IFERROR(DATEVALUE(H15),"") -> 44378 | I13: =IFERROR(DATEVALUE(I15),"") -> 44470 | J13: =IFERROR(DATEVALUE(J15),"") -> 44562 | ... BI13: =IFERROR(DATEVALUE(BI15),"")
B14: =IF(B15<>"",COLUMN(B$21)-COLUMN($A$1),"") -> 1 | C14: =IF(C15<>"",COLUMN(C$21)-COLUMN($A$1),"") -> 2 | D14: =IF(D15<>"",COLUMN(D$21)-COLUMN($A$1),"") -> 3 | E14: =IF(E15<>"",COLUMN(E$21)-COLUMN($A$1),"") -> 4 | F14: =IF(F15<>"",COLUMN(F$21)-COLUMN($A$1),"") -> 5 | G14: =IF(G15<>"",COLUMN(G$21)-COLUMN($A$1),"") -> 6 | H14: =IF(H15<>"",COLUMN(H$21)-COLUMN($A$1),"") -> 7 | I14: =IF(I15<>"",COLUMN(I$21)-COLUMN($A$1),"") -> 8 | ... BI14: =IF(BI15<>"",COLUMN(BI$21)-COLUMN($A$1),"")
B15: Date Span | C15: Row | D15: 07/01/2020 | E15: 10/01/2020 | F15: 01/01/2021 | G15: 04/01/2021 | H15: 07/01/2021 | I15: 10/01/2021 | J15: 01/01/2022 | K15: 04/01/2022 | L15: 07/01/2022 | M15: 10/01/2022 | N15: 01/01/2023 | O15: 04/01/2023 | P15: 07/01/2023 | Q15: 10/01/2023 | R15: 01/01/2024 | S15: 04/01/2024 | T15: 07/01/2024 | U15: 10/01/2024 | V15: 01/02/2025 | W15: 04/01/2025 | X15: 07/01/2025 | Y15: 10/01/2025 | Z15: 01/01/2026 | AA15: 04/01/2026
B16: 0.001 | C16: 1 | D16: 0.0025933333 | E16: 0.00167 | F16: 0.00166 | G16: 0.0014066667 | H16: 0.00165 | I16: 0.0019333333 | J16: 0.0021833333 | K16: 0.015296667 | L16: 0.015803333 | M16: 0.03074 | N16: 0.028443333 | O16: 0.0253 | P16: 0.030723333 | Q16: 0.03774 | R16: 0.027046667 | S16: 0.032946667 | T16: 0.032413333 | U16: 0.025993333 | V16: 0.029326667 | W16: 0.026273333 | X16: 0.02602 | Y16: 0.023753333 | Z16: 0.024956667 | AA16: 0.024213333
B17: =6/12 -> 0.5 | C17: 2 | D17: 0.0025933333 | E17: 0.00167 | F17: 0.00166 | G17: 0.0014066667 | H17: 0.00165 | I17: 0.0019333333 | J17: 0.0021833333 | K17: 0.015296667 | L17: 0.015803333 | M17: 0.03074 | N17: 0.028443333 | O17: 0.0253 | P17: 0.030723333 | Q17: 0.03774 | R17: 0.027046667 | S17: 0.032946667 | T17: 0.032413333 | U17: 0.025993333 | V17: 0.029326667 | W17: 0.026273333 | X17: 0.02602 | Y17: 0.023753333 | Z17: 0.024956667 | AA17: 0.024213333
B18: 1 | C18: 3 | D18: 0.0025933333 | E18: 0.00167 | F18: 0.00166 | G18: 0.0014066667 | H18: 0.00165 | I18: 0.0019333333 | J18: 0.0021833333 | K18: 0.015296667 | L18: 0.015803333 | M18: 0.03074 | N18: 0.028443333 | O18: 0.0253 | P18: 0.030723333 | Q18: 0.03774 | R18: 0.027046667 | S18: 0.032946667 | T18: 0.032413333 | U18: 0.025993333 | V18: 0.029326667 | W18: 0.026273333 | X18: 0.02602 | Y18: 0.023753333 | Z18: 0.024956667 | AA18: 0.024213333
B19: 2 | C19: 4 | D19: 0.00284 | E19: 0.0018333333 | F19: 0.0018666667 | G19: 0.0018566667 | H19: 0.0019766667 | I19: 0.0022766667 | J19: 0.0031 | K19: 0.017716667 | L19: 0.018936667 | M19: 0.031066667 | N19: 0.02647 | O19: 0.0243 | P19: 0.029783333 | Q19: 0.037116667 | R19: 0.0257 | S19: 0.030486667 | T19: 0.031766667 | U19: 0.023626667 | V19: 0.028373333 | W19: 0.026676667 | X19: 0.025836667 | Y19: 0.023056667 | Z19: 0.024453333 | AA19: 0.024413333
B20: 3 | C20: 5 | D20: 0.0032033333 | E20: 0.0020233333 | F20: 0.0020333333 | G20: 0.0030333333 | H20: 0.0028466667 | I20: 0.0029766667 | J20: 0.0039566667 | K20: 0.01868 | L20: 0.020376667 | M20: 0.031213333 | N20: 0.025826667 | O20: 0.0231 | P20: 0.028476667 | Q20: 0.03591 | R20: 0.024093333 | S20: 0.028513333 | T20: 0.03067 | U20: 0.02321 | V20: 0.028383333 | W20: 0.02723 | X20: 0.0261 | Y20: 0.02292 | Z20: 0.024163333 | AA20: 0.024893333
B21: 4 | C21: 6 | D21: 0.0040233333 | E21: 0.0026266667 | F21: 0.0022133333 | G21: 0.0044866667 | H21: 0.00417 | I21: 0.0043533333 | J21: 0.0051166667 | K21: 0.019293333 | L21: 0.02112 | M21: 0.031353333 | N21: 0.025893333 | O21: 0.0226 | P21: 0.02719 | Q21: 0.03479 | R21: 0.02327 | S21: 0.026953333 | T21: 0.030273333 | U21: 0.023233333 | V21: 0.028623333 | W21: 0.027853333 | X21: 0.026336667 | Y21: 0.023016667 | Z21: 0.024113333 | AA21: 0.025663333
B22: 5 | C22: 7 | D22: 0.0049466667 | E22: 0.00331 | F22: 0.0024233333 | G22: 0.00547 | H22: 0.0052733333 | I22: 0.00582 | J22: 0.0063566667 | K22: 0.019766667 | L22: 0.021856667 | M22: 0.03155 | N22: 0.02582 | O22: 0.0223 | P22: 0.02656 | Q22: 0.034513333 | R22: 0.022823333 | S22: 0.026163333 | T22: 0.029986667 | U22: 0.023306667 | V22: 0.028853333 | W22: 0.028586667 | X22: 0.026976667 | Y22: 0.023423333 | Z22: 0.024266667 | AA22: 0.026486667
B23: 6 | C23: 8 | D23: 0.0061266667 | E23: 0.0046166667 | F23: 0.0034633333 | G23: 0.0066466667 | H23: 0.0063733333 | I23: 0.0073966667 | J23: 0.0076866667 | K23: 0.020233333 | L23: 0.023216667 | M23: 0.031633333 | N23: 0.025863333 | O23: 0.0223 | P23: 0.02624 | Q23: 0.03459 | R23: 0.02277 | S23: 0.025703333 | T23: 0.0296 | U23: 0.02404 | V23: 0.029126667 | W23: 0.02929 | X23: 0.02775 | Y23: 0.02443 | Z23: 0.024713333 | AA23: 0.02733
B24: 7 | C24: 9 | D24: 0.0069033333 | E24: 0.00568 | F24: 0.0044866667 | G24: 0.00796 | H24: 0.0075133333 | I24: 0.0087233333 | J24: 0.0089966667 | K24: 0.020693333 | L24: 0.024473333 | M24: 0.031786667 | N24: 0.025916667 | O24: 0.0222 | P24: 0.0258 | Q24: 0.034486667 | R24: 0.022736667 | S24: 0.02563 | T24: 0.02949 | U24: 0.024663333 | V24: 0.029573333 | W24: 0.029956667 | X24: 0.028866667 | Y24: 0.0257 | Z24: 0.025496667 | AA24: 0.028366667
B25: 8 | C25: 10 | D25: 0.00746 | E25: 0.0069833333 | F25: 0.00556 | G25: 0.00928 | H25: 0.00869 | I25: 0.0098833333 | J25: 0.00992 | K25: 0.021126667 | L25: 0.025296667 | M25: 0.032063333 | N25: 0.02606 | O25: 0.0224 | P25: 0.02569 | Q25: 0.03455 | R25: 0.02295 | S25: 0.025753333 | T25: 0.029476667 | U25: 0.025213333 | V25: 0.030013333 | W25: 0.030693333 | X25: 0.02995 | Y25: 0.026603333 | Z25: 0.026053333 | AA25: 0.02924
B26: 9 | C26: 11 | D26: 0.0082066667 | E26: 0.0079566667 | F26: 0.0066 | G26: 0.010513333 | H26: 0.0098133333 | I26: 0.010943333 | J26: 0.010546667 | K26: 0.021583333 | L26: 0.0259 | M26: 0.03257 | N26: 0.026336667 | O26: 0.0226 | P26: 0.02571 | Q26: 0.034683333 | R26: 0.023106667 | S26: 0.025836667 | T26: 0.029453333 | U26: 0.025613333 | V26: 0.030473333 | W26: 0.031483333 | X26: 0.031076667 | Y26: 0.02808 | Z26: 0.026913333 | AA26: 0.03021
B27: 10 | C27: 12 | D27: 0.0089866667 | E27: 0.0088166667 | F27: 0.0072766667 | G27: 0.011246667 | H27: 0.0104 | I27: 0.01164 | J27: 0.01085 | K27: 0.022016667 | L27: 0.026573333 | M27: 0.03309 | N27: 0.026726667 | O27: 0.0229 | P27: 0.025996667 | Q27: 0.03488 | R27: 0.02332 | S27: 0.0259 | T27: 0.02953 | U27: 0.026103333 | V27: 0.030986667 | W27: 0.03223 | X27: 0.032423333 | Y27: 0.029553333 | Z27: 0.02788 | AA27: 0.03126
B28: 11 | C28: 13 | D28: 0.0098333333 | E28: 0.0096066667 | F28: 0.00797 | G28: 0.011833333 | H28: 0.010833333 | I28: 0.012186667 | J28: 0.01117 | K28: 0.022363333 | L28: 0.027133333 | M28: 0.033813333 | N28: 0.027423333 | O28: 0.0238 | P28: 0.02658 | Q28: 0.035393333 | R28: 0.02391 | S28: 0.026456667 | T28: 0.02963 | U28: 0.02654 | V28: 0.031503333 | W28: 0.032863333 | X28: 0.033613333 | Y28: 0.03086 | Z28: 0.029016667 | AA28: 0.032376667
B29: 12 | C29: 14 | D29: 0.01074 | E29: 0.0105 | F29: 0.0087633333 | G29: 0.012416667 | H29: 0.011156667 | I29: 0.012606667 | J29: 0.011356667 | K29: 0.022606667 | L29: 0.027616667 | M29: 0.03461 | N29: 0.02846 | O29: 0.0251 | P29: 0.027746667 | Q29: 0.036363333 | R29: 0.024933333 | S29: 0.02749 | T29: 0.029923333 | U29: 0.02707 | V29: 0.031906667 | W29: 0.033623333 | X29: 0.034796667 | Y29: 0.032213333 | Z29: 0.030163333 | AA29: 0.03339
... B47: 30 | C47: 32 | D47: 0.016976667 | E47: 0.016833333 | F47: 0.01462 | G47: 0.017893333 | H47: 0.015546667 | I47: 0.017223333 | J47: 0.01541 | K47: 0.025666667 | L47: 0.031286667 | M47: 0.038966667 | N47: 0.036036667 | O47: 0.0336 | P47: 0.035616667 | Q47: 0.044073333 | R47: 0.03437 | S47: 0.03709 | T47: 0.03803 | U47: 0.03497 | V47: 0.038593333 | W47: 0.042303333 | X47: 0.045406667 | Y47: 0.042673333 | Z47: 0.04224 | AA47: 0.044956667
B49: DebtBook Credit Spreads
C51: =IFERROR(DATEVALUE(D53),"") | D51: =IFERROR(DATEVALUE(E53),"") | E51: =IFERROR(DATEVALUE(C53),"") | F51: =IFERROR(DATEVALUE(F53),"") -> 44013 | G51: =IFERROR(DATEVALUE(G53),"") -> 44105 | H51: =IFERROR(DATEVALUE(H53),"") -> 44197 | I51: =IFERROR(DATEVALUE(I53),"") -> 44287 | J51: =IFERROR(DATEVALUE(J53),"") -> 44378 | K51: =IFERROR(DATEVALUE(K53),"") -> 44470 | L51: =IFERROR(DATEVALUE(L53),"") -> 44562 | M51: =IFERROR(DATEVALUE(M53),"") -> 44652 | N51: =IFERROR(DATEVALUE(N53),"") -> 44743 | O51: 44835 | P51: =IFERROR(DATEVALUE(P53),"") -> 44927 | Q51: =IFERROR(DATEVALUE(Q53),"") -> 45017 | R51: =IFERROR(DATEVALUE(R53),"") -> 45108 | S51: =IFERROR(DATEVALUE(S53),"") -> 45200 | T51: =IFERROR(DATEVALUE(T53),"") -> 45292 | U51: =IFERROR(DATEVALUE(U53),"") -> 45383 | V51: =IFERROR(DATEVALUE(V53),"") -> 45474 | W51: =IFERROR(DATEVALUE(W53),"") -> 45566 | ... BH51: =IFERROR(DATEVALUE(BH53),"")
A52: Column/ | B52: =IF(B53<>"",COLUMN(B$21)-COLUMN($A$1),"") -> 1 | C52: =IF(D53<>"",COLUMN(C$21)-COLUMN($A$1),"") -> 2 | D52: =IF(E53<>"",COLUMN(D$21)-COLUMN($A$1),"") -> 3 | E52: =IF(C53<>"",COLUMN(E$21)-COLUMN($A$1),"") -> 4 | F52: =IF(F53<>"",COLUMN(F$21)-COLUMN($A$1),"") -> 5 | G52: =IF(G53<>"",COLUMN(G$21)-COLUMN($A$1),"") -> 6 | H52: =IF(H53<>"",COLUMN(H$21)-COLUMN($A$1),"") -> 7 | I52: =IF(I53<>"",COLUMN(I$21)-COLUMN($A$1),"") -> 8 | J52: =IF(J53<>"",COLUMN(J$21)-COLUMN($A$1),"") -> 9 | K52: =IF(K53<>"",COLUMN(K$21)-COLUMN($A$1),"") -> 10 | L52: =IF(L53<>"",COLUMN(L$21)-COLUMN($A$1),"") -> 11 | M52: =IF(M53<>"",COLUMN(M$21)-COLUMN($A$1),"") -> 12 | ... BH52: =IF(BH53<>"",COLUMN(BH$21)-COLUMN($A$1),"")
B53: Date Span | C53: Code | D53: Row | E53: Credit | F53: 07/01/2020 | G53: 10/01/2020 | H53: 01/01/2021 | I53: 04/01/2021 | J53: 07/01/2021 | K53: 10/01/2021 | L53: 01/01/2022 | M53: 04/01/2022 | N53: 07/01/2022 | O53: 10/01/2022 | P53: 01/01/2023 | Q53: 04/01/2023 | R53: 07/01/2023 | S53: 10/01/2023 | T53: 01/01/2024 | U53: 04/01/2024 | V53: 07/01/2024 | W53: 10/01/2024 | X53: 01/02/2025 | Y53: 04/01/2025 | Z53: 07/01/2025 | AA53: 10/01/2025 | AB53: 01/01/2026 | AC53: 04/01/2026
B54: 0.001 | C54: <BBB-0.25 | D54: 1 | E54: <BBB | F54: 0.0144 | G54: 0.0128 | H54: 0.0088 | I54: 0.0062 | J54: 0.0051 | K54: 0.0047 | L54: 0.0047 | M54: 0.0068 | N54: 0.0077 | O54: 0.0076 | P54: 0.0074 | Q54: 0.0074 | R54: 0.0074 | S54: 0.0074 | T54: 0.0071 | U54: 0.0071 | V54: 0.0072 | W54: 0.0072 | X54: 0.0072 | Y54: 0.0072 | Z54: 0.0072 | AA54: 0.0072 | AB54: 0.007 | AC54: -0.0009
B55: 0.5 | C55: <BBB-0.5 | D55: =D54+1 -> 2 | E55: <BBB | F55: 0.0144 | G55: 0.0128 | H55: 0.0088 | I55: 0.0062 | J55: 0.0051 | K55: 0.0047 | L55: 0.0047 | M55: 0.0068 | N55: 0.0077 | O55: 0.0076 | P55: 0.0074 | Q55: 0.0074 | R55: 0.0074 | S55: 0.0074 | T55: 0.0071 | U55: 0.0071 | V55: 0.0072 | W55: 0.0072 | X55: 0.0072 | Y55: 0.0072 | Z55: 0.0072 | AA55: 0.0072 | AB55: 0.007 | AC55: -0.0009
B56: 1 | C56: <BBB-1 | D56: =D55+1 -> 3 | E56: <BBB | F56: 0.0144 | G56: 0.0128 | H56: 0.0088 | I56: 0.0062 | J56: 0.0051 | K56: 0.0047 | L56: 0.0047 | M56: 0.0068 | N56: 0.0077 | O56: 0.0076 | P56: 0.0074 | Q56: 0.0074 | R56: 0.0074 | S56: 0.0074 | T56: 0.0071 | U56: 0.0071 | V56: 0.0072 | W56: 0.0072 | X56: 0.0072 | Y56: 0.0072 | Z56: 0.0072 | AA56: 0.0072 | AB56: 0.007 | AC56: -0.0009
B57: 2 | C57: <BBB-2 | D57: =D56+1 -> 4 | E57: <BBB | F57: 0.015 | G57: 0.0134 | H57: 0.0099 | I57: 0.0071 | J57: 0.0058 | K57: 0.005 | L57: 0.005 | M57: 0.0071 | N57: 0.008 | O57: 0.0079 | P57: 0.0075 | Q57: 0.0075 | R57: 0.0075 | S57: 0.0075 | T57: 0.0072 | U57: 0.0072 | V57: 0.0073 | W57: 0.0073 | X57: 0.0073 | Y57: 0.0073 | Z57: 0.0073 | AA57: 0.0073 | AB57: 0.0071 | AC57: 0.0052
B58: 3 | C58: <BBB-3 | D58: =D57+1 -> 5 | E58: <BBB | F58: 0.0154 | G58: 0.0138 | H58: 0.0104 | I58: 0.0075333333 | J58: 0.0061 | K58: 0.0052666667 | L58: 0.0052666667 | M58: 0.0074333333 | N58: 0.0083333333 | O58: 0.0082333333 | P58: 0.0078 | Q58: 0.0078 | R58: 0.0078 | S58: 0.0078 | T58: 0.0075 | U58: 0.0075666667 | V58: 0.0076666667 | W58: 0.0076666667 | X58: 0.0076666667 | Y58: 0.0076666667 | Z58: 0.0076666667 | AA58: 0.0076666667 | AB58: 0.0074666667 | AC58: 0.0066333333
B59: 4 | C59: <BBB-4 | D59: =D58+1 -> 6 | E59: <BBB | F59: 0.0158 | G59: 0.0142 | H59: 0.0109 | I59: 0.0079666667 | J59: 0.0064 | K59: 0.0055333333 | L59: 0.0055333333 | M59: 0.0077666667 | N59: 0.0086666667 | O59: 0.0085666667 | P59: 0.0081 | Q59: 0.0081 | R59: 0.0081 | S59: 0.0081 | T59: 0.0078 | U59: 0.0079333333 | V59: 0.0080333333 | W59: 0.0080333333 | X59: 0.0080333333 | Y59: 0.0080333333 | Z59: 0.0080333333 | AA59: 0.0080333333 | AB59: 0.0078333333 | AC59: 0.0080666667
B60: 5 | C60: <BBB-5 | D60: =D59+1 -> 7 | E60: <BBB | F60: 0.0162 | G60: 0.0146 | H60: 0.0114 | I60: 0.0084 | J60: 0.0067 | K60: 0.0058 | L60: 0.0058 | M60: 0.0081 | N60: 0.009 | O60: 0.0089 | P60: 0.0084 | Q60: 0.0084 | R60: 0.0084 | S60: 0.0084 | T60: 0.0081 | U60: 0.0083 | V60: 0.0084 | W60: 0.0084 | X60: 0.0084 | Y60: 0.0084 | Z60: 0.0084 | AA60: 0.0084 | AB60: 0.0082 | AC60: 0.0095
B61: 6 | C61: <BBB-6 | D61: =D60+1 -> 8 | E61: <BBB | F61: 0.01638 | G61: 0.0148 | H61: 0.0116 | I61: 0.00872 | J61: 0.00712 | K61: 0.00628 | L61: 0.00628 | M61: 0.00858 | N61: 0.00948 | O61: 0.00944 | P61: 0.00902 | Q61: 0.00902 | R61: 0.00902 | S61: 0.00902 | T61: 0.00864 | U61: 0.0088 | V61: 0.00888 | W61: 0.00888 | X61: 0.00888 | Y61: 0.00888 | Z61: 0.00888 | AA61: 0.00888 | AB61: 0.00866 | AC61: 0.00926
B62: 7 | C62: <BBB-7 | D62: =D61+1 -> 9 | E62: <BBB | F62: 0.01656 | G62: 0.015 | H62: 0.0118 | I62: 0.00904 | J62: 0.00754 | K62: 0.00676 | L62: 0.00676 | M62: 0.00906 | N62: 0.00996 | O62: 0.00998 | P62: 0.00964 | Q62: 0.00964 | R62: 0.00964 | S62: 0.00964 | T62: 0.00918 | U62: 0.0093 | V62: 0.00936 | W62: 0.00936 | X62: 0.00936 | Y62: 0.00936 | Z62: 0.00936 | AA62: 0.00936 | AB62: 0.00912 | AC62: 0.00902
B63: 8 | C63: <BBB-8 | D63: =D62+1 -> 10 | E63: <BBB | F63: 0.01674 | G63: 0.0152 | H63: 0.012 | I63: 0.00936 | J63: 0.00796 | K63: 0.00724 | L63: 0.00724 | M63: 0.00954 | N63: 0.01044 | O63: 0.01052 | P63: 0.01026 | Q63: 0.01026 | R63: 0.01026 | S63: 0.01026 | T63: 0.00972 | U63: 0.0098 | V63: 0.00984 | W63: 0.00984 | X63: 0.00984 | Y63: 0.00984 | Z63: 0.00984 | AA63: 0.00984 | AB63: 0.00958 | AC63: 0.00878
B64: 9 | C64: <BBB-9 | D64: =D63+1 -> 11 | E64: <BBB | F64: 0.01692 | G64: 0.0154 | H64: 0.0122 | I64: 0.00968 | J64: 0.00838 | K64: 0.00772 | L64: 0.00772 | M64: 0.01002 | N64: 0.01092 | O64: 0.01106 | P64: 0.01088 | Q64: 0.01088 | R64: 0.01088 | S64: 0.01088 | T64: 0.01026 | U64: 0.0103 | V64: 0.01032 | W64: 0.01032 | X64: 0.01032 | Y64: 0.01032 | Z64: 0.01032 | AA64: 0.01032 | AB64: 0.01004 | AC64: 0.00854
B65: 10 | C65: <BBB-10 | D65: =D64+1 -> 12 | E65: <BBB | F65: 0.0171 | G65: 0.0156 | H65: 0.0124 | I65: 0.01 | J65: 0.0088 | K65: 0.0082 | L65: 0.0082 | M65: 0.0105 | N65: 0.0114 | O65: 0.0116 | P65: 0.0115 | Q65: 0.0115 | R65: 0.0115 | S65: 0.0115 | T65: 0.0108 | U65: 0.0108 | V65: 0.0108 | W65: 0.0108 | X65: 0.0108 | Y65: 0.0108 | Z65: 0.0108 | AA65: 0.0108 | AB65: 0.0105 | AC65: 0.0083
B66: 11 | C66: <BBB-11 | D66: =D65+1 -> 13 | E66: <BBB | F66: 0.01732 | G66: 0.01584 | H66: 0.01258 | I66: 0.01006 | J66: 0.0088 | K66: 0.00822 | L66: 0.00824 | M66: 0.01054 | N66: 0.01144 | O66: 0.01168 | P66: 0.0116 | Q66: 0.0116 | R66: 0.0116 | S66: 0.0116 | T66: 0.01088 | U66: 0.01088 | V66: 0.01086 | W66: 0.01086 | X66: 0.01086 | Y66: 0.01086 | Z66: 0.00914 | AA66: 0.00914 | AB66: 0.0089 | AC66: 0.00844
... B213: 30 | C213: BBB-30 | D213: =D212+1 -> 160 | E213: BBB | F213: 0.0157 | G213: 0.0143 | H213: 0.0108 | I213: 0.0078 | J213: 0.0063 | K213: 0.0058 | L213: 0.0063 | M213: 0.0086 | N213: 0.0095 | O213: 0.0101 | P213: 0.0101 | Q213: 0.0101 | R213: 0.0101 | S213: 0.0101 | T213: 0.0092 | U213: 0.0092 | V213: 0.009 | W213: 0.009 | X213: 0.009 | Y213: 0.009 | Z213: 0.009 | AA213: 0.009 | AB213: 0.0087 | AC213: -0.0059

Sheet FASB Data
BS11: Insert Columns
B12: DebtBook Treasury Index | BS12: Prior to black line
C13: =IFERROR(DATEVALUE(C15),"") | D13: =IFERROR(DATEVALUE(D15),"") -> 44564 | E13: =IFERROR(DATEVALUE(E15),"") -> 44593 | F13: =IFERROR(DATEVALUE(F15),"") -> 44621 | G13: =IFERROR(DATEVALUE(G15),"") -> 44652 | H13: =IFERROR(DATEVALUE(H15),"") -> 44683 | I13: =IFERROR(DATEVALUE(I15),"") -> 44713 | J13: =IFERROR(DATEVALUE(J15),"") -> 44743 | ... AY13: =IFERROR(DATEVALUE(AY15),"") -> 45992 | AZ13: 46024 | BA13: 46055 | BB13: 46083 | BC13: 46113 | BD13: =IFERROR(DATEVALUE(BD15),"") | BE13: =IFERROR(DATEVALUE(BE15),"") | BF13: =IFERROR(DATEVALUE(BF15),"") | BG13: =IFERROR(DATEVALUE(BG15),"") | BH13: =IFERROR(DATEVALUE(BH15),"") | BI13: =IFERROR(DATEVALUE(BI15),"") | BJ13: =IFERROR(DATEVALUE(BJ15),"") | BK13: =IFERROR(DATEVALUE(BK15),"") | ... BS13: =IFERROR(DATEVALUE(BS15),"")
B14: =IF(B15<>"",COLUMN(B$21)-COLUMN($A$1),"") -> 1 | C14: =IF(C15<>"",COLUMN(C$21)-COLUMN($A$1),"") -> 2 | D14: =IF(D15<>"",COLUMN(D$21)-COLUMN($A$1),"") -> 3 | E14: =IF(E15<>"",COLUMN(E$21)-COLUMN($A$1),"") -> 4 | F14: =IF(F15<>"",COLUMN(F$21)-COLUMN($A$1),"") -> 5 | G14: =IF(G15<>"",COLUMN(G$21)-COLUMN($A$1),"") -> 6 | H14: =IF(H15<>"",COLUMN(H$21)-COLUMN($A$1),"") -> 7 | I14: =IF(I15<>"",COLUMN(I$21)-COLUMN($A$1),"") -> 8 | ... AY14: =IF(AY15<>"",COLUMN(AY$21)-COLUMN($A$1),"") -> 50 | AZ14: 51 | BA14: 52 | BB14: 53 | BC14: 54 | BD14: =IF(BD15<>"",COLUMN(BD$21)-COLUMN($A$1),"") | BE14: =IF(BE15<>"",COLUMN(BE$21)-COLUMN($A$1),"") | BF14: =IF(BF15<>"",COLUMN(BF$21)-COLUMN($A$1),"") | BG14: =IF(BG15<>"",COLUMN(BG$21)-COLUMN($A$1),"") | BH14: =IF(BH15<>"",COLUMN(BH$21)-COLUMN($A$1),"") | BI14: =IF(BI15<>"",COLUMN(BI$21)-COLUMN($A$1),"") | BJ14: =IF(BJ15<>"",COLUMN(BJ$21)-COLUMN($A$1),"") | BK14: =IF(BK15<>"",COLUMN(BK$21)-COLUMN($A$1),"") | ... BS14: =IF(BS15<>"",COLUMN(BS$21)-COLUMN($A$1),"")
B15: Date Span | C15: Row | D15: 1/3/22 | E15: 2/1/22 | F15: 3/1/22 | G15: 4/1/22 | H15: 5/2/22 | I15: 6/1/22 | J15: 7/1/22 | K15: 8/1/22 | L15: 9/1/22 | M15: 10/3/22 | N15: 11/1/22 | O15: 12/1/22 | P15: 1/3/2023 | Q15: 2/1/2023 | R15: 3/1/2023 | S15: 4/3/2023 | T15: 5/1/2023 | U15: 6/1/2023 | V15: 7/3/2023 | W15: 8/1/2023 | X15: 9/1/2023 | Y15: 10/2/2023 | Z15: 11/1/2023 | AA15: 12/1/23 | AB15: 1/2/24 | AC15: 2/1/24 | AD15: 3/1/24 | AE15: 4/1/24 | AF15: 5/1/24 | AG15: 6/3/24 | AH15: 7/1/24 | AI15: 8/1/24 | AJ15: 9/2/24 | AK15: 10/1/24 | AL15: 11/1/24 | AM15: 12/2/24 | AN15: 1/2/25 | AO15: 2/3/25 | AP15: 3/3/25 | AQ15: 4/1/25 | AR15: 5/1/25 | AS15: 6/2/25 | AT15: 7/1/25 | AU15: 8/1/25 | AV15: 9/2/25 | AW15: 10/1/25 | AX15: 11/3/25 | AY15: 12/1/25 | AZ15: 46024 | BA15: 2/2/26 | BB15: 3/2/26 | BC15: 4/1/26
B16: 0.001 | C16: 1 | D16: 0 | E16: 0 | F16: 0 | G16: 0 | H16: 0 | I16: 0 | J16: 0 | K16: 0 | L16: 0 | M16: 0 | N16: 0 | O16: 0 | P16: 0 | Q16: 0 | R16: 0 | S16: 0 | T16: 0 | U16: 0 | V16: 0 | W16: 0 | X16: 0 | Y16: 0 | Z16: 0 | AA16: 0 | AB16: 0 | AC16: 0 | AD16: 0 | AE16: 0 | AF16: 0 | AG16: 0 | AH16: 0 | AI16: 0 | AJ16: 0 | AK16: 0 | AL16: 0 | AM16: 0 | AN16: 0 | AO16: 0 | AP16: 0 | AQ16: 0 | AR16: 0 | AS16: 0 | AT16: 0 | AU16: 0 | AV16: 0 | AW16: 0 | AX16: 0 | AY16: 0 | AZ16: 0 | BA16: 0 | BB16: 0 | BC16: 0
B17: =6/12 -> 0.5 | C17: 2 | D17: 0.0022 | E17: 0.0048 | F17: 0.006 | G17: 0.0109 | H17: 0.0149 | I17: 0.0163 | J17: 0.0252 | K17: 0.0296 | L17: 0.0334 | M17: 0.0397 | N17: 0.0458 | O17: 0.0465 | P17: 0.0477 | Q17: 0.0479 | R17: 0.052 | S17: 0.0488 | T17: 0.0514 | U17: 0.0544 | V17: 0.0553 | W17: 0.0554 | X17: 0.0547 | Y17: 0.0558 | Z17: 0.0551 | AA17: 0.0533 | AB17: 0.0524 | AC17: 0.0515 | AD17: 0.0527 | AE17: 0.0536 | AF17: 0.0543 | AG17: 0.0539 | AH17: 0.0537 | AI17: 0.0508 | AJ17: 0.048 | AK17: 0.0436 | AL17: 0.0442 | AM17: 0.0443 | AN17: 0.0425 | AO17: 0.0428 | AP17: 0.0431 | AQ17: 0.0423 | AR17: 0.0422 | AS17: 0.0431 | AT17: 0.0429 | AU17: 0.0416 | AV17: 0.0399 | AW17: 0.038 | AX17: 0.038 | AY17: 0.0375 | AZ17: 0.0358 | BA17: 0.0362 | BB17: 0.0368 | BC17: 0.0372
B18: 1 | C18: 3 | D18: 0.004 | E18: 0.0078 | F18: 0.0091 | G18: 0.0172 | H18: 0.021 | I18: 0.0216 | J18: 0.0279 | K18: 0.0298 | L18: 0.0351 | M18: 0.0401 | N18: 0.0475 | O18: 0.0466 | P18: 0.0472 | Q18: 0.0466 | R18: 0.0506 | S18: 0.046 | T18: 0.0486 | U18: 0.0511 | V18: 0.0543 | W18: 0.0538 | X18: 0.0536 | Y18: 0.0549 | Z18: 0.0537 | AA18: 0.0505 | AB18: 0.048 | AC18: 0.0468 | AD18: 0.0494 | AE18: 0.0506 | AF18: 0.0521 | AG18: 0.0514 | AH18: 0.051 | AI18: 0.0462 | AJ18: 0.0435 | AK18: 0.0396 | AL18: 0.0428 | AM18: 0.043 | AN18: 0.0417 | AO18: 0.042 | AP18: 0.0406 | AQ18: 0.0401 | AR18: 0.0392 | AS18: 0.0412 | AT18: 0.0398 | AU18: 0.0387 | AV18: 0.0382 | AW18: 0.0362 | AX18: 0.037 | AY18: 0.0362 | AZ18: 0.0347 | BA18: 0.0349 | BB18: 0.0354 | BC18: 0.0368
B19: 2 | C19: 4 | D19: 0.0078 | E19: 0.0118 | F19: 0.0131 | G19: 0.0244 | H19: 0.0273 | I19: 0.0266 | J19: 0.0284 | K19: 0.029 | L19: 0.0351 | M19: 0.0412 | N19: 0.0454 | O19: 0.0425 | P19: 0.044 | Q19: 0.0409 | R19: 0.0489 | S19: 0.0397 | T19: 0.0414 | U19: 0.0433 | V19: 0.0494 | W19: 0.0492 | X19: 0.0487 | Y19: 0.0512 | Z19: 0.0495 | AA19: 0.0456 | AB19: 0.0433 | AC19: 0.042 | AD19: 0.0454 | AE19: 0.0472 | AF19: 0.0496 | AG19: 0.0482 | AH19: 0.0477 | AI19: 0.0416 | AJ19: 0.0388 | AK19: 0.0361 | AL19: 0.0421 | AM19: 0.0417 | AN19: 0.0425 | AO19: 0.0426 | AP19: 0.0396 | AQ19: 0.0387 | AR19: 0.037 | AS19: 0.0394 | AT19: 0.0378 | AU19: 0.0369 | AV19: 0.0366 | AW19: 0.0355 | AX19: 0.036 | AY19: 0.0354 | AZ19: 0.0347 | BA19: 0.0357 | BB19: 0.0347 | BC19: 0.0381
B20: 3 | C20: 5 | D20: 0.0104 | E20: 0.0139 | F20: 0.0147 | G20: 0.0261 | H20: 0.0293 | I20: 0.0284 | J20: 0.0285 | K20: 0.0282 | L20: 0.0354 | M20: 0.0412 | N20: 0.0448 | O20: 0.0398 | P20: 0.0418 | Q20: 0.0375 | R20: 0.0461 | S20: 0.0373 | T20: 0.0385 | U20: 0.0398 | V20: 0.0456 | W20: 0.0457 | X20: 0.0457 | Y20: 0.0488 | Z20: 0.0476 | AA20: 0.0431 | AB20: 0.0409 | AC20: 0.0396 | AD20: 0.0432 | AE20: 0.0451 | AF20: 0.0479 | AG20: 0.0462 | AH20: 0.0458 | AI20: 0.0396 | AJ20: 0.0373 | AK20: 0.0352 | AL20: 0.0418 | AM20: 0.0411 | AN20: 0.0429 | AO20: 0.0428 | AP20: 0.0393 | AQ20: 0.0385 | AR20: 0.0369 | AS20: 0.0391 | AT20: 0.0375 | AU20: 0.0367 | AV20: 0.0363 | AW20: 0.0356 | AX20: 0.0361 | AY20: 0.0355 | AZ20: 0.0355 | BA20: 0.0364 | BB20: 0.0349 | BC20: 0.0384
B21: 4 | C21: 6 | D21: 0.01205 | E21: 0.0151 | F21: 0.01515 | G21: 0.0258 | H21: 0.0297 | I21: 0.0289 | J21: 0.02865 | K21: 0.0274 | L21: 0.03465 | M21: 0.0401 | N21: 0.04375 | O21: 0.0383 | P21: 0.0406 | Q21: 0.03615 | R21: 0.0444 | S21: 0.03625 | T21: 0.03745 | U21: 0.0384 | V21: 0.04375 | W21: 0.04405 | X21: 0.0443 | Y21: 0.048 | Z21: 0.04715 | AA21: 0.04225 | AB21: 0.0401 | AC21: 0.0388 | AD21: 0.04245 | AE21: 0.04425 | AF21: 0.04715 | AG21: 0.0452 | AH21: 0.0451 | AI21: 0.039 | AJ21: 0.0369 | AK21: 0.03515 | AL21: 0.042 | AM21: 0.04095 | AN21: 0.04335 | AO21: 0.04315 | AP21: 0.0395 | AQ21: 0.0388 | AR21: 0.0375 | AS21: 0.0396 | AT21: 0.03795 | AU21: 0.0372 | AV21: 0.03685 | AW21: 0.0362 | AX21: 0.03665 | AY21: 0.0361 | AZ21: 0.03645 | BA21: 0.03735 | BB21: 0.03555 | BC21: 0.03905
B22: 5 | C22: 7 | D22: 0.0137 | E22: 0.0163 | F22: 0.0156 | G22: 0.0255 | H22: 0.0301 | I22: 0.0294 | J22: 0.0288 | K22: 0.0266 | L22: 0.0339 | M22: 0.039 | N22: 0.0427 | O22: 0.0368 | P22: 0.0394 | Q22: 0.0348 | R22: 0.0427 | S22: 0.0352 | T22: 0.0364 | U22: 0.037 | V22: 0.0419 | W22: 0.0424 | X22: 0.0429 | Y22: 0.0472 | Z22: 0.0467 | AA22: 0.0414 | AB22: 0.0393 | AC22: 0.038 | AD22: 0.0417 | AE22: 0.0434 | AF22: 0.0464 | AG22: 0.0442 | AH22: 0.0444 | AI22: 0.0384 | AJ22: 0.0365 | AK22: 0.0351 | AL22: 0.0422 | AM22: 0.0408 | AN22: 0.0438 | AO22: 0.0435 | AP22: 0.0397 | AQ22: 0.0391 | AR22: 0.0381 | AS22: 0.0401 | AT22: 0.0384 | AU22: 0.0377 | AV22: 0.0374 | AW22: 0.0368 | AX22: 0.0372 | AY22: 0.0367 | AZ22: 0.0374 | BA22: 0.0383 | BB22: 0.0362 | BC22: 0.0397
B23: 6 | C23: 8 | D23: 0.0146 | E23: 0.01695 | F23: 0.01615 | G23: 0.02525 | H23: 0.03025 | I23: 0.0296 | J23: 0.029 | K23: 0.0265 | L23: 0.03375 | M23: 0.03845 | N23: 0.04225 | O23: 0.0365 | P23: 0.03915 | Q23: 0.03455 | R23: 0.0422 | S23: 0.035 | T23: 0.0363 | U23: 0.0368 | V23: 0.0411 | W23: 0.04195 | X23: 0.0428 | Y23: 0.04725 | Z23: 0.0471 | AA23: 0.0418 | AB23: 0.0394 | AC23: 0.03815 | AD23: 0.04185 | AE23: 0.04335 | AF23: 0.0464 | AG23: 0.04415 | AH23: 0.04445 | AI23: 0.03865 | AJ23: 0.0369 | AK23: 0.03555 | AL23: 0.0426 | AM23: 0.04105 | AN23: 0.04425 | AO23: 0.044 | AP23: 0.04015 | AQ23: 0.0397 | AR23: 0.03915 | AS23: 0.04115 | AT23: 0.03935 | AU23: 0.0387 | AV23: 0.0386 | AW23: 0.0378 | AX23: 0.0381 | AY23: 0.03765 | AZ23: 0.03845 | BA23: 0.0394 | BB23: 0.0372 | BC23: 0.0406
B24: 7 | C24: 9 | D24: 0.0155 | E24: 0.0176 | F24: 0.0167 | G24: 0.025 | H24: 0.0304 | I24: 0.0298 | J24: 0.0292 | K24: 0.0264 | L24: 0.0336 | M24: 0.0379 | N24: 0.0418 | O24: 0.0362 | P24: 0.0389 | Q24: 0.0343 | R24: 0.0417 | S24: 0.0348 | T24: 0.0362 | U24: 0.0366 | V24: 0.0403 | W24: 0.0415 | X24: 0.0427 | Y24: 0.0473 | Z24: 0.0475 | AA24: 0.0422 | AB24: 0.0395 | AC24: 0.0383 | AD24: 0.042 | AE24: 0.0433 | AF24: 0.0464 | AG24: 0.0441 | AH24: 0.0445 | AI24: 0.0389 | AJ24: 0.0373 | AK24: 0.036 | AL24: 0.043 | AM24: 0.0413 | AN24: 0.0447 | AO24: 0.0445 | AP24: 0.0406 | AQ24: 0.0403 | AR24: 0.0402 | AS24: 0.0422 | AT24: 0.0403 | AU24: 0.0397 | AV24: 0.0398 | AW24: 0.0388 | AX24: 0.039 | AY24: 0.0386 | AZ24: 0.0395 | BA24: 0.0405 | BB24: 0.0382 | BC24: 0.0415
B25: 8 | C25: 10 | D25: 0.015766667 | E25: 0.017766667 | F25: 0.016866667 | G25: 0.024633333 | H25: 0.030233333 | I25: 0.029666667 | J25: 0.029066667 | K25: 0.026266667 | L25: 0.033266667 | M25: 0.0375 | N25: 0.041433333 | O25: 0.0359 | P25: 0.038566667 | Q25: 0.034166667 | R25: 0.041166667 | S25: 0.034633333 | T25: 0.0361 | U25: 0.036433333 | V25: 0.039733333 | W25: 0.041166667 | X25: 0.0424 | Y25: 0.047166667 | Z25: 0.047566667 | AA25: 0.0422 | AB25: 0.0395 | AC25: 0.038433333 | AD25: 0.041966667 | AE25: 0.0433 | AF25: 0.046366667 | AG25: 0.0441 | AH25: 0.0446 | AI25: 0.039233333 | AJ25: 0.037666667 | AK25: 0.036466667 | AL25: 0.043233333 | AM25: 0.0415 | AN25: 0.045033333 | AO25: 0.0448 | AP25: 0.040933333 | AQ25: 0.040766667 | AR25: 0.040966667 | AS25: 0.043 | AT25: 0.041066667 | AU25: 0.040566667 | AV25: 0.0408 | AW25: 0.0396 | AX25: 0.039766667 | AY25: 0.039366667 | AZ25: 0.0403 | BA25: 0.0413 | BB25: 0.038966667 | BC25: 0.0421
B26: 9 | C26: 11 | D26: 0.016033333 | E26: 0.017933333 | F26: 0.017033333 | G26: 0.024266667 | H26: 0.030066667 | I26: 0.029533333 | J26: 0.028933333 | K26: 0.026133333 | L26: 0.032933333 | M26: 0.0371 | N26: 0.041066667 | O26: 0.0356 | P26: 0.038233333 | Q26: 0.034033333 | R26: 0.040633333 | S26: 0.034466667 | T26: 0.036 | U26: 0.036266667 | V26: 0.039166667 | W26: 0.040833333 | X26: 0.0421 | Y26: 0.047033333 | Z26: 0.047633333 | AA26: 0.0422 | AB26: 0.0395 | AC26: 0.038566667 | AD26: 0.041933333 | AE26: 0.0433 | AF26: 0.046333333 | AG26: 0.0441 | AH26: 0.0447 | AI26: 0.039566667 | AJ26: 0.038033333 | AK26: 0.036933333 | AL26: 0.043466667 | AM26: 0.0417 | AN26: 0.045366667 | AO26: 0.0451 | AP26: 0.041266667 | AQ26: 0.041233333 | AR26: 0.041733333 | AS26: 0.0438 | AT26: 0.041833333 | AU26: 0.041433333 | AV26: 0.0418 | AW26: 0.0404 | AX26: 0.040533333 | AY26: 0.040133333 | AZ26: 0.0411 | BA26: 0.0421 | BB26: 0.039733333 | BC26: 0.0427
B27: 10 | C27: 12 | D27: 0.0163 | E27: 0.0181 | F27: 0.0172 | G27: 0.0239 | H27: 0.0299 | I27: 0.0294 | J27: 0.0288 | K27: 0.026 | L27: 0.0326 | M27: 0.0367 | N27: 0.0407 | O27: 0.0353 | P27: 0.0379 | Q27: 0.0339 | R27: 0.0401 | S27: 0.0343 | T27: 0.0359 | U27: 0.0361 | V27: 0.0386 | W27: 0.0405 | X27: 0.0418 | Y27: 0.0469 | Z27: 0.0477 | AA27: 0.0422 | AB27: 0.0395 | AC27: 0.0387 | AD27: 0.0419 | AE27: 0.0433 | AF27: 0.0463 | AG27: 0.0441 | AH27: 0.0448 | AI27: 0.0399 | AJ27: 0.0384 | AK27: 0.0374 | AL27: 0.0437 | AM27: 0.0419 | AN27: 0.0457 | AO27: 0.0454 | AP27: 0.0416 | AQ27: 0.0417 | AR27: 0.0425 | AS27: 0.0446 | AT27: 0.0426 | AU27: 0.0423 | AV27: 0.0428 | AW27: 0.0412 | AX27: 0.0413 | AY27: 0.0409 | AZ27: 0.0419 | BA27: 0.0429 | BB27: 0.0405 | BC27: 0.0433
B28: 11 | C28: 13 | D28: 0.01672 | E28: 0.01848 | F28: 0.01767 | G28: 0.02411 | H28: 0.03017 | I28: 0.02977 | J28: 0.02927 | K28: 0.02652 | L28: 0.03298 | M28: 0.03703 | N28: 0.041 | O28: 0.03562 | P28: 0.03817 | Q28: 0.03418 | R28: 0.04026 | S28: 0.03465 | T28: 0.03626 | U28: 0.03647 | V28: 0.03882 | W28: 0.04075 | X28: 0.0421 | Y28: 0.04721 | Z28: 0.04806 | AA28: 0.04256 | AB28: 0.0398 | AC28: 0.03904 | AD28: 0.04217 | AE28: 0.04355 | AF28: 0.04652 | AG28: 0.04432 | AH28: 0.04508 | AI28: 0.04026 | AJ28: 0.03877 | AK28: 0.0378 | AL28: 0.04401 | AM28: 0.04217 | AN28: 0.04599 | AO28: 0.04568 | AP28: 0.04193 | AQ28: 0.04209 | AR28: 0.043 | AS28: 0.04514 | AT28: 0.04313 | AU28: 0.04286 | AV28: 0.04344 | AW28: 0.04177 | AX28: 0.04184 | AY28: 0.04152 | AZ28: 0.04252 | BA28: 0.04346 | BB28: 0.04109 | BC28: 0.04388
B29: 12 | C29: 14 | D29: 0.01714 | E29: 0.01886 | F29: 0.01814 | G29: 0.02432 | H29: 0.03044 | I29: 0.03014 | J29: 0.02974 | K29: 0.02704 | L29: 0.03336 | M29: 0.03736 | N29: 0.0413 | O29: 0.03594 | P29: 0.03844 | Q29: 0.03446 | R29: 0.04042 | S29: 0.035 | T29: 0.03662 | U29: 0.03684 | V29: 0.03904 | W29: 0.041 | X29: 0.0424 | Y29: 0.04752 | Z29: 0.04842 | AA29: 0.04292 | AB29: 0.0401 | AC29: 0.03938 | AD29: 0.04244 | AE29: 0.0438 | AF29: 0.04674 | AG29: 0.04454 | AH29: 0.04536 | AI29: 0.04062 | AJ29: 0.03914 | AK29: 0.0382 | AL29: 0.04432 | AM29: 0.04244 | AN29: 0.04628 | AO29: 0.04596 | AP29: 0.04226 | AQ29: 0.04248 | AR29: 0.0435 | AS29: 0.04568 | AT29: 0.04366 | AU29: 0.04342 | AV29: 0.04408 | AW29: 0.04234 | AX29: 0.04238 | AY29: 0.04214 | AZ29: 0.04314 | BA29: 0.04402 | BB29: 0.04168 | BC29: 0.04446
... B47: 30 | C47: 32 | D47: 0.0201 | E47: 0.0212 | F47: 0.0211 | G47: 0.0244 | H47: 0.0307 | I47: 0.0309 | J47: 0.0311 | K47: 0.0292 | L47: 0.0337 | M47: 0.0373 | N47: 0.0414 | O47: 0.0364 | P47: 0.0388 | Q47: 0.0355 | R47: 0.0397 | S47: 0.0364 | T47: 0.0384 | U47: 0.0384 | V47: 0.0387 | W47: 0.0411 | X47: 0.0429 | Y47: 0.0481 | Z47: 0.0496 | AA47: 0.044 | AB47: 0.0408 | AC47: 0.041 | AD47: 0.0433 | AE47: 0.0447 | AF47: 0.0474 | AG47: 0.0455 | AH47: 0.0464 | AI47: 0.0427 | AJ47: 0.0413 | AK47: 0.0408 | AL47: 0.0457 | AM47: 0.0436 | AN47: 0.0479 | AO47: 0.0477 | AP47: 0.0445 | AQ47: 0.0452 | AR47: 0.0474 | AS47: 0.0499 | AT47: 0.0478 | AU47: 0.0481 | AV47: 0.0497 | AW47: 0.0472 | AX47: 0.0469 | AY47: 0.0474 | AZ47: 0.0486 | BA47: 0.049 | BB47: 0.047 | BC47: 0.0491

Sheet Custom Data
B5: Tax-Exempt Rate Adjustment | D5: 0.21
BH11: Insert Columns
B12: DebtBook AAA Index | BH12: Prior to black line
C13: =IFERROR(DATEVALUE(C15),"") | D13: =IFERROR(DATEVALUE(D15),"") -> 44378 | E13: =IFERROR(DATEVALUE(E15),"") -> 44470 | F13: =IFERROR(DATEVALUE(F15),"") -> 44562 | G13: =IFERROR(DATEVALUE(G15),"") -> 44652 | H13: =IFERROR(DATEVALUE(H15),"") -> 44743 | I13: =IFERROR(DATEVALUE(I15),"") | J13: =IFERROR(DATEVALUE(J15),"") | ... BH13: =IFERROR(DATEVALUE(BH15),"")
B14: =IF(B15<>"",COLUMN(B$21)-COLUMN($A$1),"") -> 1 | C14: =IF(C15<>"",COLUMN(C$21)-COLUMN($A$1),"") -> 2 | D14: =IF(D15<>"",COLUMN(D$21)-COLUMN($A$1),"") -> 3 | E14: =IF(E15<>"",COLUMN(E$21)-COLUMN($A$1),"") -> 4 | F14: =IF(F15<>"",COLUMN(F$21)-COLUMN($A$1),"") -> 5 | G14: =IF(G15<>"",COLUMN(G$21)-COLUMN($A$1),"") -> 6 | H14: =IF(H15<>"",COLUMN(H$21)-COLUMN($A$1),"") -> 7 | I14: =IF(I15<>"",COLUMN(I$21)-COLUMN($A$1),"") -> 8 | ... BH14: =IF(BH15<>"",COLUMN(BH$21)-COLUMN($A$1),"")
B15: Date Span | C15: Row | D15: 07/01/2021 | E15: 10/01/2021 | F15: 01/01/2022 | G15: 4/1/22 | H15: 7/1/22 | I15: 44835
B16: 0.001 | C16: 1 | D16: 0.00165 | E16: 0.0019333333 | F16: 0.0021833333 | G16: 0.015296667 | H16: 0.015803333
B17: =6/12 -> 0.5 | C17: 2 | D17: 0.00165 | E17: 0.0019333333 | F17: 0.0021833333 | G17: 0.015296667 | H17: 0.015803333
B18: 1 | C18: 3 | D18: 0.00165 | E18: 0.0019333333 | F18: 0.0021833333 | G18: 0.015296667 | H18: 0.015803333
B19: 2 | C19: 4 | D19: 0.0019766667 | E19: 0.0022766667 | F19: 0.0031 | G19: 0.017716667 | H19: 0.018936667
B20: 3 | C20: 5 | D20: 0.0028466667 | E20: 0.0029766667 | F20: 0.0039566667 | G20: 0.01868 | H20: 0.020376667
B21: 4 | C21: 6 | D21: 0.00417 | E21: 0.0043533333 | F21: 0.0051166667 | G21: 0.019293333 | H21: 0.02112
B22: 5 | C22: 7 | D22: 0.0052733333 | E22: 0.00582 | F22: 0.0063566667 | G22: 0.019766667 | H22: 0.021856667
B23: 6 | C23: 8 | D23: 0.0063733333 | E23: 0.0073966667 | F23: 0.0076866667 | G23: 0.020233333 | H23: 0.023216667
B24: 7 | C24: 9 | D24: 0.0075133333 | E24: 0.0087233333 | F24: 0.0089966667 | G24: 0.020693333 | H24: 0.024473333
B25: 8 | C25: 10 | D25: 0.00869 | E25: 0.0098833333 | F25: 0.00992 | G25: 0.021126667 | H25: 0.025296667
B26: 9 | C26: 11 | D26: 0.0098133333 | E26: 0.010943333 | F26: 0.010546667 | G26: 0.021583333 | H26: 0.0259
B27: 10 | C27: 12 | D27: 0.0104 | E27: 0.01164 | F27: 0.01085 | G27: 0.022016667 | H27: 0.026573333
B28: 11 | C28: 13 | D28: 0.010833333 | E28: 0.012186667 | F28: 0.01117 | G28: 0.022363333 | H28: 0.027133333
B29: 12 | C29: 14 | D29: 0.011156667 | E29: 0.012606667 | F29: 0.011356667 | G29: 0.022606667 | H29: 0.027616667
... B47: 30 | C47: 32 | D47: 0.015546667 | E47: 0.017223333 | F47: 0.01541 | G47: 0.025666667 | H47: 0.031286667
B49: DebtBook Credit Spreads
C51: =IFERROR(DATEVALUE(D53),"") | D51: =IFERROR(DATEVALUE(E53),"") | E51: =IFERROR(DATEVALUE(C53),"") | F51: =IFERROR(DATEVALUE(F53),"") -> 44013 | G51: =IFERROR(DATEVALUE(G53),"") -> 44105 | H51: =IFERROR(DATEVALUE(H53),"") -> 44197 | I51: =IFERROR(DATEVALUE(I53),"") -> 44287 | J51: =IFERROR(DATEVALUE(J53),"") -> 44378 | K51: =IFERROR(DATEVALUE(K53),"") -> 44470 | L51: =IFERROR(DATEVALUE(L53),"") -> 44562 | M51: =IFERROR(DATEVALUE(M53),"") -> 44652 | N51: =IFERROR(DATEVALUE(N53),"") -> 44743 | O51: 44835 | P51: 44927 | Q51: 45017 | R51: 45108 | S51: 45200 | T51: =IFERROR(DATEVALUE(T53),"") -> 45292 | U51: =IFERROR(DATEVALUE(U53),"") -> 45383 | V51: =IFERROR(DATEVALUE(V53),"") -> 45474 | W51: =IFERROR(DATEVALUE(W53),"") -> 45566 | X51: =IFERROR(DATEVALUE(X53),"") -> 45659 | Y51: =IFERROR(DATEVALUE(Y53),"") -> 45748 | Z51: =IFERROR(DATEVALUE(Z53),"") -> 45839 | AA51: =IFERROR(DATEVALUE(AA53),"") -> 45931 | ... BG51: =IFERROR(DATEVALUE(BG53),"")
A52: Column/ | B52: =IF(B53<>"",COLUMN(B$21)-COLUMN($A$1),"") -> 1 | C52: =IF(D53<>"",COLUMN(C$21)-COLUMN($A$1),"") -> 2 | D52: =IF(E53<>"",COLUMN(D$21)-COLUMN($A$1),"") -> 3 | E52: =IF(C53<>"",COLUMN(E$21)-COLUMN($A$1),"") -> 4 | F52: =IF(F53<>"",COLUMN(F$21)-COLUMN($A$1),"") -> 5 | G52: =IF(G53<>"",COLUMN(G$21)-COLUMN($A$1),"") -> 6 | H52: =IF(H53<>"",COLUMN(H$21)-COLUMN($A$1),"") -> 7 | I52: =IF(I53<>"",COLUMN(I$21)-COLUMN($A$1),"") -> 8 | J52: =IF(J53<>"",COLUMN(J$21)-COLUMN($A$1),"") -> 9 | K52: =IF(K53<>"",COLUMN(K$21)-COLUMN($A$1),"") -> 10 | L52: =IF(L53<>"",COLUMN(L$21)-COLUMN($A$1),"") -> 11 | M52: =IF(M53<>"",COLUMN(M$21)-COLUMN($A$1),"") -> 12 | ... BG52: =IF(BG53<>"",COLUMN(BG$21)-COLUMN($A$1),"")
B53: Date Span | C53: Code | D53: Row | E53: Credit | F53: 07/01/2020 | G53: 10/01/2020 | H53: 01/01/2021 | I53: 04/01/2021 | J53: 07/01/2021 | K53: 10/01/2021 | L53: 01/01/2022 | M53: 04/01/2022 | N53: 07/01/2022 | O53: 10/01/2022 | P53: 01/01/2023 | Q53: 04/01/2023 | R53: 07/01/2023 | S53: 10/01/2023 | T53: 01/01/2024 | U53: 04/01/2024 | V53: 07/01/2024 | W53: 10/01/2024 | X53: 01/02/2025 | Y53: 04/01/2025 | Z53: 07/01/2025 | AA53: 10/01/2025 | AB53: 01/01/2026 | AC53: 04/01/2026
B54: 0.001 | C54: <BBB-0.25 | D54: 1 | E54: <BBB | F54: =Summary!C23 -> 0 | G54: ='Custom Data'!$F54 -> 0 | H54: ='Custom Data'!$G54 -> 0 | I54: ='Custom Data'!$H54 -> 0 | J54: ='Custom Data'!$I54 -> 0 | K54: ='Custom Data'!$F54 -> 0 | L54: ='Custom Data'!$F54 -> 0 | M54: ='Custom Data'!$G54 -> 0 | N54: ='Custom Data'!$H54 -> 0 | O54: ='Custom Data'!$H54 -> 0 | P54: ='Custom Data'!$H54 -> 0 | Q54: ='Custom Data'!$H54 -> 0 | R54: ='Custom Data'!$H54 -> 0 | S54: ='Custom Data'!$H54 -> 0 | T54: ='Custom Data'!$H54 -> 0 | U54: ='Custom Data'!$H54 -> 0 | ... W54: ='Custom Data'!$H54 -> 0 | X54: 0 | Y54: 0 | Z54: 0 | AA54: 0 | AB54: 0 | AC54: 0
B55: 0.5 | C55: <BBB-0.5 | D55: =D54+1 -> 2 | E55: <BBB | F55: =Summary!D23 -> 0 | G55: ='Custom Data'!$F55 -> 0 | H55: ='Custom Data'!$G55 -> 0 | I55: ='Custom Data'!$H55 -> 0 | J55: ='Custom Data'!$I55 -> 0 | K55: ='Custom Data'!$F55 -> 0 | L55: ='Custom Data'!$F55 -> 0 | M55: ='Custom Data'!$G55 -> 0 | N55: ='Custom Data'!$H55 -> 0 | O55: ='Custom Data'!$H55 -> 0 | P55: ='Custom Data'!$H55 -> 0 | Q55: ='Custom Data'!$H55 -> 0 | R55: ='Custom Data'!$H55 -> 0 | S55: ='Custom Data'!$H55 -> 0 | T55: ='Custom Data'!$H55 -> 0 | U55: ='Custom Data'!$H55 -> 0 | ... W55: ='Custom Data'!$H55 -> 0 | X55: 0 | Y55: 0 | Z55: 0 | AA55: 0 | AB55: 0 | AC55: 0
B56: 1 | C56: <BBB-1 | D56: =D55+1 -> 3 | E56: <BBB | F56: =Summary!E23 -> 0 | G56: ='Custom Data'!$F56 -> 0 | H56: ='Custom Data'!$G56 -> 0 | I56: ='Custom Data'!$H56 -> 0 | J56: ='Custom Data'!$I56 -> 0 | K56: ='Custom Data'!$F56 -> 0 | L56: ='Custom Data'!$F56 -> 0 | M56: ='Custom Data'!$G56 -> 0 | N56: ='Custom Data'!$H56 -> 0 | O56: ='Custom Data'!$H56 -> 0 | P56: ='Custom Data'!$H56 -> 0 | Q56: ='Custom Data'!$H56 -> 0 | R56: ='Custom Data'!$H56 -> 0 | S56: ='Custom Data'!$H56 -> 0 | T56: ='Custom Data'!$H56 -> 0 | U56: ='Custom Data'!$H56 -> 0 | ... W56: ='Custom Data'!$H56 -> 0 | X56: 0 | Y56: 0 | Z56: 0 | AA56: 0 | AB56: 0 | AC56: 0
B57: 2 | C57: <BBB-2 | D57: =D56+1 -> 4 | E57: <BBB | F57: =Summary!F23 -> 0 | G57: ='Custom Data'!$F57 -> 0 | H57: ='Custom Data'!$G57 -> 0 | I57: ='Custom Data'!$H57 -> 0 | J57: ='Custom Data'!$I57 -> 0 | K57: ='Custom Data'!$F57 -> 0 | L57: ='Custom Data'!$F57 -> 0 | M57: ='Custom Data'!$G57 -> 0 | N57: ='Custom Data'!$H57 -> 0 | O57: ='Custom Data'!$H57 -> 0 | P57: ='Custom Data'!$H57 -> 0 | Q57: ='Custom Data'!$H57 -> 0 | R57: ='Custom Data'!$H57 -> 0 | S57: ='Custom Data'!$H57 -> 0 | T57: ='Custom Data'!$H57 -> 0 | U57: ='Custom Data'!$H57 -> 0 | ... W57: ='Custom Data'!$H57 -> 0 | X57: 0 | Y57: 0 | Z57: 0 | AA57: 0 | AB57: 0 | AC57: 0
B58: 3 | C58: <BBB-3 | D58: =D57+1 -> 5 | E58: <BBB | F58: =Summary!G23 -> 0 | G58: ='Custom Data'!$F58 -> 0 | H58: ='Custom Data'!$G58 -> 0 | I58: ='Custom Data'!$H58 -> 0 | J58: ='Custom Data'!$I58 -> 0 | K58: ='Custom Data'!$F58 -> 0 | L58: ='Custom Data'!$F58 -> 0 | M58: ='Custom Data'!$G58 -> 0 | N58: ='Custom Data'!$H58 -> 0 | O58: ='Custom Data'!$H58 -> 0 | P58: ='Custom Data'!$H58 -> 0 | Q58: ='Custom Data'!$H58 -> 0 | R58: ='Custom Data'!$H58 -> 0 | S58: ='Custom Data'!$H58 -> 0 | T58: ='Custom Data'!$H58 -> 0 | U58: ='Custom Data'!$H58 -> 0 | ... W58: ='Custom Data'!$H58 -> 0 | X58: 0 | Y58: 0 | Z58: 0 | AA58: 0 | AB58: 0 | AC58: 0
B59: 4 | C59: <BBB-4 | D59: =D58+1 -> 6 | E59: <BBB | F59: =F58+(F60-F58)/2 -> 0 | G59: ='Custom Data'!$F59 -> 0 | H59: ='Custom Data'!$G59 -> 0 | I59: ='Custom Data'!$H59 -> 0 | J59: ='Custom Data'!$I59 -> 0 | K59: ='Custom Data'!$F59 -> 0 | L59: ='Custom Data'!$F59 -> 0 | M59: ='Custom Data'!$G59 -> 0 | N59: ='Custom Data'!$H59 -> 0 | O59: ='Custom Data'!$H59 -> 0 | P59: ='Custom Data'!$H59 -> 0 | Q59: ='Custom Data'!$H59 -> 0 | R59: ='Custom Data'!$H59 -> 0 | S59: ='Custom Data'!$H59 -> 0 | T59: ='Custom Data'!$H59 -> 0 | U59: ='Custom Data'!$H59 -> 0 | ... W59: ='Custom Data'!$H59 -> 0 | X59: 0 | Y59: 0 | Z59: 0 | AA59: 0 | AB59: 0 | AC59: 0
B60: 5 | C60: <BBB-5 | D60: =D59+1 -> 7 | E60: <BBB | F60: =Summary!H23 -> 0 | G60: ='Custom Data'!$F60 -> 0 | H60: ='Custom Data'!$G60 -> 0 | I60: ='Custom Data'!$H60 -> 0 | J60: ='Custom Data'!$I60 -> 0 | K60: ='Custom Data'!$F60 -> 0 | L60: ='Custom Data'!$F60 -> 0 | M60: ='Custom Data'!$G60 -> 0 | N60: ='Custom Data'!$H60 -> 0 | O60: ='Custom Data'!$H60 -> 0 | P60: ='Custom Data'!$H60 -> 0 | Q60: ='Custom Data'!$H60 -> 0 | R60: ='Custom Data'!$H60 -> 0 | S60: ='Custom Data'!$H60 -> 0 | T60: ='Custom Data'!$H60 -> 0 | U60: ='Custom Data'!$H60 -> 0 | ... W60: ='Custom Data'!$H60 -> 0 | X60: 0 | Y60: 0 | Z60: 0 | AA60: 0 | AB60: 0 | AC60: 0
B61: 6 | C61: <BBB-6 | D61: =D60+1 -> 8 | E61: <BBB | F61: =F60+(F62-F60)/2 -> 0 | G61: ='Custom Data'!$F61 -> 0 | H61: ='Custom Data'!$G61 -> 0 | I61: ='Custom Data'!$H61 -> 0 | J61: ='Custom Data'!$I61 -> 0 | K61: ='Custom Data'!$F61 -> 0 | L61: ='Custom Data'!$F61 -> 0 | M61: ='Custom Data'!$G61 -> 0 | N61: ='Custom Data'!$H61 -> 0 | O61: ='Custom Data'!$H61 -> 0 | P61: ='Custom Data'!$H61 -> 0 | Q61: ='Custom Data'!$H61 -> 0 | R61: ='Custom Data'!$H61 -> 0 | S61: ='Custom Data'!$H61 -> 0 | T61: ='Custom Data'!$H61 -> 0 | U61: ='Custom Data'!$H61 -> 0 | ... W61: ='Custom Data'!$H61 -> 0 | X61: 0 | Y61: 0 | Z61: 0 | AA61: 0 | AB61: 0 | AC61: 0
B62: 7 | C62: <BBB-7 | D62: =D61+1 -> 9 | E62: <BBB | F62: =Summary!I23 -> 0 | G62: ='Custom Data'!$F62 -> 0 | H62: ='Custom Data'!$G62 -> 0 | I62: ='Custom Data'!$H62 -> 0 | J62: ='Custom Data'!$I62 -> 0 | K62: ='Custom Data'!$F62 -> 0 | L62: ='Custom Data'!$F62 -> 0 | M62: ='Custom Data'!$G62 -> 0 | N62: ='Custom Data'!$H62 -> 0 | O62: ='Custom Data'!$H62 -> 0 | P62: ='Custom Data'!$H62 -> 0 | Q62: ='Custom Data'!$H62 -> 0 | R62: ='Custom Data'!$H62 -> 0 | S62: ='Custom Data'!$H62 -> 0 | T62: ='Custom Data'!$H62 -> 0 | U62: ='Custom Data'!$H62 -> 0 | ... W62: ='Custom Data'!$H62 -> 0 | X62: 0 | Y62: 0 | Z62: 0 | AA62: 0 | AB62: 0 | AC62: 0
B63: 8 | C63: <BBB-8 | D63: =D62+1 -> 10 | E63: <BBB | F63: =F62+(F65-F62)/3 -> 0 | G63: ='Custom Data'!$F63 -> 0 | H63: ='Custom Data'!$G63 -> 0 | I63: ='Custom Data'!$H63 -> 0 | J63: ='Custom Data'!$I63 -> 0 | K63: ='Custom Data'!$F63 -> 0 | L63: ='Custom Data'!$F63 -> 0 | M63: ='Custom Data'!$G63 -> 0 | N63: ='Custom Data'!$H63 -> 0 | O63: ='Custom Data'!$H63 -> 0 | P63: ='Custom Data'!$H63 -> 0 | Q63: ='Custom Data'!$H63 -> 0 | R63: ='Custom Data'!$H63 -> 0 | S63: ='Custom Data'!$H63 -> 0 | T63: ='Custom Data'!$H63 -> 0 | U63: ='Custom Data'!$H63 -> 0 | ... W63: ='Custom Data'!$H63 -> 0 | X63: 0 | Y63: 0 | Z63: 0 | AA63: 0 | AB63: 0 | AC63: 0
B64: 9 | C64: <BBB-9 | D64: =D63+1 -> 11 | E64: <BBB | F64: =F63+(F65-F62)/3 -> 0 | G64: ='Custom Data'!$F64 -> 0 | H64: ='Custom Data'!$G64 -> 0 | I64: ='Custom Data'!$H64 -> 0 | J64: ='Custom Data'!$I64 -> 0 | K64: ='Custom Data'!$F64 -> 0 | L64: ='Custom Data'!$F64 -> 0 | M64: ='Custom Data'!$G64 -> 0 | N64: ='Custom Data'!$H64 -> 0 | O64: ='Custom Data'!$H64 -> 0 | P64: ='Custom Data'!$H64 -> 0 | Q64: ='Custom Data'!$H64 -> 0 | R64: ='Custom Data'!$H64 -> 0 | S64: ='Custom Data'!$H64 -> 0 | T64: ='Custom Data'!$H64 -> 0 | U64: ='Custom Data'!$H64 -> 0 | ... W64: ='Custom Data'!$H64 -> 0 | X64: 0 | Y64: 0 | Z64: 0 | AA64: 0 | AB64: 0 | AC64: 0
B65: 10 | C65: <BBB-10 | D65: =D64+1 -> 12 | E65: <BBB | F65: =Summary!J23 -> 0 | G65: ='Custom Data'!$F65 -> 0 | H65: ='Custom Data'!$G65 -> 0 | I65: ='Custom Data'!$H65 -> 0 | J65: ='Custom Data'!$I65 -> 0 | K65: ='Custom Data'!$F65 -> 0 | L65: ='Custom Data'!$F65 -> 0 | M65: ='Custom Data'!$G65 -> 0 | N65: ='Custom Data'!$H65 -> 0 | O65: ='Custom Data'!$H65 -> 0 | P65: ='Custom Data'!$H65 -> 0 | Q65: ='Custom Data'!$H65 -> 0 | R65: ='Custom Data'!$H65 -> 0 | S65: ='Custom Data'!$H65 -> 0 | T65: ='Custom Data'!$H65 -> 0 | U65: ='Custom Data'!$H65 -> 0 | ... W65: ='Custom Data'!$H65 -> 0 | X65: 0 | Y65: 0 | Z65: 0 | AA65: 0 | AB65: 0 | AC65: 0
B66: 11 | C66: <BBB-11 | D66: =D65+1 -> 13 | E66: <BBB | F66: =F65+(F75-F65)/10 -> 0 | G66: ='Custom Data'!$F66 -> 0 | H66: ='Custom Data'!$G66 -> 0 | I66: ='Custom Data'!$H66 -> 0 | J66: ='Custom Data'!$I66 -> 0 | K66: ='Custom Data'!$F66 -> 0 | L66: ='Custom Data'!$F66 -> 0 | M66: ='Custom Data'!$G66 -> 0 | N66: ='Custom Data'!$H66 -> 0 | O66: ='Custom Data'!$H66 -> 0 | P66: ='Custom Data'!$H66 -> 0 | Q66: ='Custom Data'!$H66 -> 0 | R66: ='Custom Data'!$H66 -> 0 | S66: ='Custom Data'!$H66 -> 0 | T66: ='Custom Data'!$H66 -> 0 | U66: ='Custom Data'!$H66 -> 0 | ... W66: ='Custom Data'!$H66 -> 0 | X66: 0 | Y66: 0 | Z66: 0 | AA66: 0 | AB66: 0 | AC66: 0
B67: 12 | C67: <BBB-12 | D67: =D66+1 -> 14 | E67: <BBB | F67: =F66+(F75-F65)/10 -> 0 | G67: ='Custom Data'!$F67 -> 0 | H67: ='Custom Data'!$G67 -> 0 | I67: ='Custom Data'!$H67 -> 0 | J67: ='Custom Data'!$I67 -> 0 | K67: ='Custom Data'!$F67 -> 0 | L67: ='Custom Data'!$F67 -> 0 | M67: ='Custom Data'!$G67 -> 0 | N67: ='Custom Data'!$H67 -> 0 | O67: ='Custom Data'!$H67 -> 0 | P67: ='Custom Data'!$H67 -> 0 | Q67: ='Custom Data'!$H67 -> 0 | R67: ='Custom Data'!$H67 -> 0 | S67: ='Custom Data'!$H67 -> 0 | T67: ='Custom Data'!$H67 -> 0 | U67: ='Custom Data'!$H67 -> 0 | ... W67: ='Custom Data'!$H67 -> 0 | X67: 0 | Y67: 0 | Z67: 0 | AA67: 0 | AB67: 0 | AC67: 0
B68: 13 | C68: <BBB-13 | D68: =D67+1 -> 15 | E68: <BBB | F68: =F67+(F75-F65)/10 -> 0 | G68: ='Custom Data'!$F68 -> 0 | H68: ='Custom Data'!$G68 -> 0 | I68: ='Custom Data'!$H68 -> 0 | J68: ='Custom Data'!$I68 -> 0 | K68: ='Custom Data'!$F68 -> 0 | L68: ='Custom Data'!$F68 -> 0 | M68: ='Custom Data'!$G68 -> 0 | N68: ='Custom Data'!$H68 -> 0 | O68: ='Custom Data'!$H68 -> 0 | P68: ='Custom Data'!$H68 -> 0 | Q68: ='Custom Data'!$H68 -> 0 | R68: ='Custom Data'!$H68 -> 0 | S68: ='Custom Data'!$H68 -> 0 | T68: ='Custom Data'!$H68 -> 0 | U68: ='Custom Data'!$H68 -> 0 | ... W68: ='Custom Data'!$H68 -> 0 | X68: 0 | Y68: 0 | Z68: 0 | AA68: 0 | AB68: 0 | AC68: 0
B69: 14 | C69: <BBB-14 | D69: =D68+1 -> 16 | E69: <BBB | F69: =F68+(F75-F65)/10 -> 0 | G69: ='Custom Data'!$F69 -> 0 | H69: ='Custom Data'!$G69 -> 0 | I69: ='Custom Data'!$H69 -> 0 | J69: ='Custom Data'!$I69 -> 0 | K69: ='Custom Data'!$F69 -> 0 | L69: ='Custom Data'!$F69 -> 0 | M69: ='Custom Data'!$G69 -> 0 | N69: ='Custom Data'!$H69 -> 0 | O69: ='Custom Data'!$H69 -> 0 | P69: ='Custom Data'!$H69 -> 0 | Q69: ='Custom Data'!$H69 -> 0 | R69: ='Custom Data'!$H69 -> 0 | S69: ='Custom Data'!$H69 -> 0 | T69: ='Custom Data'!$H69 -> 0 | U69: ='Custom Data'!$H69 -> 0 | ... W69: ='Custom Data'!$H69 -> 0 | X69: 0 | Y69: 0 | Z69: 0 | AA69: 0 | AB69: 0 | AC69: 0
B70: 15 | C70: <BBB-15 | D70: =D69+1 -> 17 | E70: <BBB | F70: =F69+(F75-F65)/10 -> 0 | G70: ='Custom Data'!$F70 -> 0 | H70: ='Custom Data'!$G70 -> 0 | I70: ='Custom Data'!$H70 -> 0 | J70: ='Custom Data'!$I70 -> 0 | K70: ='Custom Data'!$F70 -> 0 | L70: ='Custom Data'!$F70 -> 0 | M70: ='Custom Data'!$G70 -> 0 | N70: ='Custom Data'!$H70 -> 0 | O70: ='Custom Data'!$H70 -> 0 | P70: ='Custom Data'!$H70 -> 0 | Q70: ='Custom Data'!$H70 -> 0 | R70: ='Custom Data'!$H70 -> 0 | S70: ='Custom Data'!$H70 -> 0 | T70: ='Custom Data'!$H70 -> 0 | U70: ='Custom Data'!$H70 -> 0 | ... W70: ='Custom Data'!$H70 -> 0 | X70: 0 | Y70: 0 | Z70: 0 | AA70: 0 | AB70: 0 | AC70: 0
B71: 16 | C71: <BBB-16 | D71: =D70+1 -> 18 | E71: <BBB | F71: =F70+(F75-F65)/10 -> 0 | G71: ='Custom Data'!$F71 -> 0 | H71: ='Custom Data'!$G71 -> 0 | I71: ='Custom Data'!$H71 -> 0 | J71: ='Custom Data'!$I71 -> 0 | K71: ='Custom Data'!$F71 -> 0 | L71: ='Custom Data'!$F71 -> 0 | M71: ='Custom Data'!$G71 -> 0 | N71: ='Custom Data'!$H71 -> 0 | O71: ='Custom Data'!$H71 -> 0 | P71: ='Custom Data'!$H71 -> 0 | Q71: ='Custom Data'!$H71 -> 0 | R71: ='Custom Data'!$H71 -> 0 | S71: ='Custom Data'!$H71 -> 0 | T71: ='Custom Data'!$H71 -> 0 | U71: ='Custom Data'!$H71 -> 0 | ... W71: ='Custom Data'!$H71 -> 0 | X71: 0 | Y71: 0 | Z71: 0 | AA71: 0 | AB71: 0 | AC71: 0
B72: 17 | C72: <BBB-17 | D72: =D71+1 -> 19 | E72: <BBB | F72: =F71+(F75-F65)/10 -> 0 | G72: ='Custom Data'!$F72 -> 0 | H72: ='Custom Data'!$G72 -> 0 | I72: ='Custom Data'!$H72 -> 0 | J72: ='Custom Data'!$I72 -> 0 | K72: ='Custom Data'!$F72 -> 0 | L72: ='Custom Data'!$F72 -> 0 | M72: ='Custom Data'!$G72 -> 0 | N72: ='Custom Data'!$H72 -> 0 | O72: ='Custom Data'!$H72 -> 0 | P72: ='Custom Data'!$H72 -> 0 | Q72: ='Custom Data'!$H72 -> 0 | R72: ='Custom Data'!$H72 -> 0 | S72: ='Custom Data'!$H72 -> 0 | T72: ='Custom Data'!$H72 -> 0 | U72: ='Custom Data'!$H72 -> 0 | ... W72: ='Custom Data'!$H72 -> 0 | X72: 0 | Y72: 0 | Z72: 0 | AA72: 0 | AB72: 0 | AC72: 0
B73: 18 | C73: <BBB-18 | D73: =D72+1 -> 20 | E73: <BBB | F73: =F72+(F75-F65)/10 -> 0 | G73: ='Custom Data'!$F73 -> 0 | H73: ='Custom Data'!$G73 -> 0 | I73: ='Custom Data'!$H73 -> 0 | J73: ='Custom Data'!$I73 -> 0 | K73: ='Custom Data'!$F73 -> 0 | L73: ='Custom Data'!$F73 -> 0 | M73: ='Custom Data'!$G73 -> 0 | N73: ='Custom Data'!$H73 -> 0 | O73: ='Custom Data'!$H73 -> 0 | P73: ='Custom Data'!$H73 -> 0 | Q73: ='Custom Data'!$H73 -> 0 | R73: ='Custom Data'!$H73 -> 0 | S73: ='Custom Data'!$H73 -> 0 | T73: ='Custom Data'!$H73 -> 0 | U73: ='Custom Data'!$H73 -> 0 | ... W73: ='Custom Data'!$H73 -> 0 | X73: 0 | Y73: 0 | Z73: 0 | AA73: 0 | AB73: 0 | AC73: 0
B74: 19 | C74: <BBB-19 | D74: =D73+1 -> 21 | E74: <BBB | F74: =F73+(F75-F65)/10 -> 0 | G74: ='Custom Data'!$F74 -> 0 | H74: ='Custom Data'!$G74 -> 0 | I74: ='Custom Data'!$H74 -> 0 | J74: ='Custom Data'!$I74 -> 0 | K74: ='Custom Data'!$F74 -> 0 | L74: ='Custom Data'!$F74 -> 0 | M74: ='Custom Data'!$G74 -> 0 | N74: ='Custom Data'!$H74 -> 0 | O74: ='Custom Data'!$H74 -> 0 | P74: ='Custom Data'!$H74 -> 0 | Q74: ='Custom Data'!$H74 -> 0 | R74: ='Custom Data'!$H74 -> 0 | S74: ='Custom Data'!$H74 -> 0 | T74: ='Custom Data'!$H74 -> 0 | U74: ='Custom Data'!$H74 -> 0 | ... W74: ='Custom Data'!$H74 -> 0 | X74: 0 | Y74: 0 | Z74: 0 | AA74: 0 | AB74: 0 | AC74: 0
B75: 20 | C75: <BBB-20 | D75: =D74+1 -> 22 | E75: <BBB | F75: =Summary!K23 -> 0 | G75: ='Custom Data'!$F75 -> 0 | H75: ='Custom Data'!$G75 -> 0 | I75: ='Custom Data'!$H75 -> 0 | J75: ='Custom Data'!$I75 -> 0 | K75: ='Custom Data'!$F75 -> 0 | L75: ='Custom Data'!$F75 -> 0 | M75: ='Custom Data'!$G75 -> 0 | N75: ='Custom Data'!$H75 -> 0 | O75: ='Custom Data'!$H75 -> 0 | P75: ='Custom Data'!$H75 -> 0 | Q75: ='Custom Data'!$H75 -> 0 | R75: ='Custom Data'!$H75 -> 0 | S75: ='Custom Data'!$H75 -> 0 | T75: ='Custom Data'!$H75 -> 0 | U75: ='Custom Data'!$H75 -> 0 | ... W75: ='Custom Data'!$H75 -> 0 | X75: 0 | Y75: 0 | Z75: 0 | AA75: 0 | AB75: 0 | AC75: 0
B76: 21 | C76: <BBB-21 | D76: =D75+1 -> 23 | E76: <BBB | F76: =F75+(F85-F75)/10 -> 0 | G76: ='Custom Data'!$F76 -> 0 | H76: ='Custom Data'!$G76 -> 0 | I76: ='Custom Data'!$H76 -> 0 | J76: ='Custom Data'!$I76 -> 0 | K76: ='Custom Data'!$F76 -> 0 | L76: ='Custom Data'!$F76 -> 0 | M76: ='Custom Data'!$G76 -> 0 | N76: ='Custom Data'!$H76 -> 0 | O76: ='Custom Data'!$H76 -> 0 | P76: ='Custom Data'!$H76 -> 0 | Q76: ='Custom Data'!$H76 -> 0 | R76: ='Custom Data'!$H76 -> 0 | S76: ='Custom Data'!$H76 -> 0 | T76: ='Custom Data'!$H76 -> 0 | U76: ='Custom Data'!$H76 -> 0 | ... W76: ='Custom Data'!$H76 -> 0 | X76: 0 | Y76: 0 | Z76: 0 | AA76: 0 | AB76: 0 | AC76: 0
B77: 22 | C77: <BBB-22 | D77: =D76+1 -> 24 | E77: <BBB | F77: =F76+(F85-F75)/10 -> 0 | G77: ='Custom Data'!$F77 -> 0 | H77: ='Custom Data'!$G77 -> 0 | I77: ='Custom Data'!$H77 -> 0 | J77: ='Custom Data'!$I77 -> 0 | K77: ='Custom Data'!$F77 -> 0 | L77: ='Custom Data'!$F77 -> 0 | M77: ='Custom Data'!$G77 -> 0 | N77: ='Custom Data'!$H77 -> 0 | O77: ='Custom Data'!$H77 -> 0 | P77: ='Custom Data'!$H77 -> 0 | Q77: ='Custom Data'!$H77 -> 0 | R77: ='Custom Data'!$H77 -> 0 | S77: ='Custom Data'!$H77 -> 0 | T77: ='Custom Data'!$H77 -> 0 | U77: ='Custom Data'!$H77 -> 0 | ... W77: ='Custom Data'!$H77 -> 0 | X77: 0 | Y77: 0 | Z77: 0 | AA77: 0 | AB77: 0 | AC77: 0
B78: 23 | C78: <BBB-23 | D78: =D77+1 -> 25 | E78: <BBB | F78: =F77+(F85-F75)/10 -> 0 | G78: ='Custom Data'!$F78 -> 0 | H78: ='Custom Data'!$G78 -> 0 | I78: ='Custom Data'!$H78 -> 0 | J78: ='Custom Data'!$I78 -> 0 | K78: ='Custom Data'!$F78 -> 0 | L78: ='Custom Data'!$F78 -> 0 | M78: ='Custom Data'!$G78 -> 0 | N78: ='Custom Data'!$H78 -> 0 | O78: ='Custom Data'!$H78 -> 0 | P78: ='Custom Data'!$H78 -> 0 | Q78: ='Custom Data'!$H78 -> 0 | R78: ='Custom Data'!$H78 -> 0 | S78: ='Custom Data'!$H78 -> 0 | T78: ='Custom Data'!$H78 -> 0 | U78: ='Custom Data'!$H78 -> 0 | ... W78: ='Custom Data'!$H78 -> 0 | X78: 0 | Y78: 0 | Z78: 0 | AA78: 0 | AB78: 0 | AC78: 0
B79: 24 | C79: <BBB-24 | D79: =D78+1 -> 26 | E79: <BBB | F79: =F78+(F85-F75)/10 -> 0 | G79: ='Custom Data'!$F79 -> 0 | H79: ='Custom Data'!$G79 -> 0 | I79: ='Custom Data'!$H79 -> 0 | J79: ='Custom Data'!$I79 -> 0 | K79: ='Custom Data'!$F79 -> 0 | L79: ='Custom Data'!$F79 -> 0 | M79: ='Custom Data'!$G79 -> 0 | N79: ='Custom Data'!$H79 -> 0 | O79: ='Custom Data'!$H79 -> 0 | P79: ='Custom Data'!$H79 -> 0 | Q79: ='Custom Data'!$H79 -> 0 | R79: ='Custom Data'!$H79 -> 0 | S79: ='Custom Data'!$H79 -> 0 | T79: ='Custom Data'!$H79 -> 0 | U79: ='Custom Data'!$H79 -> 0 | ... W79: ='Custom Data'!$H79 -> 0 | X79: 0 | Y79: 0 | Z79: 0 | AA79: 0 | AB79: 0 | AC79: 0
B80: 25 | C80: <BBB-25 | D80: =D79+1 -> 27 | E80: <BBB | F80: =F79+(F85-F75)/10 -> 0 | G80: ='Custom Data'!$F80 -> 0 | H80: ='Custom Data'!$G80 -> 0 | I80: ='Custom Data'!$H80 -> 0 | J80: ='Custom Data'!$I80 -> 0 | K80: ='Custom Data'!$F80 -> 0 | L80: ='Custom Data'!$F80 -> 0 | M80: ='Custom Data'!$G80 -> 0 | N80: ='Custom Data'!$H80 -> 0 | O80: ='Custom Data'!$H80 -> 0 | P80: ='Custom Data'!$H80 -> 0 | Q80: ='Custom Data'!$H80 -> 0 | R80: ='Custom Data'!$H80 -> 0 | S80: ='Custom Data'!$H80 -> 0 | T80: ='Custom Data'!$H80 -> 0 | U80: ='Custom Data'!$H80 -> 0 | ... W80: ='Custom Data'!$H80 -> 0 | X80: 0 | Y80: 0 | Z80: 0 | AA80: 0 | AB80: 0 | AC80: 0
B81: 26 | C81: <BBB-26 | D81: =D80+1 -> 28 | E81: <BBB | F81: =F80+(F85-F75)/10 -> 0 | G81: ='Custom Data'!$F81 -> 0 | H81: ='Custom Data'!$G81 -> 0 | I81: ='Custom Data'!$H81 -> 0 | J81: ='Custom Data'!$I81 -> 0 | K81: ='Custom Data'!$F81 -> 0 | L81: ='Custom Data'!$F81 -> 0 | M81: ='Custom Data'!$G81 -> 0 | N81: ='Custom Data'!$H81 -> 0 | O81: ='Custom Data'!$H81 -> 0 | P81: ='Custom Data'!$H81 -> 0 | Q81: ='Custom Data'!$H81 -> 0 | R81: ='Custom Data'!$H81 -> 0 | S81: ='Custom Data'!$H81 -> 0 | T81: ='Custom Data'!$H81 -> 0 | U81: ='Custom Data'!$H81 -> 0 | ... W81: ='Custom Data'!$H81 -> 0 | X81: 0 | Y81: 0 | Z81: 0 | AA81: 0 | AB81: 0 | AC81: 0
B82: 27 | C82: <BBB-27 | D82: =D81+1 -> 29 | E82: <BBB | F82: =F81+(F85-F75)/10 -> 0 | G82: ='Custom Data'!$F82 -> 0 | H82: ='Custom Data'!$G82 -> 0 | I82: ='Custom Data'!$H82 -> 0 | J82: ='Custom Data'!$I82 -> 0 | K82: ='Custom Data'!$F82 -> 0 | L82: ='Custom Data'!$F82 -> 0 | M82: ='Custom Data'!$G82 -> 0 | N82: ='Custom Data'!$H82 -> 0 | O82: ='Custom Data'!$H82 -> 0 | P82: ='Custom Data'!$H82 -> 0 | Q82: ='Custom Data'!$H82 -> 0 | R82: ='Custom Data'!$H82 -> 0 | S82: ='Custom Data'!$H82 -> 0 | T82: ='Custom Data'!$H82 -> 0 | U82: ='Custom Data'!$H82 -> 0 | ... W82: ='Custom Data'!$H82 -> 0 | X82: 0 | Y82: 0 | Z82: 0 | AA82: 0 | AB82: 0 | AC82: 0
B83: 28 | C83: <BBB-28 | D83: =D82+1 -> 30 | E83: <BBB | F83: =F82+(F85-F75)/10 -> 0 | G83: ='Custom Data'!$F83 -> 0 | H83: ='Custom Data'!$G83 -> 0 | I83: ='Custom Data'!$H83 -> 0 | J83: ='Custom Data'!$I83 -> 0 | K83: ='Custom Data'!$F83 -> 0 | L83: ='Custom Data'!$F83 -> 0 | M83: ='Custom Data'!$G83 -> 0 | N83: ='Custom Data'!$H83 -> 0 | O83: ='Custom Data'!$H83 -> 0 | P83: ='Custom Data'!$H83 -> 0 | Q83: ='Custom Data'!$H83 -> 0 | R83: ='Custom Data'!$H83 -> 0 | S83: ='Custom Data'!$H83 -> 0 | T83: ='Custom Data'!$H83 -> 0 | U83: ='Custom Data'!$H83 -> 0 | ... W83: ='Custom Data'!$H83 -> 0 | X83: 0 | Y83: 0 | Z83: 0 | AA83: 0 | AB83: 0 | AC83: 0
B84: 29 | C84: <BBB-29 | D84: =D83+1 -> 31 | E84: <BBB | F84: =F83+(F85-F75)/10 -> 0 | G84: ='Custom Data'!$F84 -> 0 | H84: ='Custom Data'!$G84 -> 0 | I84: ='Custom Data'!$H84 -> 0 | J84: ='Custom Data'!$I84 -> 0 | K84: ='Custom Data'!$F84 -> 0 | L84: ='Custom Data'!$F84 -> 0 | M84: ='Custom Data'!$G84 -> 0 | N84: ='Custom Data'!$H84 -> 0 | O84: ='Custom Data'!$H84 -> 0 | P84: ='Custom Data'!$H84 -> 0 | Q84: ='Custom Data'!$H84 -> 0 | R84: ='Custom Data'!$H84 -> 0 | S84: ='Custom Data'!$H84 -> 0 | T84: ='Custom Data'!$H84 -> 0 | U84: ='Custom Data'!$H84 -> 0 | ... W84: ='Custom Data'!$H84 -> 0 | X84: 0 | Y84: 0 | Z84: 0 | AA84: 0 | AB84: 0 | AC84: 0
B85: 30 | C85: <BBB-30 | D85: =D84+1 -> 32 | E85: <BBB | F85: =Summary!L23 -> 0 | G85: ='Custom Data'!$F85 -> 0 | H85: ='Custom Data'!$G85 -> 0 | I85: ='Custom Data'!$H85 -> 0 | J85: ='Custom Data'!$I85 -> 0 | K85: ='Custom Data'!$F85 -> 0 | L85: ='Custom Data'!$F85 -> 0 | M85: ='Custom Data'!$G85 -> 0 | N85: ='Custom Data'!$H85 -> 0 | O85: ='Custom Data'!$H85 -> 0 | P85: ='Custom Data'!$H85 -> 0 | Q85: ='Custom Data'!$H85 -> 0 | R85: ='Custom Data'!$H85 -> 0 | S85: ='Custom Data'!$H85 -> 0 | T85: ='Custom Data'!$H85 -> 0 | U85: ='Custom Data'!$H85 -> 0 | ... W85: ='Custom Data'!$H85 -> 0 | X85: 0 | Y85: 0 | Z85: 0 | AA85: 0 | AB85: 0 | AC85: 0
B86: 0.001 | C86: A-0.25 | D86: =D85+1 -> 33 | E86: A | F86: =Summary!C21 -> 0 | G86: ='Custom Data'!$F86 -> 0 | H86: ='Custom Data'!$G86 -> 0 | I86: ='Custom Data'!$H86 -> 0 | J86: ='Custom Data'!$I86 -> 0 | K86: ='Custom Data'!$F86 -> 0 | L86: ='Custom Data'!$F86 -> 0 | M86: ='Custom Data'!$G86 -> 0 | N86: ='Custom Data'!$H86 -> 0 | O86: ='Custom Data'!$H86 -> 0 | P86: ='Custom Data'!$H86 -> 0 | Q86: ='Custom Data'!$H86 -> 0 | R86: ='Custom Data'!$H86 -> 0 | S86: ='Custom Data'!$H86 -> 0 | T86: ='Custom Data'!$H86 -> 0 | U86: ='Custom Data'!$H86 -> 0 | ... W86: ='Custom Data'!$H86 -> 0 | X86: 0 | Y86: 0 | Z86: 0 | AA86: 0 | AB86: 0 | AC86: 0
B87: 0.5 | C87: A-0.5 | D87: =D86+1 -> 34 | E87: A | F87: =Summary!D21 -> 0 | G87: ='Custom Data'!$F87 -> 0 | H87: ='Custom Data'!$G87 -> 0 | I87: ='Custom Data'!$H87 -> 0 | J87: ='Custom Data'!$I87 -> 0 | K87: ='Custom Data'!$F87 -> 0 | L87: ='Custom Data'!$F87 -> 0 | M87: ='Custom Data'!$G87 -> 0 | N87: ='Custom Data'!$H87 -> 0 | O87: ='Custom Data'!$H87 -> 0 | P87: ='Custom Data'!$H87 -> 0 | Q87: ='Custom Data'!$H87 -> 0 | R87: ='Custom Data'!$H87 -> 0 | S87: ='Custom Data'!$H87 -> 0 | T87: ='Custom Data'!$H87 -> 0 | U87: ='Custom Data'!$H87 -> 0 | ... W87: ='Custom Data'!$H87 -> 0 | X87: 0 | Y87: 0 | Z87: 0 | AA87: 0 | AB87: 0 | AC87: 0
B88: 1 | C88: A-1 | D88: =D87+1 -> 35 | E88: A | F88: =Summary!E21 -> 0 | G88: ='Custom Data'!$F88 -> 0 | H88: ='Custom Data'!$G88 -> 0 | I88: ='Custom Data'!$H88 -> 0 | J88: ='Custom Data'!$I88 -> 0 | K88: ='Custom Data'!$F88 -> 0 | L88: ='Custom Data'!$F88 -> 0 | M88: ='Custom Data'!$G88 -> 0 | N88: ='Custom Data'!$H88 -> 0 | O88: ='Custom Data'!$H88 -> 0 | P88: ='Custom Data'!$H88 -> 0 | Q88: ='Custom Data'!$H88 -> 0 | R88: ='Custom Data'!$H88 -> 0 | S88: ='Custom Data'!$H88 -> 0 | T88: ='Custom Data'!$H88 -> 0 | U88: ='Custom Data'!$H88 -> 0 | ... W88: ='Custom Data'!$H88 -> 0 | X88: 0 | Y88: 0 | Z88: 0 | AA88: 0 | AB88: 0 | AC88: 0
B89: 2 | C89: A-2 | D89: =D88+1 -> 36 | E89: A | F89: =Summary!F21 -> 0 | G89: ='Custom Data'!$F89 -> 0 | H89: ='Custom Data'!$G89 -> 0 | I89: ='Custom Data'!$H89 -> 0 | J89: ='Custom Data'!$I89 -> 0 | K89: ='Custom Data'!$F89 -> 0 | L89: ='Custom Data'!$F89 -> 0 | M89: ='Custom Data'!$G89 -> 0 | N89: ='Custom Data'!$H89 -> 0 | O89: ='Custom Data'!$H89 -> 0 | P89: ='Custom Data'!$H89 -> 0 | Q89: ='Custom Data'!$H89 -> 0 | R89: ='Custom Data'!$H89 -> 0 | S89: ='Custom Data'!$H89 -> 0 | T89: ='Custom Data'!$H89 -> 0 | U89: ='Custom Data'!$H89 -> 0 | ... W89: ='Custom Data'!$H89 -> 0 | X89: 0 | Y89: 0 | Z89: 0 | AA89: 0 | AB89: 0 | AC89: 0
B90: 3 | C90: A-3 | D90: =D89+1 -> 37 | E90: A | F90: =Summary!G21 -> 0 | G90: ='Custom Data'!$F90 -> 0 | H90: ='Custom Data'!$G90 -> 0 | I90: ='Custom Data'!$H90 -> 0 | J90: ='Custom Data'!$I90 -> 0 | K90: ='Custom Data'!$F90 -> 0 | L90: ='Custom Data'!$F90 -> 0 | M90: ='Custom Data'!$G90 -> 0 | N90: ='Custom Data'!$H90 -> 0 | O90: ='Custom Data'!$H90 -> 0 | P90: ='Custom Data'!$H90 -> 0 | Q90: ='Custom Data'!$H90 -> 0 | R90: ='Custom Data'!$H90 -> 0 | S90: ='Custom Data'!$H90 -> 0 | T90: ='Custom Data'!$H90 -> 0 | U90: ='Custom Data'!$H90 -> 0 | ... W90: ='Custom Data'!$H90 -> 0 | X90: 0 | Y90: 0 | Z90: 0 | AA90: 0 | AB90: 0 | AC90: 0
B91: 4 | C91: A-4 | D91: =D90+1 -> 38 | E91: A | F91: =F90+(F92-F90)/2 -> 0 | G91: ='Custom Data'!$F91 -> 0 | H91: ='Custom Data'!$G91 -> 0 | I91: ='Custom Data'!$H91 -> 0 | J91: ='Custom Data'!$I91 -> 0 | K91: ='Custom Data'!$F91 -> 0 | L91: ='Custom Data'!$F91 -> 0 | M91: ='Custom Data'!$G91 -> 0 | N91: ='Custom Data'!$H91 -> 0 | O91: ='Custom Data'!$H91 -> 0 | P91: ='Custom Data'!$H91 -> 0 | Q91: ='Custom Data'!$H91 -> 0 | R91: ='Custom Data'!$H91 -> 0 | S91: ='Custom Data'!$H91 -> 0 | T91: ='Custom Data'!$H91 -> 0 | U91: ='Custom Data'!$H91 -> 0 | ... W91: ='Custom Data'!$H91 -> 0 | X91: 0 | Y91: 0 | Z91: 0 | AA91: 0 | AB91: 0 | AC91: 0
B92: 5 | C92: A-5 | D92: =D91+1 -> 39 | E92: A | F92: =Summary!H21 -> 0 | G92: ='Custom Data'!$F92 -> 0 | H92: ='Custom Data'!$G92 -> 0 | I92: ='Custom Data'!$H92 -> 0 | J92: ='Custom Data'!$I92 -> 0 | K92: ='Custom Data'!$F92 -> 0 | L92: ='Custom Data'!$F92 -> 0 | M92: ='Custom Data'!$G92 -> 0 | N92: ='Custom Data'!$H92 -> 0 | O92: ='Custom Data'!$H92 -> 0 | P92: ='Custom Data'!$H92 -> 0 | Q92: ='Custom Data'!$H92 -> 0 | R92: ='Custom Data'!$H92 -> 0 | S92: ='Custom Data'!$H92 -> 0 | T92: ='Custom Data'!$H92 -> 0 | U92: ='Custom Data'!$H92 -> 0 | ... W92: ='Custom Data'!$H92 -> 0 | X92: 0 | Y92: 0 | Z92: 0 | AA92: 0 | AB92: 0 | AC92: 0
B93: 6 | C93: A-6 | D93: =D92+1 -> 40 | E93: A | F93: =F92+(F94-F92)/2 -> 0 | G93: ='Custom Data'!$F93 -> 0 | H93: ='Custom Data'!$G93 -> 0 | I93: ='Custom Data'!$H93 -> 0 | J93: ='Custom Data'!$I93 -> 0 | K93: ='Custom Data'!$F93 -> 0 | L93: ='Custom Data'!$F93 -> 0 | M93: ='Custom Data'!$G93 -> 0 | N93: ='Custom Data'!$H93 -> 0 | O93: ='Custom Data'!$H93 -> 0 | P93: ='Custom Data'!$H93 -> 0 | Q93: ='Custom Data'!$H93 -> 0 | R93: ='Custom Data'!$H93 -> 0 | S93: ='Custom Data'!$H93 -> 0 | T93: ='Custom Data'!$H93 -> 0 | U93: ='Custom Data'!$H93 -> 0 | ... W93: ='Custom Data'!$H93 -> 0 | X93: 0 | Y93: 0 | Z93: 0 | AA93: 0 | AB93: 0 | AC93: 0
B94: 7 | C94: A-7 | D94: =D93+1 -> 41 | E94: A | F94: =Summary!I21 -> 0 | G94: ='Custom Data'!$F94 -> 0 | H94: ='Custom Data'!$G94 -> 0 | I94: ='Custom Data'!$H94 -> 0 | J94: ='Custom Data'!$I94 -> 0 | K94: ='Custom Data'!$F94 -> 0 | L94: ='Custom Data'!$F94 -> 0 | M94: ='Custom Data'!$G94 -> 0 | N94: ='Custom Data'!$H94 -> 0 | O94: ='Custom Data'!$H94 -> 0 | P94: ='Custom Data'!$H94 -> 0 | Q94: ='Custom Data'!$H94 -> 0 | R94: ='Custom Data'!$H94 -> 0 | S94: ='Custom Data'!$H94 -> 0 | T94: ='Custom Data'!$H94 -> 0 | U94: ='Custom Data'!$H94 -> 0 | ... W94: ='Custom Data'!$H94 -> 0 | X94: 0 | Y94: 0 | Z94: 0 | AA94: 0 | AB94: 0 | AC94: 0
B95: 8 | C95: A-8 | D95: =D94+1 -> 42 | E95: A | F95: =F94+(F97-F94)/3 -> 0 | G95: ='Custom Data'!$F95 -> 0 | H95: ='Custom Data'!$G95 -> 0 | I95: ='Custom Data'!$H95 -> 0 | J95: ='Custom Data'!$I95 -> 0 | K95: ='Custom Data'!$F95 -> 0 | L95: ='Custom Data'!$F95 -> 0 | M95: ='Custom Data'!$G95 -> 0 | N95: ='Custom Data'!$H95 -> 0 | O95: ='Custom Data'!$H95 -> 0 | P95: ='Custom Data'!$H95 -> 0 | Q95: ='Custom Data'!$H95 -> 0 | R95: ='Custom Data'!$H95 -> 0 | S95: ='Custom Data'!$H95 -> 0 | T95: ='Custom Data'!$H95 -> 0 | U95: ='Custom Data'!$H95 -> 0 | ... W95: ='Custom Data'!$H95 -> 0 | X95: 0 | Y95: 0 | Z95: 0 | AA95: 0 | AB95: 0 | AC95: 0
B96: 9 | C96: A-9 | D96: =D95+1 -> 43 | E96: A | F96: =F95+(F97-F94)/3 -> 0 | G96: ='Custom Data'!$F96 -> 0 | H96: ='Custom Data'!$G96 -> 0 | I96: ='Custom Data'!$H96 -> 0 | J96: ='Custom Data'!$I96 -> 0 | K96: ='Custom Data'!$F96 -> 0 | L96: ='Custom Data'!$F96 -> 0 | M96: ='Custom Data'!$G96 -> 0 | N96: ='Custom Data'!$H96 -> 0 | O96: ='Custom Data'!$H96 -> 0 | P96: ='Custom Data'!$H96 -> 0 | Q96: ='Custom Data'!$H96 -> 0 | R96: ='Custom Data'!$H96 -> 0 | S96: ='Custom Data'!$H96 -> 0 | T96: ='Custom Data'!$H96 -> 0 | U96: ='Custom Data'!$H96 -> 0 | ... W96: ='Custom Data'!$H96 -> 0 | X96: 0 | Y96: 0 | Z96: 0 | AA96: 0 | AB96: 0 | AC96: 0
B97: 10 | C97: A-10 | D97: =D96+1 -> 44 | E97: A | F97: =Summary!J21 -> 0 | G97: ='Custom Data'!$F97 -> 0 | H97: ='Custom Data'!$G97 -> 0 | I97: ='Custom Data'!$H97 -> 0 | J97: ='Custom Data'!$I97 -> 0 | K97: ='Custom Data'!$F97 -> 0 | L97: ='Custom Data'!$F97 -> 0 | M97: ='Custom Data'!$G97 -> 0 | N97: ='Custom Data'!$H97 -> 0 | O97: ='Custom Data'!$H97 -> 0 | P97: ='Custom Data'!$H97 -> 0 | Q97: ='Custom Data'!$H97 -> 0 | R97: ='Custom Data'!$H97 -> 0 | S97: ='Custom Data'!$H97 -> 0 | T97: ='Custom Data'!$H97 -> 0 | U97: ='Custom Data'!$H97 -> 0 | ... W97: ='Custom Data'!$H97 -> 0 | X97: 0 | Y97: 0 | Z97: 0 | AA97: 0 | AB97: 0 | AC97: 0
B98: 11 | C98: A-11 | D98: =D97+1 -> 45 | E98: A | F98: =F97+(F107-F97)/10 -> 0 | G98: ='Custom Data'!$F98 -> 0 | H98: ='Custom Data'!$G98 -> 0 | I98: ='Custom Data'!$H98 -> 0 | J98: ='Custom Data'!$I98 -> 0 | K98: ='Custom Data'!$F98 -> 0 | L98: ='Custom Data'!$F98 -> 0 | M98: ='Custom Data'!$G98 -> 0 | N98: ='Custom Data'!$H98 -> 0 | O98: ='Custom Data'!$H98 -> 0 | P98: ='Custom Data'!$H98 -> 0 | Q98: ='Custom Data'!$H98 -> 0 | R98: ='Custom Data'!$H98 -> 0 | S98: ='Custom Data'!$H98 -> 0 | T98: ='Custom Data'!$H98 -> 0 | U98: ='Custom Data'!$H98 -> 0 | ... W98: ='Custom Data'!$H98 -> 0 | X98: 0 | Y98: 0 | Z98: 0 | AA98: 0 | AB98: 0 | AC98: 0
B99: 12 | C99: A-12 | D99: =D98+1 -> 46 | E99: A | F99: =F98+(F107-F97)/10 -> 0 | G99: ='Custom Data'!$F99 -> 0 | H99: ='Custom Data'!$G99 -> 0 | I99: ='Custom Data'!$H99 -> 0 | J99: ='Custom Data'!$I99 -> 0 | K99: ='Custom Data'!$F99 -> 0 | L99: ='Custom Data'!$F99 -> 0 | M99: ='Custom Data'!$G99 -> 0 | N99: ='Custom Data'!$H99 -> 0 | O99: ='Custom Data'!$H99 -> 0 | P99: ='Custom Data'!$H99 -> 0 | Q99: ='Custom Data'!$H99 -> 0 | R99: ='Custom Data'!$H99 -> 0 | S99: ='Custom Data'!$H99 -> 0 | T99: ='Custom Data'!$H99 -> 0 | U99: ='Custom Data'!$H99 -> 0 | ... W99: ='Custom Data'!$H99 -> 0 | X99: 0 | Y99: 0 | Z99: 0 | AA99: 0 | AB99: 0 | AC99: 0
B100: 13 | C100: A-13 | D100: =D99+1 -> 47 | E100: A | F100: =F99+(F107-F97)/10 -> 0 | G100: ='Custom Data'!$F100 -> 0 | H100: ='Custom Data'!$G100 -> 0 | I100: ='Custom Data'!$H100 -> 0 | J100: ='Custom Data'!$I100 -> 0 | K100: ='Custom Data'!$F100 -> 0 | L100: ='Custom Data'!$F100 -> 0 | M100: ='Custom Data'!$G100 -> 0 | N100: ='Custom Data'!$H100 -> 0 | O100: ='Custom Data'!$H100 -> 0 | P100: ='Custom Data'!$H100 -> 0 | Q100: ='Custom Data'!$H100 -> 0 | R100: ='Custom Data'!$H100 -> 0 | S100: ='Custom Data'!$H100 -> 0 | T100: ='Custom Data'!$H100 -> 0 | U100: ='Custom Data'!$H100 -> 0 | ... W100: ='Custom Data'!$H100 -> 0 | X100: 0 | Y100: 0 | Z100: 0 | AA100: 0 | AB100: 0 | AC100: 0
B101: 14 | C101: A-14 | D101: =D100+1 -> 48 | E101: A | F101: =F100+(F107-F97)/10 -> 0 | G101: ='Custom Data'!$F101 -> 0 | H101: ='Custom Data'!$G101 -> 0 | I101: ='Custom Data'!$H101 -> 0 | J101: ='Custom Data'!$I101 -> 0 | K101: ='Custom Data'!$F101 -> 0 | L101: ='Custom Data'!$F101 -> 0 | M101: ='Custom Data'!$G101 -> 0 | N101: ='Custom Data'!$H101 -> 0 | O101: ='Custom Data'!$H101 -> 0 | P101: ='Custom Data'!$H101 -> 0 | Q101: ='Custom Data'!$H101 -> 0 | R101: ='Custom Data'!$H101 -> 0 | S101: ='Custom Data'!$H101 -> 0 | T101: ='Custom Data'!$H101 -> 0 | U101: ='Custom Data'!$H101 -> 0 | ... W101: ='Custom Data'!$H101 -> 0 | X101: 0 | Y101: 0 | Z101: 0 | AA101: 0 | AB101: 0 | AC101: 0
B102: 15 | C102: A-15 | D102: =D101+1 -> 49 | E102: A | F102: =F101+(F107-F97)/10 -> 0 | G102: ='Custom Data'!$F102 -> 0 | H102: ='Custom Data'!$G102 -> 0 | I102: ='Custom Data'!$H102 -> 0 | J102: ='Custom Data'!$I102 -> 0 | K102: ='Custom Data'!$F102 -> 0 | L102: ='Custom Data'!$F102 -> 0 | M102: ='Custom Data'!$G102 -> 0 | N102: ='Custom Data'!$H102 -> 0 | O102: ='Custom Data'!$H102 -> 0 | P102: ='Custom Data'!$H102 -> 0 | Q102: ='Custom Data'!$H102 -> 0 | R102: ='Custom Data'!$H102 -> 0 | S102: ='Custom Data'!$H102 -> 0 | T102: ='Custom Data'!$H102 -> 0 | U102: ='Custom Data'!$H102 -> 0 | ... W102: ='Custom Data'!$H102 -> 0 | X102: 0 | Y102: 0 | Z102: 0 | AA102: 0 | AB102: 0 | AC102: 0
B103: 16 | C103: A-16 | D103: =D102+1 -> 50 | E103: A | F103: =F102+(F107-F97)/10 -> 0 | G103: ='Custom Data'!$F103 -> 0 | H103: ='Custom Data'!$G103 -> 0 | I103: ='Custom Data'!$H103 -> 0 | J103: ='Custom Data'!$I103 -> 0 | K103: ='Custom Data'!$F103 -> 0 | L103: ='Custom Data'!$F103 -> 0 | M103: ='Custom Data'!$G103 -> 0 | N103: ='Custom Data'!$H103 -> 0 | O103: ='Custom Data'!$H103 -> 0 | P103: ='Custom Data'!$H103 -> 0 | Q103: ='Custom Data'!$H103 -> 0 | R103: ='Custom Data'!$H103 -> 0 | S103: ='Custom Data'!$H103 -> 0 | T103: ='Custom Data'!$H103 -> 0 | U103: ='Custom Data'!$H103 -> 0 | ... W103: ='Custom Data'!$H103 -> 0 | X103: 0 | Y103: 0 | Z103: 0 | AA103: 0 | AB103: 0 | AC103: 0
B104: 17 | C104: A-17 | D104: =D103+1 -> 51 | E104: A | F104: =F103+(F107-F97)/10 -> 0 | G104: ='Custom Data'!$F104 -> 0 | H104: ='Custom Data'!$G104 -> 0 | I104: ='Custom Data'!$H104 -> 0 | J104: ='Custom Data'!$I104 -> 0 | K104: ='Custom Data'!$F104 -> 0 | L104: ='Custom Data'!$F104 -> 0 | M104: ='Custom Data'!$G104 -> 0 | N104: ='Custom Data'!$H104 -> 0 | O104: ='Custom Data'!$H104 -> 0 | P104: ='Custom Data'!$H104 -> 0 | Q104: ='Custom Data'!$H104 -> 0 | R104: ='Custom Data'!$H104 -> 0 | S104: ='Custom Data'!$H104 -> 0 | T104: ='Custom Data'!$H104 -> 0 | U104: ='Custom Data'!$H104 -> 0 | ... W104: ='Custom Data'!$H104 -> 0 | X104: 0 | Y104: 0 | Z104: 0 | AA104: 0 | AB104: 0 | AC104: 0
B105: 18 | C105: A-18 | D105: =D104+1 -> 52 | E105: A | F105: =F104+(F107-F97)/10 -> 0 | G105: ='Custom Data'!$F105 -> 0 | H105: ='Custom Data'!$G105 -> 0 | I105: ='Custom Data'!$H105 -> 0 | J105: ='Custom Data'!$I105 -> 0 | K105: ='Custom Data'!$F105 -> 0 | L105: ='Custom Data'!$F105 -> 0 | M105: ='Custom Data'!$G105 -> 0 | N105: ='Custom Data'!$H105 -> 0 | O105: ='Custom Data'!$H105 -> 0 | P105: ='Custom Data'!$H105 -> 0 | Q105: ='Custom Data'!$H105 -> 0 | R105: ='Custom Data'!$H105 -> 0 | S105: ='Custom Data'!$H105 -> 0 | T105: ='Custom Data'!$H105 -> 0 | U105: ='Custom Data'!$H105 -> 0 | ... W105: ='Custom Data'!$H105 -> 0 | X105: 0 | Y105: 0 | Z105: 0 | AA105: 0 | AB105: 0 | AC105: 0
B106: 19 | C106: A-19 | D106: =D105+1 -> 53 | E106: A | F106: =F105+(F107-F97)/10 -> 0 | G106: ='Custom Data'!$F106 -> 0 | H106: ='Custom Data'!$G106 -> 0 | I106: ='Custom Data'!$H106 -> 0 | J106: ='Custom Data'!$I106 -> 0 | K106: ='Custom Data'!$F106 -> 0 | L106: ='Custom Data'!$F106 -> 0 | M106: ='Custom Data'!$G106 -> 0 | N106: ='Custom Data'!$H106 -> 0 | O106: ='Custom Data'!$H106 -> 0 | P106: ='Custom Data'!$H106 -> 0 | Q106: ='Custom Data'!$H106 -> 0 | R106: ='Custom Data'!$H106 -> 0 | S106: ='Custom Data'!$H106 -> 0 | T106: ='Custom Data'!$H106 -> 0 | U106: ='Custom Data'!$H106 -> 0 | ... W106: ='Custom Data'!$H106 -> 0 | X106: 0 | Y106: 0 | Z106: 0 | AA106: 0 | AB106: 0 | AC106: 0
B107: 20 | C107: A-20 | D107: =D106+1 -> 54 | E107: A | F107: =Summary!K21 -> 0 | G107: ='Custom Data'!$F107 -> 0 | H107: ='Custom Data'!$G107 -> 0 | I107: ='Custom Data'!$H107 -> 0 | J107: ='Custom Data'!$I107 -> 0 | K107: ='Custom Data'!$F107 -> 0 | L107: ='Custom Data'!$F107 -> 0 | M107: ='Custom Data'!$G107 -> 0 | N107: ='Custom Data'!$H107 -> 0 | O107: ='Custom Data'!$H107 -> 0 | P107: ='Custom Data'!$H107 -> 0 | Q107: ='Custom Data'!$H107 -> 0 | R107: ='Custom Data'!$H107 -> 0 | S107: ='Custom Data'!$H107 -> 0 | T107: ='Custom Data'!$H107 -> 0 | U107: ='Custom Data'!$H107 -> 0 | ... W107: ='Custom Data'!$H107 -> 0 | X107: 0 | Y107: 0 | Z107: 0 | AA107: 0 | AB107: 0 | AC107: 0
B108: 21 | C108: A-21 | D108: =D107+1 -> 55 | E108: A | F108: =F107+(F117-F107)/10 -> 0 | G108: ='Custom Data'!$F108 -> 0 | H108: ='Custom Data'!$G108 -> 0 | I108: ='Custom Data'!$H108 -> 0 | J108: ='Custom Data'!$I108 -> 0 | K108: ='Custom Data'!$F108 -> 0 | L108: ='Custom Data'!$F108 -> 0 | M108: ='Custom Data'!$G108 -> 0 | N108: ='Custom Data'!$H108 -> 0 | O108: ='Custom Data'!$H108 -> 0 | P108: ='Custom Data'!$H108 -> 0 | Q108: ='Custom Data'!$H108 -> 0 | R108: ='Custom Data'!$H108 -> 0 | S108: ='Custom Data'!$H108 -> 0 | T108: ='Custom Data'!$H108 -> 0 | U108: ='Custom Data'!$H108 -> 0 | ... W108: ='Custom Data'!$H108 -> 0 | X108: 0 | Y108: 0 | Z108: 0 | AA108: 0 | AB108: 0 | AC108: 0
B109: 22 | C109: A-22 | D109: =D108+1 -> 56 | E109: A | F109: =F108+(F117-F107)/10 -> 0 | G109: ='Custom Data'!$F109 -> 0 | H109: ='Custom Data'!$G109 -> 0 | I109: ='Custom Data'!$H109 -> 0 | J109: ='Custom Data'!$I109 -> 0 | K109: ='Custom Data'!$F109 -> 0 | L109: ='Custom Data'!$F109 -> 0 | M109: ='Custom Data'!$G109 -> 0 | N109: ='Custom Data'!$H109 -> 0 | O109: ='Custom Data'!$H109 -> 0 | P109: ='Custom Data'!$H109 -> 0 | Q109: ='Custom Data'!$H109 -> 0 | R109: ='Custom Data'!$H109 -> 0 | S109: ='Custom Data'!$H109 -> 0 | T109: ='Custom Data'!$H109 -> 0 | U109: ='Custom Data'!$H109 -> 0 | ... W109: ='Custom Data'!$H109 -> 0 | X109: 0 | Y109: 0 | Z109: 0 | AA109: 0 | AB109: 0 | AC109: 0
B110: 23 | C110: A-23 | D110: =D109+1 -> 57 | E110: A | F110: =F109+(F117-F107)/10 -> 0 | G110: ='Custom Data'!$F110 -> 0 | H110: ='Custom Data'!$G110 -> 0 | I110: ='Custom Data'!$H110 -> 0 | J110: ='Custom Data'!$I110 -> 0 | K110: ='Custom Data'!$F110 -> 0 | L110: ='Custom Data'!$F110 -> 0 | M110: ='Custom Data'!$G110 -> 0 | N110: ='Custom Data'!$H110 -> 0 | O110: ='Custom Data'!$H110 -> 0 | P110: ='Custom Data'!$H110 -> 0 | Q110: ='Custom Data'!$H110 -> 0 | R110: ='Custom Data'!$H110 -> 0 | S110: ='Custom Data'!$H110 -> 0 | T110: ='Custom Data'!$H110 -> 0 | U110: ='Custom Data'!$H110 -> 0 | ... W110: ='Custom Data'!$H110 -> 0 | X110: 0 | Y110: 0 | Z110: 0 | AA110: 0 | AB110: 0 | AC110: 0
B111: 24 | C111: A-24 | D111: =D110+1 -> 58 | E111: A | F111: =F110+(F117-F107)/10 -> 0 | G111: ='Custom Data'!$F111 -> 0 | H111: ='Custom Data'!$G111 -> 0 | I111: ='Custom Data'!$H111 -> 0 | J111: ='Custom Data'!$I111 -> 0 | K111: ='Custom Data'!$F111 -> 0 | L111: ='Custom Data'!$F111 -> 0 | M111: ='Custom Data'!$G111 -> 0 | N111: ='Custom Data'!$H111 -> 0 | O111: ='Custom Data'!$H111 -> 0 | P111: ='Custom Data'!$H111 -> 0 | Q111: ='Custom Data'!$H111 -> 0 | R111: ='Custom Data'!$H111 -> 0 | S111: ='Custom Data'!$H111 -> 0 | T111: ='Custom Data'!$H111 -> 0 | U111: ='Custom Data'!$H111 -> 0 | ... W111: ='Custom Data'!$H111 -> 0 | X111: 0 | Y111: 0 | Z111: 0 | AA111: 0 | AB111: 0 | AC111: 0
B112: 25 | C112: A-25 | D112: =D111+1 -> 59 | E112: A | F112: =F111+(F117-F107)/10 -> 0 | G112: ='Custom Data'!$F112 -> 0 | H112: ='Custom Data'!$G112 -> 0 | I112: ='Custom Data'!$H112 -> 0 | J112: ='Custom Data'!$I112 -> 0 | K112: ='Custom Data'!$F112 -> 0 | L112: ='Custom Data'!$F112 -> 0 | M112: ='Custom Data'!$G112 -> 0 | N112: ='Custom Data'!$H112 -> 0 | O112: ='Custom Data'!$H112 -> 0 | P112: ='Custom Data'!$H112 -> 0 | Q112: ='Custom Data'!$H112 -> 0 | R112: ='Custom Data'!$H112 -> 0 | S112: ='Custom Data'!$H112 -> 0 | T112: ='Custom Data'!$H112 -> 0 | U112: ='Custom Data'!$H112 -> 0 | ... W112: ='Custom Data'!$H112 -> 0 | X112: 0 | Y112: 0 | Z112: 0 | AA112: 0 | AB112: 0 | AC112: 0
B113: 26 | C113: A-26 | D113: =D112+1 -> 60 | E113: A | F113: =F112+(F117-F107)/10 -> 0 | G113: ='Custom Data'!$F113 -> 0 | H113: ='Custom Data'!$G113 -> 0 | I113: ='Custom Data'!$H113 -> 0 | J113: ='Custom Data'!$I113 -> 0 | K113: ='Custom Data'!$F113 -> 0 | L113: ='Custom Data'!$F113 -> 0 | M113: ='Custom Data'!$G113 -> 0 | N113: ='Custom Data'!$H113 -> 0 | O113: ='Custom Data'!$H113 -> 0 | P113: ='Custom Data'!$H113 -> 0 | Q113: ='Custom Data'!$H113 -> 0 | R113: ='Custom Data'!$H113 -> 0 | S113: ='Custom Data'!$H113 -> 0 | T113: ='Custom Data'!$H113 -> 0 | U113: ='Custom Data'!$H113 -> 0 | ... W113: ='Custom Data'!$H113 -> 0 | X113: 0 | Y113: 0 | Z113: 0 | AA113: 0 | AB113: 0 | AC113: 0
B114: 27 | C114: A-27 | D114: =D113+1 -> 61 | E114: A | F114: =F113+(F117-F107)/10 -> 0 | G114: ='Custom Data'!$F114 -> 0 | H114: ='Custom Data'!$G114 -> 0 | I114: ='Custom Data'!$H114 -> 0 | J114: ='Custom Data'!$I114 -> 0 | K114: ='Custom Data'!$F114 -> 0 | L114: ='Custom Data'!$F114 -> 0 | M114: ='Custom Data'!$G114 -> 0 | N114: ='Custom Data'!$H114 -> 0 | O114: ='Custom Data'!$H114 -> 0 | P114: ='Custom Data'!$H114 -> 0 | Q114: ='Custom Data'!$H114 -> 0 | R114: ='Custom Data'!$H114 -> 0 | S114: ='Custom Data'!$H114 -> 0 | T114: ='Custom Data'!$H114 -> 0 | U114: ='Custom Data'!$H114 -> 0 | ... W114: ='Custom Data'!$H114 -> 0 | X114: 0 | Y114: 0 | Z114: 0 | AA114: 0 | AB114: 0 | AC114: 0
B115: 28 | C115: A-28 | D115: =D114+1 -> 62 | E115: A | F115: =F114+(F117-F107)/10 -> 0 | G115: ='Custom Data'!$F115 -> 0 | H115: ='Custom Data'!$G115 -> 0 | I115: ='Custom Data'!$H115 -> 0 | J115: ='Custom Data'!$I115 -> 0 | K115: ='Custom Data'!$F115 -> 0 | L115: ='Custom Data'!$F115 -> 0 | M115: ='Custom Data'!$G115 -> 0 | N115: ='Custom Data'!$H115 -> 0 | O115: ='Custom Data'!$H115 -> 0 | P115: ='Custom Data'!$H115 -> 0 | Q115: ='Custom Data'!$H115 -> 0 | R115: ='Custom Data'!$H115 -> 0 | S115: ='Custom Data'!$H115 -> 0 | T115: ='Custom Data'!$H115 -> 0 | U115: ='Custom Data'!$H115 -> 0 | ... W115: ='Custom Data'!$H115 -> 0 | X115: 0 | Y115: 0 | Z115: 0 | AA115: 0 | AB115: 0 | AC115: 0
B116: 29 | C116: A-29 | D116: =D115+1 -> 63 | E116: A | F116: =F115+(F117-F107)/10 -> 0 | G116: ='Custom Data'!$F116 -> 0 | H116: ='Custom Data'!$G116 -> 0 | I116: ='Custom Data'!$H116 -> 0 | J116: ='Custom Data'!$I116 -> 0 | K116: ='Custom Data'!$F116 -> 0 | L116: ='Custom Data'!$F116 -> 0 | M116: ='Custom Data'!$G116 -> 0 | N116: ='Custom Data'!$H116 -> 0 | O116: ='Custom Data'!$H116 -> 0 | P116: ='Custom Data'!$H116 -> 0 | Q116: ='Custom Data'!$H116 -> 0 | R116: ='Custom Data'!$H116 -> 0 | S116: ='Custom Data'!$H116 -> 0 | T116: ='Custom Data'!$H116 -> 0 | U116: ='Custom Data'!$H116 -> 0 | ... W116: ='Custom Data'!$H116 -> 0 | X116: 0 | Y116: 0 | Z116: 0 | AA116: 0 | AB116: 0 | AC116: 0
B117: 30 | C117: A-30 | D117: =D116+1 -> 64 | E117: A | F117: =Summary!L21 -> 0 | G117: ='Custom Data'!$F117 -> 0 | H117: ='Custom Data'!$G117 -> 0 | I117: ='Custom Data'!$H117 -> 0 | J117: ='Custom Data'!$I117 -> 0 | K117: ='Custom Data'!$F117 -> 0 | L117: ='Custom Data'!$F117 -> 0 | M117: ='Custom Data'!$G117 -> 0 | N117: ='Custom Data'!$H117 -> 0 | O117: ='Custom Data'!$H117 -> 0 | P117: ='Custom Data'!$H117 -> 0 | Q117: ='Custom Data'!$H117 -> 0 | R117: ='Custom Data'!$H117 -> 0 | S117: ='Custom Data'!$H117 -> 0 | T117: ='Custom Data'!$H117 -> 0 | U117: ='Custom Data'!$H117 -> 0 | ... W117: ='Custom Data'!$H117 -> 0 | X117: 0 | Y117: 0 | Z117: 0 | AA117: 0 | AB117: 0 | AC117: 0
B118: 0.001 | C118: Aa-0.25 | D118: =D117+1 -> 65 | E118: Aa | F118: =Summary!C20 -> 0 | G118: ='Custom Data'!$F118 -> 0 | H118: ='Custom Data'!$G118 -> 0 | I118: ='Custom Data'!$H118 -> 0 | J118: ='Custom Data'!$I118 -> 0 | K118: ='Custom Data'!$F118 -> 0 | L118: ='Custom Data'!$F118 -> 0 | M118: ='Custom Data'!$G118 -> 0 | N118: ='Custom Data'!$H118 -> 0 | O118: ='Custom Data'!$H118 -> 0 | P118: ='Custom Data'!$H118 -> 0 | Q118: ='Custom Data'!$H118 -> 0 | R118: ='Custom Data'!$H118 -> 0 | S118: ='Custom Data'!$H118 -> 0 | T118: ='Custom Data'!$H118 -> 0 | U118: ='Custom Data'!$H118 -> 0 | ... W118: ='Custom Data'!$H118 -> 0 | X118: 0 | Y118: 0 | Z118: 0 | AA118: 0 | AB118: 0 | AC118: 0
B119: 0.5 | C119: Aa-0.5 | D119: =D118+1 -> 66 | E119: Aa | F119: =Summary!D20 -> 0 | G119: ='Custom Data'!$F119 -> 0 | H119: ='Custom Data'!$G119 -> 0 | I119: ='Custom Data'!$H119 -> 0 | J119: ='Custom Data'!$I119 -> 0 | K119: ='Custom Data'!$F119 -> 0 | L119: ='Custom Data'!$F119 -> 0 | M119: ='Custom Data'!$G119 -> 0 | N119: ='Custom Data'!$H119 -> 0 | O119: ='Custom Data'!$H119 -> 0 | P119: ='Custom Data'!$H119 -> 0 | Q119: ='Custom Data'!$H119 -> 0 | R119: ='Custom Data'!$H119 -> 0 | S119: ='Custom Data'!$H119 -> 0 | T119: ='Custom Data'!$H119 -> 0 | U119: ='Custom Data'!$H119 -> 0 | ... W119: ='Custom Data'!$H119 -> 0 | X119: 0 | Y119: 0 | Z119: 0 | AA119: 0 | AB119: 0 | AC119: 0
B120: 1 | C120: Aa-1 | D120: =D119+1 -> 67 | E120: Aa | F120: =Summary!E20 -> 0 | G120: ='Custom Data'!$F120 -> 0 | H120: ='Custom Data'!$G120 -> 0 | I120: ='Custom Data'!$H120 -> 0 | J120: ='Custom Data'!$I120 -> 0 | K120: ='Custom Data'!$F120 -> 0 | L120: ='Custom Data'!$F120 -> 0 | M120: ='Custom Data'!$G120 -> 0 | N120: ='Custom Data'!$H120 -> 0 | O120: ='Custom Data'!$H120 -> 0 | P120: ='Custom Data'!$H120 -> 0 | Q120: ='Custom Data'!$H120 -> 0 | R120: ='Custom Data'!$H120 -> 0 | S120: ='Custom Data'!$H120 -> 0 | T120: ='Custom Data'!$H120 -> 0 | U120: ='Custom Data'!$H120 -> 0 | ... W120: ='Custom Data'!$H120 -> 0 | X120: 0 | Y120: 0 | Z120: 0 | AA120: 0 | AB120: 0 | AC120: 0
B121: 2 | C121: Aa-2 | D121: =D120+1 -> 68 | E121: Aa | F121: =Summary!F20 -> 0 | G121: ='Custom Data'!$F121 -> 0 | H121: ='Custom Data'!$G121 -> 0 | I121: ='Custom Data'!$H121 -> 0 | J121: ='Custom Data'!$I121 -> 0 | K121: ='Custom Data'!$F121 -> 0 | L121: ='Custom Data'!$F121 -> 0 | M121: ='Custom Data'!$G121 -> 0 | N121: ='Custom Data'!$H121 -> 0 | O121: ='Custom Data'!$H121 -> 0 | P121: ='Custom Data'!$H121 -> 0 | Q121: ='Custom Data'!$H121 -> 0 | R121: ='Custom Data'!$H121 -> 0 | S121: ='Custom Data'!$H121 -> 0 | T121: ='Custom Data'!$H121 -> 0 | U121: ='Custom Data'!$H121 -> 0 | ... W121: ='Custom Data'!$H121 -> 0 | X121: 0 | Y121: 0 | Z121: 0 | AA121: 0 | AB121: 0 | AC121: 0
B122: 3 | C122: Aa-3 | D122: =D121+1 -> 69 | E122: Aa | F122: =Summary!G20 -> 0 | G122: ='Custom Data'!$F122 -> 0 | H122: ='Custom Data'!$G122 -> 0 | I122: ='Custom Data'!$H122 -> 0 | J122: ='Custom Data'!$I122 -> 0 | K122: ='Custom Data'!$F122 -> 0 | L122: ='Custom Data'!$F122 -> 0 | M122: ='Custom Data'!$G122 -> 0 | N122: ='Custom Data'!$H122 -> 0 | O122: ='Custom Data'!$H122 -> 0 | P122: ='Custom Data'!$H122 -> 0 | Q122: ='Custom Data'!$H122 -> 0 | R122: ='Custom Data'!$H122 -> 0 | S122: ='Custom Data'!$H122 -> 0 | T122: ='Custom Data'!$H122 -> 0 | U122: ='Custom Data'!$H122 -> 0 | ... W122: ='Custom Data'!$H122 -> 0 | X122: 0 | Y122: 0 | Z122: 0 | AA122: 0 | AB122: 0 | AC122: 0
B123: 4 | C123: Aa-4 | D123: =D122+1 -> 70 | E123: Aa | F123: =F122+(F124-F122)/2 -> 0 | G123: ='Custom Data'!$F123 -> 0 | H123: ='Custom Data'!$G123 -> 0 | I123: ='Custom Data'!$H123 -> 0 | J123: ='Custom Data'!$I123 -> 0 | K123: ='Custom Data'!$F123 -> 0 | L123: ='Custom Data'!$F123 -> 0 | M123: ='Custom Data'!$G123 -> 0 | N123: ='Custom Data'!$H123 -> 0 | O123: ='Custom Data'!$H123 -> 0 | P123: ='Custom Data'!$H123 -> 0 | Q123: ='Custom Data'!$H123 -> 0 | R123: ='Custom Data'!$H123 -> 0 | S123: ='Custom Data'!$H123 -> 0 | T123: ='Custom Data'!$H123 -> 0 | U123: ='Custom Data'!$H123 -> 0 | ... W123: ='Custom Data'!$H123 -> 0 | X123: 0 | Y123: 0 | Z123: 0 | AA123: 0 | AB123: 0 | AC123: 0
B124: 5 | C124: Aa-5 | D124: =D123+1 -> 71 | E124: Aa | F124: =Summary!H20 -> 0 | G124: ='Custom Data'!$F124 -> 0 | H124: ='Custom Data'!$G124 -> 0 | I124: ='Custom Data'!$H124 -> 0 | J124: ='Custom Data'!$I124 -> 0 | K124: ='Custom Data'!$F124 -> 0 | L124: ='Custom Data'!$F124 -> 0 | M124: ='Custom Data'!$G124 -> 0 | N124: ='Custom Data'!$H124 -> 0 | O124: ='Custom Data'!$H124 -> 0 | P124: ='Custom Data'!$H124 -> 0 | Q124: ='Custom Data'!$H124 -> 0 | R124: ='Custom Data'!$H124 -> 0 | S124: ='Custom Data'!$H124 -> 0 | T124: ='Custom Data'!$H124 -> 0 | U124: ='Custom Data'!$H124 -> 0 | ... W124: ='Custom Data'!$H124 -> 0 | X124: 0 | Y124: 0 | Z124: 0 | AA124: 0 | AB124: 0 | AC124: 0
B125: 6 | C125: Aa-6 | D125: =D124+1 -> 72 | E125: Aa | F125: =F124+(F126-F124)/2 -> 0 | G125: ='Custom Data'!$F125 -> 0 | H125: ='Custom Data'!$G125 -> 0 | I125: ='Custom Data'!$H125 -> 0 | J125: ='Custom Data'!$I125 -> 0 | K125: ='Custom Data'!$F125 -> 0 | L125: ='Custom Data'!$F125 -> 0 | M125: ='Custom Data'!$G125 -> 0 | N125: ='Custom Data'!$H125 -> 0 | O125: ='Custom Data'!$H125 -> 0 | P125: ='Custom Data'!$H125 -> 0 | Q125: ='Custom Data'!$H125 -> 0 | R125: ='Custom Data'!$H125 -> 0 | S125: ='Custom Data'!$H125 -> 0 | T125: ='Custom Data'!$H125 -> 0 | U125: ='Custom Data'!$H125 -> 0 | ... W125: ='Custom Data'!$H125 -> 0 | X125: 0 | Y125: 0 | Z125: 0 | AA125: 0 | AB125: 0 | AC125: 0
B126: 7 | C126: Aa-7 | D126: =D125+1 -> 73 | E126: Aa | F126: =Summary!I20 -> 0 | G126: ='Custom Data'!$F126 -> 0 | H126: ='Custom Data'!$G126 -> 0 | I126: ='Custom Data'!$H126 -> 0 | J126: ='Custom Data'!$I126 -> 0 | K126: ='Custom Data'!$F126 -> 0 | L126: ='Custom Data'!$F126 -> 0 | M126: ='Custom Data'!$G126 -> 0 | N126: ='Custom Data'!$H126 -> 0 | O126: ='Custom Data'!$H126 -> 0 | P126: ='Custom Data'!$H126 -> 0 | Q126: ='Custom Data'!$H126 -> 0 | R126: ='Custom Data'!$H126 -> 0 | S126: ='Custom Data'!$H126 -> 0 | T126: ='Custom Data'!$H126 -> 0 | U126: ='Custom Data'!$H126 -> 0 | ... W126: ='Custom Data'!$H126 -> 0 | X126: 0 | Y126: 0 | Z126: 0 | AA126: 0 | AB126: 0 | AC126: 0
B127: 8 | C127: Aa-8 | D127: =D126+1 -> 74 | E127: Aa | F127: =F126+(F129-F126)/3 -> 0 | G127: ='Custom Data'!$F127 -> 0 | H127: ='Custom Data'!$G127 -> 0 | I127: ='Custom Data'!$H127 -> 0 | J127: ='Custom Data'!$I127 -> 0 | K127: ='Custom Data'!$F127 -> 0 | L127: ='Custom Data'!$F127 -> 0 | M127: ='Custom Data'!$G127 -> 0 | N127: ='Custom Data'!$H127 -> 0 | O127: ='Custom Data'!$H127 -> 0 | P127: ='Custom Data'!$H127 -> 0 | Q127: ='Custom Data'!$H127 -> 0 | R127: ='Custom Data'!$H127 -> 0 | S127: ='Custom Data'!$H127 -> 0 | T127: ='Custom Data'!$H127 -> 0 | U127: ='Custom Data'!$H127 -> 0 | ... W127: ='Custom Data'!$H127 -> 0 | X127: 0 | Y127: 0 | Z127: 0 | AA127: 0 | AB127: 0 | AC127: 0
B128: 9 | C128: Aa-9 | D128: =D127+1 -> 75 | E128: Aa | F128: =F127+(F129-F126)/3 -> 0 | G128: ='Custom Data'!$F128 -> 0 | H128: ='Custom Data'!$G128 -> 0 | I128: ='Custom Data'!$H128 -> 0 | J128: ='Custom Data'!$I128 -> 0 | K128: ='Custom Data'!$F128 -> 0 | L128: ='Custom Data'!$F128 -> 0 | M128: ='Custom Data'!$G128 -> 0 | N128: ='Custom Data'!$H128 -> 0 | O128: ='Custom Data'!$H128 -> 0 | P128: ='Custom Data'!$H128 -> 0 | Q128: ='Custom Data'!$H128 -> 0 | R128: ='Custom Data'!$H128 -> 0 | S128: ='Custom Data'!$H128 -> 0 | T128: ='Custom Data'!$H128 -> 0 | U128: ='Custom Data'!$H128 -> 0 | ... W128: ='Custom Data'!$H128 -> 0 | X128: 0 | Y128: 0 | Z128: 0 | AA128: 0 | AB128: 0 | AC128: 0
...

Sheet Custom Credit Spreads
A10: Custom Credit Spreads - Sorting Ratings for Vlookup
A11: Rating | B11: 3 Months | C11: 6 Months | D11: 1 | E11: =D11+1 -> 2 | F11: =E11+1 -> 3 | G11: =F11+1 -> 4 | H11: =G11+1 -> 5 | I11: =H11+1 -> 6 | J11: =I11+1 -> 7 | K11: =J11+1 -> 8 | L11: =K11+1 -> 9 | ... AG11: =AF11+1 -> 30
A12: <BBB | B12: =Summary!C23 -> 0 | C12: =Summary!D23 -> 0 | D12: =Summary!E23 -> 0 | E12: =Summary!F23 -> 0 | F12: =Summary!G23 -> 0 | G12: =+(H12-F12)/2+F12 -> 0 | H12: =Summary!H23 -> 0 | I12: =+(J12-H12)/2+H12 -> 0 | J12: =Summary!I23 -> 0 | K12: =+(M12-J12)/3+J12 -> 0 | L12: =+(M12-J12)/3+K12 -> 0 | M12: =Summary!J23 -> 0 | N12: =+($W12-$M12)/10+M12 -> 0 | O12: =+($W12-$M12)/10+N12 -> 0 | P12: =+($W12-$M12)/10+O12 -> 0 | Q12: =+($W12-$M12)/10+P12 -> 0 | R12: =+($W12-$M12)/10+Q12 -> 0 | S12: =+($W12-$M12)/10+R12 -> 0 | T12: =+($W12-$M12)/10+S12 -> 0 | U12: =+($W12-$M12)/10+T12 -> 0 | V12: =+($W12-$M12)/10+U12 -> 0 | W12: =Summary!K23 -> 0 | X12: =+($AG12-$W12)/10+W12 -> 0 | Y12: =+($AG12-$W12)/10+X12 -> 0 | Z12: =+($AG12-$W12)/10+Y12 -> 0 | AA12: =+($AG12-$W12)/10+Z12 -> 0 | AB12: =+($AG12-$W12)/10+AA12 -> 0 | AC12: =+($AG12-$W12)/10+AB12 -> 0 | AD12: =+($AG12-$W12)/10+AC12 -> 0 | AE12: =+($AG12-$W12)/10+AD12 -> 0 | AF12: =+($AG12-$W12)/10+AE12 -> 0 | AG12: =Summary!L23 -> 0
A13: A | B13: =Summary!C21 -> 0 | C13: =Summary!D21 -> 0 | D13: =Summary!E21 -> 0 | E13: =Summary!F21 -> 0 | F13: =Summary!G21 -> 0 | G13: =+(H13-F13)/2+F13 -> 0 | H13: =Summary!H21 -> 0 | I13: =+(J13-H13)/2+H13 -> 0 | J13: =Summary!I21 -> 0 | K13: =+(M13-J13)/3+J13 -> 0 | L13: =+(M13-J13)/3+K13 -> 0 | M13: =Summary!J21 -> 0 | N13: =+($W13-$M13)/10+M13 -> 0 | O13: =+($W13-$M13)/10+N13 -> 0 | P13: =+($W13-$M13)/10+O13 -> 0 | Q13: =+($W13-$M13)/10+P13 -> 0 | R13: =+($W13-$M13)/10+Q13 -> 0 | S13: =+($W13-$M13)/10+R13 -> 0 | T13: =+($W13-$M13)/10+S13 -> 0 | U13: =+($W13-$M13)/10+T13 -> 0 | V13: =+($W13-$M13)/10+U13 -> 0 | W13: =Summary!K21 -> 0 | X13: =+($AG13-$W13)/10+W13 -> 0 | Y13: =+($AG13-$W13)/10+X13 -> 0 | Z13: =+($AG13-$W13)/10+Y13 -> 0 | AA13: =+($AG13-$W13)/10+Z13 -> 0 | AB13: =+($AG13-$W13)/10+AA13 -> 0 | AC13: =+($AG13-$W13)/10+AB13 -> 0 | AD13: =+($AG13-$W13)/10+AC13 -> 0 | AE13: =+($AG13-$W13)/10+AD13 -> 0 | AF13: =+($AG13-$W13)/10+AE13 -> 0 | AG13: =Summary!L21 -> 0
A14: AA | B14: =Summary!C20 -> 0 | C14: =Summary!D20 -> 0 | D14: =Summary!E20 -> 0 | E14: =Summary!F20 -> 0 | F14: =Summary!G20 -> 0 | G14: =+(H14-F14)/2+F14 -> 0 | H14: =Summary!H20 -> 0 | I14: =+(J14-H14)/2+H14 -> 0 | J14: =Summary!I20 -> 0 | K14: =+(M14-J14)/3+J14 -> 0 | L14: =+(M14-J14)/3+K14 -> 0 | M14: =Summary!J20 -> 0 | N14: =+($W14-$M14)/10+M14 -> 0 | O14: =+($W14-$M14)/10+N14 -> 0 | P14: =+($W14-$M14)/10+O14 -> 0 | Q14: =+($W14-$M14)/10+P14 -> 0 | R14: =+($W14-$M14)/10+Q14 -> 0 | S14: =+($W14-$M14)/10+R14 -> 0 | T14: =+($W14-$M14)/10+S14 -> 0 | U14: =+($W14-$M14)/10+T14 -> 0 | V14: =+($W14-$M14)/10+U14 -> 0 | W14: =Summary!K20 -> 0 | X14: =+($AG14-$W14)/10+W14 -> 0 | Y14: =+($AG14-$W14)/10+X14 -> 0 | Z14: =+($AG14-$W14)/10+Y14 -> 0 | AA14: =+($AG14-$W14)/10+Z14 -> 0 | AB14: =+($AG14-$W14)/10+AA14 -> 0 | AC14: =+($AG14-$W14)/10+AB14 -> 0 | AD14: =+($AG14-$W14)/10+AC14 -> 0 | AE14: =+($AG14-$W14)/10+AD14 -> 0 | AF14: =+($AG14-$W14)/10+AE14 -> 0 | AG14: =Summary!L20 -> 0
A15: AAA | B15: =Summary!C19 -> 0 | C15: =Summary!D19 -> 0 | D15: =Summary!E19 -> 0 | E15: =Summary!F19 -> 0 | F15: =Summary!G19 -> 0 | G15: =+(H15-F15)/2+F15 -> 0 | H15: =Summary!H19 -> 0 | I15: =+(J15-H15)/2+H15 -> 0 | J15: =Summary!I19 -> 0 | K15: =+(M15-J15)/3+J15 -> 0 | L15: =+(M15-J15)/3+K15 -> 0 | M15: =Summary!J19 -> 0 | N15: =+($W15-$M15)/10+M15 -> 0 | O15: =+($W15-$M15)/10+N15 -> 0 | P15: =+($W15-$M15)/10+O15 -> 0 | Q15: =+($W15-$M15)/10+P15 -> 0 | R15: =+($W15-$M15)/10+Q15 -> 0 | S15: =+($W15-$M15)/10+R15 -> 0 | T15: =+($W15-$M15)/10+S15 -> 0 | U15: =+($W15-$M15)/10+T15 -> 0 | V15: =+($W15-$M15)/10+U15 -> 0 | W15: =Summary!K19 -> 0 | X15: =+($AG15-$W15)/10+W15 -> 0 | Y15: =+($AG15-$W15)/10+X15 -> 0 | Z15: =+($AG15-$W15)/10+Y15 -> 0 | AA15: =+($AG15-$W15)/10+Z15 -> 0 | AB15: =+($AG15-$W15)/10+AA15 -> 0 | AC15: =+($AG15-$W15)/10+AB15 -> 0 | AD15: =+($AG15-$W15)/10+AC15 -> 0 | AE15: =+($AG15-$W15)/10+AD15 -> 0 | AF15: =+($AG15-$W15)/10+AE15 -> 0 | AG15: =Summary!L19 -> 0
A16: BBB | B16: =Summary!C22 -> 0 | C16: =Summary!D22 -> 0 | D16: =Summary!E22 -> 0 | E16: =Summary!F22 -> 0 | F16: =Summary!G22 -> 0 | G16: =+(H16-F16)/2+F16 -> 0 | H16: =Summary!H22 -> 0 | I16: =+(J16-H16)/2+H16 -> 0 | J16: =Summary!I22 -> 0 | K16: =+(M16-J16)/3+J16 -> 0 | L16: =+(M16-J16)/3+K16 -> 0 | M16: =Summary!J22 -> 0 | N16: =+($W16-$M16)/10+M16 -> 0 | O16: =+($W16-$M16)/10+N16 -> 0 | P16: =+($W16-$M16)/10+O16 -> 0 | Q16: =+($W16-$M16)/10+P16 -> 0 | R16: =+($W16-$M16)/10+Q16 -> 0 | S16: =+($W16-$M16)/10+R16 -> 0 | T16: =+($W16-$M16)/10+S16 -> 0 | U16: =+($W16-$M16)/10+T16 -> 0 | V16: =+($W16-$M16)/10+U16 -> 0 | W16: =Summary!K22 -> 0 | X16: =+($AG16-$W16)/10+W16 -> 0 | Y16: =+($AG16-$W16)/10+X16 -> 0 | Z16: =+($AG16-$W16)/10+Y16 -> 0 | AA16: =+($AG16-$W16)/10+Z16 -> 0 | AB16: =+($AG16-$W16)/10+AA16 -> 0 | AC16: =+($AG16-$W16)/10+AB16 -> 0 | AD16: =+($AG16-$W16)/10+AC16 -> 0 | AE16: =+($AG16-$W16)/10+AD16 -> 0 | AF16: =+($AG16-$W16)/10+AE16 -> 0 | AG16: =Summary!L22 -> 0

Sheet Interpolated Credit Spreads
B2: PASTE FROM UST WEBSITE BELOW
C4: 2 | D4: =C4+1 -> 3 | E4: =D4+1 -> 4 | F4: =E4+1 -> 5 | G4: =F4+1 -> 6 | H4: =G4+1 -> 7 | I4: =H4+1 -> 8 | J4: =I4+1 -> 9 | K4: =J4+1 -> 10 | L4: =K4+1 -> 11 | U4: =+U6-T6 -> 0.00165 | V4: =+V6-U6 -> 0.0015 | W4: =+W6-V6 -> 0.0015 | X4: =+X6-W6 -> 0.0008 | Y4: =+Y6-X6 -> 0.0008 | Z4: =+Z6-Y6 -> 0.0008 | AA4: =+AA6-Z6 -> 0.00057 | AB4: =+AB6-AA6 -> 0.00057 | ... AT4: =+AT6-AS6 -> 9e-05
B5: Date | C5: 3 Mo | D5: 6 Mo | E5: 1 | F5: 2 | G5: 3 | H5: 5 | I5: 7 | J5: 10 | K5: 20 | L5: 30 | N5: Date | O5: 3 Mo | P5: 6 Mo | Q5: 1 | R5: 2 | S5: 3 | T5: =+S5+1 -> 4 | U5: =+T5+1 -> 5 | V5: =+U5+1 -> 6 | W5: =+V5+1 -> 7 | X5: =+W5+1 -> 8 | Y5: =+X5+1 -> 9 | Z5: =+Y5+1 -> 10 | AA5: =+Z5+1 -> 11 | ... AT5: =+AS5+1 -> 30
B6: Current | C6: 0.05 | D6: 0.06 | E6: 0.07 | F6: 0.17 | G6: 0.33 | H6: 0.66 | I6: 0.96 | J6: 1.2 | K6: 1.77 | L6: 1.86 | N6: =B6 -> Current | O6: =SUMIF($B$5:$L$5,O$5,$B6:$L6)/100 -> 0.0005 | P6: =SUMIF($B$5:$L$5,P$5,$B6:$L6)/100 -> 0.0006 | Q6: =SUMIF($B$5:$L$5,Q$5,$B6:$L6)/100 -> 0.0007 | R6: =SUMIF($B$5:$L$5,R$5,$B6:$L6)/100 -> 0.0017 | S6: =SUMIF($B$5:$L$5,S$5,$B6:$L6)/100 -> 0.0033 | T6: =+(U6-S6)/2+S6 -> 0.00495 | U6: =SUMIF($B$5:$L$5,U$5,$B6:$L6)/100 -> 0.0066 | V6: =+(W6-U6)/2+U6 -> 0.0081 | W6: =SUMIF($B$5:$L$5,W$5,$B6:$L6)/100 -> 0.0096 | X6: =+($Z6-$W6)/3+W6 -> 0.0104 | Y6: =+($Z6-$W6)/3+X6 -> 0.0112 | Z6: =SUMIF($B$5:$L$5,Z$5,$B6:$L6)/100 -> 0.012 | AA6: =+($AJ6-$Z6)/10+Z6 -> 0.01257 | AB6: =+($AJ6-$Z6)/10+AA6 -> 0.01314 | AC6: =+($AJ6-$Z6)/10+AB6 -> 0.01371 | AD6: =+($AJ6-$Z6)/10+AC6 -> 0.01428 | AE6: =+($AJ6-$Z6)/10+AD6 -> 0.01485 | AF6: =+($AJ6-$Z6)/10+AE6 -> 0.01542 | AG6: =+($AJ6-$Z6)/10+AF6 -> 0.01599 | AH6: =+($AJ6-$Z6)/10+AG6 -> 0.01656 | AI6: =+($AJ6-$Z6)/10+AH6 -> 0.01713 | AJ6: =SUMIF($B$5:$L$5,AJ$5,$B6:$L6)/100 -> 0.0177 | AK6: =+($AT6-$AJ6)/10+AJ6 -> 0.01779 | AL6: =+($AT6-$AJ6)/10+AK6 -> 0.01788 | AM6: =+($AT6-$AJ6)/10+AL6 -> 0.01797 | AN6: =+($AT6-$AJ6)/10+AM6 -> 0.01806 | AO6: =+($AT6-$AJ6)/10+AN6 -> 0.01815 | AP6: =+($AT6-$AJ6)/10+AO6 -> 0.01824 | AQ6: =+($AT6-$AJ6)/10+AP6 -> 0.01833 | AR6: =+($AT6-$AJ6)/10+AQ6 -> 0.01842 | AS6: =+($AT6-$AJ6)/10+AR6 -> 0.01851 | AT6: =SUMIF($B$5:$L$5,AT$5,$B6:$L6)/100 -> 0.0186

Sheet Interpolated Cost of Funds
B6: Data Directly from TSY Website: | D6: https://www.treasury.gov/resource-center/data-chart-center/interest-rates/Pages/TextView.aspx?data=yieldYear&year=2021
B8: (%)
B9: Date | C9: 0.083333333 | D9: 0.16666667 | E9: 0.25 | F9: 0.5 | G9: 1 | H9: 2 | I9: 3 | J9: 5 | K9: 7 | L9: 10 | M9: 20 | N9: 30 | P9: Date | Q9: 0.083333333 | R9: 0.16666667 | S9: 0.25 | T9: 0.5 | U9: 1 | V9: 2 | W9: 3 | X9: =+W9+1 -> 4 | Y9: =+X9+1 -> 5 | Z9: =+Y9+1 -> 6 | AA9: =+Z9+1 -> 7 | AB9: =+AA9+1 -> 8 | AC9: =+AB9+1 -> 9 | AD9: =+AC9+1 -> 10 | AE9: =+AD9+1 -> 11 | ... AX9: =+AW9+1 -> 30
B10: 43467 | C10: 2.4 | D10: 2.4 | E10: 2.42 | F10: 2.51 | G10: 2.6 | H10: 2.5 | I10: 2.47 | J10: 2.49 | K10: 2.56 | L10: 2.66 | M10: 2.83 | N10: 2.97 | P10: =IF(B10="","",B10) -> 43467 | Q10: =SUMIF($B$9:$N$9,Q$9,$B10:$N10)/100 -> 0.024 | R10: =SUMIF($B$9:$N$9,R$9,$B10:$N10)/100 -> 0.024 | S10: =SUMIF($B$9:$N$9,S$9,$B10:$N10)/100 -> 0.0242 | T10: =SUMIF($B$9:$N$9,T$9,$B10:$N10)/100 -> 0.0251 | U10: =SUMIF($B$9:$N$9,U$9,$B10:$N10)/100 -> 0.026 | V10: =SUMIF($B$9:$N$9,V$9,$B10:$N10)/100 -> 0.025 | W10: =SUMIF($B$9:$N$9,W$9,$B10:$N10)/100 -> 0.0247 | X10: =+(Y10-W10)/2+W10 -> 0.0248 | Y10: =SUMIF($B$9:$N$9,Y$9,$B10:$N10)/100 -> 0.0249 | Z10: =+(AA10-Y10)/2+Y10 -> 0.02525 | AA10: =SUMIF($B$9:$N$9,AA$9,$B10:$N10)/100 -> 0.0256 | AB10: =+(AD10-AA10)/3+AA10 -> 0.025933333 | AC10: =+(AD10-AA10)/3+AB10 -> 0.026266667 | AD10: =SUMIF($B$9:$N$9,AD$9,$B10:$N10)/100 -> 0.0266 | AE10: =+(AN10-AD10)/10+AD10 -> 0.02677 | AF10: =+($AN10-$AD10)/10+AE10 -> 0.02694 | AG10: =+($AN10-$AD10)/10+AF10 -> 0.02711 | AH10: =+($AN10-$AD10)/10+AG10 -> 0.02728 | AI10: =+($AN10-$AD10)/10+AH10 -> 0.02745 | AJ10: =+($AN10-$AD10)/10+AI10 -> 0.02762 | AK10: =+($AN10-$AD10)/10+AJ10 -> 0.02779 | AL10: =+($AN10-$AD10)/10+AK10 -> 0.02796 | AM10: =+($AN10-$AD10)/10+AL10 -> 0.02813 | AN10: =SUMIF($B$9:$N$9,AN$9,$B10:$N10)/100 -> 0.0283 | AO10: =+(AX10-AN10)/10+AN10 -> 0.02844 | AP10: =+($AX10-$AN10)/10+AO10 -> 0.02858 | AQ10: =+($AX10-$AN10)/10+AP10 -> 0.02872 | AR10: =+($AX10-$AN10)/10+AQ10 -> 0.02886 | AS10: =+($AX10-$AN10)/10+AR10 -> 0.029 | AT10: =+($AX10-$AN10)/10+AS10 -> 0.02914 | AU10: =+($AX10-$AN10)/10+AT10 -> 0.02928 | AV10: =+($AX10-$AN10)/10+AU10 -> 0.02942 | AW10: =+($AX10-$AN10)/10+AV10 -> 0.02956 | AX10: =SUMIF($B$9:$N$9,AX$9,$B10:$N10)/100 -> 0.0297
B11: 43468 | C11: 2.42 | D11: 2.42 | E11: 2.41 | F11: 2.47 | G11: 2.5 | H11: 2.39 | I11: 2.35 | J11: 2.37 | K11: 2.44 | L11: 2.56 | M11: 2.75 | N11: 2.92 | P11: =IF(B11="","",B11) -> 43468 | Q11: =SUMIF($B$9:$N$9,Q$9,$B11:$N11)/100 -> 0.0242 | R11: =SUMIF($B$9:$N$9,R$9,$B11:$N11)/100 -> 0.0242 | S11: =SUMIF($B$9:$N$9,S$9,$B11:$N11)/100 -> 0.0241 | T11: =SUMIF($B$9:$N$9,T$9,$B11:$N11)/100 -> 0.0247 | U11: =SUMIF($B$9:$N$9,U$9,$B11:$N11)/100 -> 0.025 | V11: =SUMIF($B$9:$N$9,V$9,$B11:$N11)/100 -> 0.0239 | W11: =SUMIF($B$9:$N$9,W$9,$B11:$N11)/100 -> 0.0235 | X11: =+(Y11-W11)/2+W11 -> 0.0236 | Y11: =SUMIF($B$9:$N$9,Y$9,$B11:$N11)/100 -> 0.0237 | Z11: =+(AA11-Y11)/2+Y11 -> 0.02405 | AA11: =SUMIF($B$9:$N$9,AA$9,$B11:$N11)/100 -> 0.0244 | AB11: =+($AD11-$AA11)/3+AA11 -> 0.0248 | AC11: =+($AD11-$AA11)/3+AB11 -> 0.0252 | AD11: =SUMIF($B$9:$N$9,AD$9,$B11:$N11)/100 -> 0.0256 | AE11: =+($AN11-$AD11)/10+AD11 -> 0.02579 | AF11: =+($AN11-$AD11)/10+AE11 -> 0.02598 | AG11: =+($AN11-$AD11)/10+AF11 -> 0.02617 | AH11: =+($AN11-$AD11)/10+AG11 -> 0.02636 | AI11: =+($AN11-$AD11)/10+AH11 -> 0.02655 | AJ11: =+($AN11-$AD11)/10+AI11 -> 0.02674 | AK11: =+($AN11-$AD11)/10+AJ11 -> 0.02693 | AL11: =+($AN11-$AD11)/10+AK11 -> 0.02712 | AM11: =+($AN11-$AD11)/10+AL11 -> 0.02731 | AN11: =SUMIF($B$9:$N$9,AN$9,$B11:$N11)/100 -> 0.0275 | AO11: =+($AX11-$AN11)/10+AN11 -> 0.02767 | AP11: =+($AX11-$AN11)/10+AO11 -> 0.02784 | AQ11: =+($AX11-$AN11)/10+AP11 -> 0.02801 | AR11: =+($AX11-$AN11)/10+AQ11 -> 0.02818 | AS11: =+($AX11-$AN11)/10+AR11 -> 0.02835 | AT11: =+($AX11-$AN11)/10+AS11 -> 0.02852 | AU11: =+($AX11-$AN11)/10+AT11 -> 0.02869 | AV11: =+($AX11-$AN11)/10+AU11 -> 0.02886 | AW11: =+($AX11-$AN11)/10+AV11 -> 0.02903 | AX11: =SUMIF($B$9:$N$9,AX$9,$B11:$N11)/100 -> 0.0292
B12: 43469 | C12: 2.4 | D12: 2.42 | E12: 2.42 | F12: 2.51 | G12: 2.57 | H12: 2.5 | I12: 2.47 | J12: 2.49 | K12: 2.56 | L12: 2.67 | M12: 2.83 | N12: 2.98 | P12: =IF(B12="","",B12) -> 43469 | Q12: =SUMIF($B$9:$N$9,Q$9,$B12:$N12)/100 -> 0.024 | R12: =SUMIF($B$9:$N$9,R$9,$B12:$N12)/100 -> 0.0242 | S12: =SUMIF($B$9:$N$9,S$9,$B12:$N12)/100 -> 0.0242 | T12: =SUMIF($B$9:$N$9,T$9,$B12:$N12)/100 -> 0.0251 | U12: =SUMIF($B$9:$N$9,U$9,$B12:$N12)/100 -> 0.0257 | V12: =SUMIF($B$9:$N$9,V$9,$B12:$N12)/100 -> 0.025 | W12: =SUMIF($B$9:$N$9,W$9,$B12:$N12)/100 -> 0.0247 | X12: =+(Y12-W12)/2+W12 -> 0.0248 | Y12: =SUMIF($B$9:$N$9,Y$9,$B12:$N12)/100 -> 0.0249 | Z12: =+(AA12-Y12)/2+Y12 -> 0.02525 | AA12: =SUMIF($B$9:$N$9,AA$9,$B12:$N12)/100 -> 0.0256 | AB12: =+($AD12-$AA12)/3+AA12 -> 0.025966667 | AC12: =+($AD12-$AA12)/3+AB12 -> 0.026333333 | AD12: =SUMIF($B$9:$N$9,AD$9,$B12:$N12)/100 -> 0.0267 | AE12: =+($AN12-$AD12)/10+AD12 -> 0.02686 | AF12: =+($AN12-$AD12)/10+AE12 -> 0.02702 | AG12: =+($AN12-$AD12)/10+AF12 -> 0.02718 | AH12: =+($AN12-$AD12)/10+AG12 -> 0.02734 | AI12: =+($AN12-$AD12)/10+AH12 -> 0.0275 | AJ12: =+($AN12-$AD12)/10+AI12 -> 0.02766 | AK12: =+($AN12-$AD12)/10+AJ12 -> 0.02782 | AL12: =+($AN12-$AD12)/10+AK12 -> 0.02798 | AM12: =+($AN12-$AD12)/10+AL12 -> 0.02814 | AN12: =SUMIF($B$9:$N$9,AN$9,$B12:$N12)/100 -> 0.0283 | AO12: =+($AX12-$AN12)/10+AN12 -> 0.02845 | AP12: =+($AX12-$AN12)/10+AO12 -> 0.0286 | AQ12: =+($AX12-$AN12)/10+AP12 -> 0.02875 | AR12: =+($AX12-$AN12)/10+AQ12 -> 0.0289 | AS12: =+($AX12-$AN12)/10+AR12 -> 0.02905 | AT12: =+($AX12-$AN12)/10+AS12 -> 0.0292 | AU12: =+($AX12-$AN12)/10+AT12 -> 0.02935 | AV12: =+($AX12-$AN12)/10+AU12 -> 0.0295 | AW12: =+($AX12-$AN12)/10+AV12 -> 0.02965 | AX12: =SUMIF($B$9:$N$9,AX$9,$B12:$N12)/100 -> 0.0298
B13: 43472 | C13: 2.42 | D13: 2.42 | E13: 2.45 | F13: 2.54 | G13: 2.58 | H13: 2.53 | I13: 2.51 | J13: 2.53 | K13: 2.6 | L13: 2.7 | M13: 2.86 | N13: 2.99 | P13: =IF(B13="","",B13) -> 43472 | Q13: =SUMIF($B$9:$N$9,Q$9,$B13:$N13)/100 -> 0.0242 | R13: =SUMIF($B$9:$N$9,R$9,$B13:$N13)/100 -> 0.0242 | S13: =SUMIF($B$9:$N$9,S$9,$B13:$N13)/100 -> 0.0245 | T13: =SUMIF($B$9:$N$9,T$9,$B13:$N13)/100 -> 0.0254 | U13: =SUMIF($B$9:$N$9,U$9,$B13:$N13)/100 -> 0.0258 | V13: =SUMIF($B$9:$N$9,V$9,$B13:$N13)/100 -> 0.0253 | W13: =SUMIF($B$9:$N$9,W$9,$B13:$N13)/100 -> 0.0251 | X13: =+(Y13-W13)/2+W13 -> 0.0252 | Y13: =SUMIF($B$9:$N$9,Y$9,$B13:$N13)/100 -> 0.0253 | Z13: =+(AA13-Y13)/2+Y13 -> 0.02565 | AA13: =SUMIF($B$9:$N$9,AA$9,$B13:$N13)/100 -> 0.026 | AB13: =+($AD13-$AA13)/3+AA13 -> 0.026333333 | AC13: =+($AD13-$AA13)/3+AB13 -> 0.026666667 | AD13: =SUMIF($B$9:$N$9,AD$9,$B13:$N13)/100 -> 0.027 | AE13: =+($AN13-$AD13)/10+AD13 -> 0.02716 | AF13: =+($AN13-$AD13)/10+AE13 -> 0.02732 | AG13: =+($AN13-$AD13)/10+AF13 -> 0.02748 | AH13: =+($AN13-$AD13)/10+AG13 -> 0.02764 | AI13: =+($AN13-$AD13)/10+AH13 -> 0.0278 | AJ13: =+($AN13-$AD13)/10+AI13 -> 0.02796 | AK13: =+($AN13-$AD13)/10+AJ13 -> 0.02812 | AL13: =+($AN13-$AD13)/10+AK13 -> 0.02828 | AM13: =+($AN13-$AD13)/10+AL13 -> 0.02844 | AN13: =SUMIF($B$9:$N$9,AN$9,$B13:$N13)/100 -> 0.0286 | AO13: =+($AX13-$AN13)/10+AN13 -> 0.02873 | AP13: =+($AX13-$AN13)/10+AO13 -> 0.02886 | AQ13: =+($AX13-$AN13)/10+AP13 -> 0.02899 | AR13: =+($AX13-$AN13)/10+AQ13 -> 0.02912 | AS13: =+($AX13-$AN13)/10+AR13 -> 0.02925 | AT13: =+($AX13-$AN13)/10+AS13 -> 0.02938 | AU13: =+($AX13-$AN13)/10+AT13 -> 0.02951 | AV13: =+($AX13-$AN13)/10+AU13 -> 0.02964 | AW13: =+($AX13-$AN13)/10+AV13 -> 0.02977 | AX13: =SUMIF($B$9:$N$9,AX$9,$B13:$N13)/100 -> 0.0299
B14: 43473 | C14: 2.4 | D14: 2.42 | E14: 2.46 | F14: 2.54 | G14: 2.6 | H14: 2.58 | I14: 2.57 | J14: 2.58 | K14: 2.63 | L14: 2.73 | M14: 2.88 | N14: 3 | P14: =IF(B14="","",B14) -> 43473 | Q14: =SUMIF($B$9:$N$9,Q$9,$B14:$N14)/100 -> 0.024 | R14: =SUMIF($B$9:$N$9,R$9,$B14:$N14)/100 -> 0.0242 | S14: =SUMIF($B$9:$N$9,S$9,$B14:$N14)/100 -> 0.0246 | T14: =SUMIF($B$9:$N$9,T$9,$B14:$N14)/100 -> 0.0254 | U14: =SUMIF($B$9:$N$9,U$9,$B14:$N14)/100 -> 0.026 | V14: =SUMIF($B$9:$N$9,V$9,$B14:$N14)/100 -> 0.0258 | W14: =SUMIF($B$9:$N$9,W$9,$B14:$N14)/100 -> 0.0257 | X14: =+(Y14-W14)/2+W14 -> 0.02575 | Y14: =SUMIF($B$9:$N$9,Y$9,$B14:$N14)/100 -> 0.0258 | Z14: =+(AA14-Y14)/2+Y14 -> 0.02605 | AA14: =SUMIF($B$9:$N$9,AA$9,$B14:$N14)/100 -> 0.0263 | AB14: =+($AD14-$AA14)/3+AA14 -> 0.026633333 | AC14: =+($AD14-$AA14)/3+AB14 -> 0.026966667 | AD14: =SUMIF($B$9:$N$9,AD$9,$B14:$N14)/100 -> 0.0273 | AE14: =+($AN14-$AD14)/10+AD14 -> 0.02745 | AF14: =+($AN14-$AD14)/10+AE14 -> 0.0276 | AG14: =+($AN14-$AD14)/10+AF14 -> 0.02775 | AH14: =+($AN14-$AD14)/10+AG14 -> 0.0279 | AI14: =+($AN14-$AD14)/10+AH14 -> 0.02805 | AJ14: =+($AN14-$AD14)/10+AI14 -> 0.0282 | AK14: =+($AN14-$AD14)/10+AJ14 -> 0.02835 | AL14: =+($AN14-$AD14)/10+AK14 -> 0.0285 | AM14: =+($AN14-$AD14)/10+AL14 -> 0.02865 | AN14: =SUMIF($B$9:$N$9,AN$9,$B14:$N14)/100 -> 0.0288 | AO14: =+($AX14-$AN14)/10+AN14 -> 0.02892 | AP14: =+($AX14-$AN14)/10+AO14 -> 0.02904 | AQ14: =+($AX14-$AN14)/10+AP14 -> 0.02916 | AR14: =+($AX14-$AN14)/10+AQ14 -> 0.02928 | AS14: =+($AX14-$AN14)/10+AR14 -> 0.0294 | AT14: =+($AX14-$AN14)/10+AS14 -> 0.02952 | AU14: =+($AX14-$AN14)/10+AT14 -> 0.02964 | AV14: =+($AX14-$AN14)/10+AU14 -> 0.02976 | AW14: =+($AX14-$AN14)/10+AV14 -> 0.02988 | AX14: =SUMIF($B$9:$N$9,AX$9,$B14:$N14)/100 -> 0.03
B15: 43474 | C15: 2.4 | D15: 2.42 | E15: 2.45 | F15: 2.52 | G15: 2.59 | H15: 2.56 | I15: 2.54 | J15: 2.57 | K15: 2.64 | L15: 2.74 | M15: 2.9 | N15: 3.03 | P15: =IF(B15="","",B15) -> 43474 | Q15: =SUMIF($B$9:$N$9,Q$9,$B15:$N15)/100 -> 0.024 | R15: =SUMIF($B$9:$N$9,R$9,$B15:$N15)/100 -> 0.0242 | S15: =SUMIF($B$9:$N$9,S$9,$B15:$N15)/100 -> 0.0245 | T15: =SUMIF($B$9:$N$9,T$9,$B15:$N15)/100 -> 0.0252 | U15: =SUMIF($B$9:$N$9,U$9,$B15:$N15)/100 -> 0.0259 | V15: =SUMIF($B$9:$N$9,V$9,$B15:$N15)/100 -> 0.0256 | W15: =SUMIF($B$9:$N$9,W$9,$B15:$N15)/100 -> 0.0254 | X15: =+(Y15-W15)/2+W15 -> 0.02555 | Y15: =SUMIF($B$9:$N$9,Y$9,$B15:$N15)/100 -> 0.0257 | Z15: =+(AA15-Y15)/2+Y15 -> 0.02605 | AA15: =SUMIF($B$9:$N$9,AA$9,$B15:$N15)/100 -> 0.0264 | AB15: =+($AD15-$AA15)/3+AA15 -> 0.026733333 | AC15: =+($AD15-$AA15)/3+AB15 -> 0.027066667 | AD15: =SUMIF($B$9:$N$9,AD$9,$B15:$N15)/100 -> 0.0274 | AE15: =+($AN15-$AD15)/10+AD15 -> 0.02756 | AF15: =+($AN15-$AD15)/10+AE15 -> 0.02772 | AG15: =+($AN15-$AD15)/10+AF15 -> 0.02788 | AH15: =+($AN15-$AD15)/10+AG15 -> 0.02804 | AI15: =+($AN15-$AD15)/10+AH15 -> 0.0282 | AJ15: =+($AN15-$AD15)/10+AI15 -> 0.02836 | AK15: =+($AN15-$AD15)/10+AJ15 -> 0.02852 | AL15: =+($AN15-$AD15)/10+AK15 -> 0.02868 | AM15: =+($AN15-$AD15)/10+AL15 -> 0.02884 | AN15: =SUMIF($B$9:$N$9,AN$9,$B15:$N15)/100 -> 0.029 | AO15: =+($AX15-$AN15)/10+AN15 -> 0.02913 | AP15: =+($AX15-$AN15)/10+AO15 -> 0.02926 | AQ15: =+($AX15-$AN15)/10+AP15 -> 0.02939 | AR15: =+($AX15-$AN15)/10+AQ15 -> 0.02952 | AS15: =+($AX15-$AN15)/10+AR15 -> 0.02965 | AT15: =+($AX15-$AN15)/10+AS15 -> 0.02978 | AU15: =+($AX15-$AN15)/10+AT15 -> 0.02991 | AV15: =+($AX15-$AN15)/10+AU15 -> 0.03004 | AW15: =+($AX15-$AN15)/10+AV15 -> 0.03017 | AX15: =SUMIF($B$9:$N$9,AX$9,$B15:$N15)/100 -> 0.0303
B16: 43475 | C16: 2.42 | D16: 2.42 | E16: 2.43 | F16: 2.51 | G16: 2.59 | H16: 2.56 | I16: 2.54 | J16: 2.56 | K16: 2.63 | L16: 2.74 | M16: 2.92 | N16: 3.06 | P16: =IF(B16="","",B16) -> 43475 | Q16: =SUMIF($B$9:$N$9,Q$9,$B16:$N16)/100 -> 0.0242 | R16: =SUMIF($B$9:$N$9,R$9,$B16:$N16)/100 -> 0.0242 | S16: =SUMIF($B$9:$N$9,S$9,$B16:$N16)/100 -> 0.0243 | T16: =SUMIF($B$9:$N$9,T$9,$B16:$N16)/100 -> 0.0251 | U16: =SUMIF($B$9:$N$9,U$9,$B16:$N16)/100 -> 0.0259 | V16: =SUMIF($B$9:$N$9,V$9,$B16:$N16)/100 -> 0.0256 | W16: =SUMIF($B$9:$N$9,W$9,$B16:$N16)/100 -> 0.0254 | X16: =+(Y16-W16)/2+W16 -> 0.0255 | Y16: =SUMIF($B$9:$N$9,Y$9,$B16:$N16)/100 -> 0.0256 | Z16: =+(AA16-Y16)/2+Y16 -> 0.02595 | AA16: =SUMIF($B$9:$N$9,AA$9,$B16:$N16)/100 -> 0.0263 | AB16: =+($AD16-$AA16)/3+AA16 -> 0.026666667 | AC16: =+($AD16-$AA16)/3+AB16 -> 0.027033333 | AD16: =SUMIF($B$9:$N$9,AD$9,$B16:$N16)/100 -> 0.0274 | AE16: =+($AN16-$AD16)/10+AD16 -> 0.02758 | AF16: =+($AN16-$AD16)/10+AE16 -> 0.02776 | AG16: =+($AN16-$AD16)/10+AF16 -> 0.02794 | AH16: =+($AN16-$AD16)/10+AG16 -> 0.02812 | AI16: =+($AN16-$AD16)/10+AH16 -> 0.0283 | AJ16: =+($AN16-$AD16)/10+AI16 -> 0.02848 | AK16: =+($AN16-$AD16)/10+AJ16 -> 0.02866 | AL16: =+($AN16-$AD16)/10+AK16 -> 0.02884 | AM16: =+($AN16-$AD16)/10+AL16 -> 0.02902 | AN16: =SUMIF($B$9:$N$9,AN$9,$B16:$N16)/100 -> 0.0292 | AO16: =+($AX16-$AN16)/10+AN16 -> 0.02934 | AP16: =+($AX16-$AN16)/10+AO16 -> 0.02948 | AQ16: =+($AX16-$AN16)/10+AP16 -> 0.02962 | AR16: =+($AX16-$AN16)/10+AQ16 -> 0.02976 | AS16: =+($AX16-$AN16)/10+AR16 -> 0.0299 | AT16: =+($AX16-$AN16)/10+AS16 -> 0.03004 | AU16: =+($AX16-$AN16)/10+AT16 -> 0.03018 | AV16: =+($AX16-$AN16)/10+AU16 -> 0.03032 | AW16: =+($AX16-$AN16)/10+AV16 -> 0.03046 | AX16: =SUMIF($B$9:$N$9,AX$9,$B16:$N16)/100 -> 0.0306
B17: 43476 | C17: 2.41 | D17: 2.43 | E17: 2.43 | F17: 2.5 | G17: 2.58 | H17: 2.55 | I17: 2.51 | J17: 2.52 | K17: 2.6 | L17: 2.71 | M17: 2.9 | N17: 3.04 | P17: =IF(B17="","",B17) -> 43476 | Q17: =SUMIF($B$9:$N$9,Q$9,$B17:$N17)/100 -> 0.0241 | R17: =SUMIF($B$9:$N$9,R$9,$B17:$N17)/100 -> 0.0243 | S17: =SUMIF($B$9:$N$9,S$9,$B17:$N17)/100 -> 0.0243 | T17: =SUMIF($B$9:$N$9,T$9,$B17:$N17)/100 -> 0.025 | U17: =SUMIF($B$9:$N$9,U$9,$B17:$N17)/100 -> 0.0258 | V17: =SUMIF($B$9:$N$9,V$9,$B17:$N17)/100 -> 0.0255 | W17: =SUMIF($B$9:$N$9,W$9,$B17:$N17)/100 -> 0.0251 | X17: =+(Y17-W17)/2+W17 -> 0.02515 | Y17: =SUMIF($B$9:$N$9,Y$9,$B17:$N17)/100 -> 0.0252 | Z17: =+(AA17-Y17)/2+Y17 -> 0.0256 | AA17: =SUMIF($B$9:$N$9,AA$9,$B17:$N17)/100 -> 0.026 | AB17: =+($AD17-$AA17)/3+AA17 -> 0.026366667 | AC17: =+($AD17-$AA17)/3+AB17 -> 0.026733333 | AD17: =SUMIF($B$9:$N$9,AD$9,$B17:$N17)/100 -> 0.0271 | AE17: =+($AN17-$AD17)/10+AD17 -> 0.02729 | AF17: =+($AN17-$AD17)/10+AE17 -> 0.02748 | AG17: =+($AN17-$AD17)/10+AF17 -> 0.02767 | AH17: =+($AN17-$AD17)/10+AG17 -> 0.02786 | AI17: =+($AN17-$AD17)/10+AH17 -> 0.02805 | AJ17: =+($AN17-$AD17)/10+AI17 -> 0.02824 | AK17: =+($AN17-$AD17)/10+AJ17 -> 0.02843 | AL17: =+($AN17-$AD17)/10+AK17 -> 0.02862 | AM17: =+($AN17-$AD17)/10+AL17 -> 0.02881 | AN17: =SUMIF($B$9:$N$9,AN$9,$B17:$N17)/100 -> 0.029 | AO17: =+($AX17-$AN17)/10+AN17 -> 0.02914 | AP17: =+($AX17-$AN17)/10+AO17 -> 0.02928 | AQ17: =+($AX17-$AN17)/10+AP17 -> 0.02942 | AR17: =+($AX17-$AN17)/10+AQ17 -> 0.02956 | AS17: =+($AX17-$AN17)/10+AR17 -> 0.0297 | AT17: =+($AX17-$AN17)/10+AS17 -> 0.02984 | AU17: =+($AX17-$AN17)/10+AT17 -> 0.02998 | AV17: =+($AX17-$AN17)/10+AU17 -> 0.03012 | AW17: =+($AX17-$AN17)/10+AV17 -> 0.03026 | AX17: =SUMIF($B$9:$N$9,AX$9,$B17:$N17)/100 -> 0.0304
B18: 43479 | C18: 2.42 | D18: 2.43 | E18: 2.45 | F18: 2.52 | G18: 2.57 | H18: 2.53 | I18: 2.51 | J18: 2.53 | K18: 2.6 | L18: 2.71 | M18: 2.91 | N18: 3.06 | P18: =IF(B18="","",B18) -> 43479 | Q18: =SUMIF($B$9:$N$9,Q$9,$B18:$N18)/100 -> 0.0242 | R18: =SUMIF($B$9:$N$9,R$9,$B18:$N18)/100 -> 0.0243 | S18: =SUMIF($B$9:$N$9,S$9,$B18:$N18)/100 -> 0.0245 | T18: =SUMIF($B$9:$N$9,T$9,$B18:$N18)/100 -> 0.0252 | U18: =SUMIF($B$9:$N$9,U$9,$B18:$N18)/100 -> 0.0257 | V18: =SUMIF($B$9:$N$9,V$9,$B18:$N18)/100 -> 0.0253 | W18: =SUMIF($B$9:$N$9,W$9,$B18:$N18)/100 -> 0.0251 | X18: =+(Y18-W18)/2+W18 -> 0.0252 | Y18: =SUMIF($B$9:$N$9,Y$9,$B18:$N18)/100 -> 0.0253 | Z18: =+(AA18-Y18)/2+Y18 -> 0.02565 | AA18: =SUMIF($B$9:$N$9,AA$9,$B18:$N18)/100 -> 0.026 | AB18: =+($AD18-$AA18)/3+AA18 -> 0.026366667 | AC18: =+($AD18-$AA18)/3+AB18 -> 0.026733333 | AD18: =SUMIF($B$9:$N$9,AD$9,$B18:$N18)/100 -> 0.0271 | AE18: =+($AN18-$AD18)/10+AD18 -> 0.0273 | AF18: =+($AN18-$AD18)/10+AE18 -> 0.0275 | AG18: =+($AN18-$AD18)/10+AF18 -> 0.0277 | AH18: =+($AN18-$AD18)/10+AG18 -> 0.0279 | AI18: =+($AN18-$AD18)/10+AH18 -> 0.0281 | AJ18: =+($AN18-$AD18)/10+AI18 -> 0.0283 | AK18: =+($AN18-$AD18)/10+AJ18 -> 0.0285 | AL18: =+($AN18-$AD18)/10+AK18 -> 0.0287 | AM18: =+($AN18-$AD18)/10+AL18 -> 0.0289 | AN18: =SUMIF($B$9:$N$9,AN$9,$B18:$N18)/100 -> 0.0291 | AO18: =+($AX18-$AN18)/10+AN18 -> 0.02925 | AP18: =+($AX18-$AN18)/10+AO18 -> 0.0294 | AQ18: =+($AX18-$AN18)/10+AP18 -> 0.02955 | AR18: =+($AX18-$AN18)/10+AQ18 -> 0.0297 | AS18: =+($AX18-$AN18)/10+AR18 -> 0.02985 | AT18: =+($AX18-$AN18)/10+AS18 -> 0.03 | AU18: =+($AX18-$AN18)/10+AT18 -> 0.03015 | AV18: =+($AX18-$AN18)/10+AU18 -> 0.0303 | AW18: =+($AX18-$AN18)/10+AV18 -> 0.03045 | AX18: =SUMIF($B$9:$N$9,AX$9,$B18:$N18)/100 -> 0.0306
B19: 43480 | C19: 2.41 | D19: 2.43 | E19: 2.45 | F19: 2.52 | G19: 2.57 | H19: 2.53 | I19: 2.51 | J19: 2.53 | K19: 2.61 | L19: 2.72 | M19: 2.92 | N19: 3.08 | P19: =IF(B19="","",B19) -> 43480 | Q19: =SUMIF($B$9:$N$9,Q$9,$B19:$N19)/100 -> 0.0241 | R19: =SUMIF($B$9:$N$9,R$9,$B19:$N19)/100 -> 0.0243 | S19: =SUMIF($B$9:$N$9,S$9,$B19:$N19)/100 -> 0.0245 | T19: =SUMIF($B$9:$N$9,T$9,$B19:$N19)/100 -> 0.0252 | U19: =SUMIF($B$9:$N$9,U$9,$B19:$N19)/100 -> 0.0257 | V19: =SUMIF($B$9:$N$9,V$9,$B19:$N19)/100 -> 0.0253 | W19: =SUMIF($B$9:$N$9,W$9,$B19:$N19)/100 -> 0.0251 | X19: =+(Y19-W19)/2+W19 -> 0.0252 | Y19: =SUMIF($B$9:$N$9,Y$9,$B19:$N19)/100 -> 0.0253 | Z19: =+(AA19-Y19)/2+Y19 -> 0.0257 | AA19: =SUMIF($B$9:$N$9,AA$9,$B19:$N19)/100 -> 0.0261 | AB19: =+($AD19-$AA19)/3+AA19 -> 0.026466667 | AC19: =+($AD19-$AA19)/3+AB19 -> 0.026833333 | AD19: =SUMIF($B$9:$N$9,AD$9,$B19:$N19)/100 -> 0.0272 | AE19: =+($AN19-$AD19)/10+AD19 -> 0.0274 | AF19: =+($AN19-$AD19)/10+AE19 -> 0.0276 | AG19: =+($AN19-$AD19)/10+AF19 -> 0.0278 | AH19: =+($AN19-$AD19)/10+AG19 -> 0.028 | AI19: =+($AN19-$AD19)/10+AH19 -> 0.0282 | AJ19: =+($AN19-$AD19)/10+AI19 -> 0.0284 | AK19: =+($AN19-$AD19)/10+AJ19 -> 0.0286 | AL19: =+($AN19-$AD19)/10+AK19 -> 0.0288 | AM19: =+($AN19-$AD19)/10+AL19 -> 0.029 | AN19: =SUMIF($B$9:$N$9,AN$9,$B19:$N19)/100 -> 0.0292 | AO19: =+($AX19-$AN19)/10+AN19 -> 0.02936 | AP19: =+($AX19-$AN19)/10+AO19 -> 0.02952 | AQ19: =+($AX19-$AN19)/10+AP19 -> 0.02968 | AR19: =+($AX19-$AN19)/10+AQ19 -> 0.02984 | AS19: =+($AX19-$AN19)/10+AR19 -> 0.03 | AT19: =+($AX19-$AN19)/10+AS19 -> 0.03016 | AU19: =+($AX19-$AN19)/10+AT19 -> 0.03032 | AV19: =+($AX19-$AN19)/10+AU19 -> 0.03048 | AW19: =+($AX19-$AN19)/10+AV19 -> 0.03064 | AX19: =SUMIF($B$9:$N$9,AX$9,$B19:$N19)/100 -> 0.0308
B20: 43481 | C20: 2.41 | D20: 2.4 | E20: 2.43 | F20: 2.49 | G20: 2.57 | H20: 2.55 | I20: 2.53 | J20: 2.54 | K20: 2.62 | L20: 2.73 | M20: 2.92 | N20: 3.07 | P20: =IF(B20="","",B20) -> 43481 | Q20: =SUMIF($B$9:$N$9,Q$9,$B20:$N20)/100 -> 0.0241 | R20: =SUMIF($B$9:$N$9,R$9,$B20:$N20)/100 -> 0.024 | S20: =SUMIF($B$9:$N$9,S$9,$B20:$N20)/100 -> 0.0243 | T20: =SUMIF($B$9:$N$9,T$9,$B20:$N20)/100 -> 0.0249 | U20: =SUMIF($B$9:$N$9,U$9,$B20:$N20)/100 -> 0.0257 | V20: =SUMIF($B$9:$N$9,V$9,$B20:$N20)/100 -> 0.0255 | W20: =SUMIF($B$9:$N$9,W$9,$B20:$N20)/100 -> 0.0253 | X20: =+(Y20-W20)/2+W20 -> 0.02535 | Y20: =SUMIF($B$9:$N$9,Y$9,$B20:$N20)/100 -> 0.0254 | Z20: =+(AA20-Y20)/2+Y20 -> 0.0258 | AA20: =SUMIF($B$9:$N$9,AA$9,$B20:$N20)/100 -> 0.0262 | AB20: =+($AD20-$AA20)/3+AA20 -> 0.026566667 | AC20: =+($AD20-$AA20)/3+AB20 -> 0.026933333 | AD20: =SUMIF($B$9:$N$9,AD$9,$B20:$N20)/100 -> 0.0273 | AE20: =+($AN20-$AD20)/10+AD20 -> 0.02749 | AF20: =+($AN20-$AD20)/10+AE20 -> 0.02768 | AG20: =+($AN20-$AD20)/10+AF20 -> 0.02787 | AH20: =+($AN20-$AD20)/10+AG20 -> 0.02806 | AI20: =+($AN20-$AD20)/10+AH20 -> 0.02825 | AJ20: =+($AN20-$AD20)/10+AI20 -> 0.02844 | AK20: =+($AN20-$AD20)/10+AJ20 -> 0.02863 | AL20: =+($AN20-$AD20)/10+AK20 -> 0.02882 | AM20: =+($AN20-$AD20)/10+AL20 -> 0.02901 | AN20: =SUMIF($B$9:$N$9,AN$9,$B20:$N20)/100 -> 0.0292 | AO20: =+($AX20-$AN20)/10+AN20 -> 0.02935 | AP20: =+($AX20-$AN20)/10+AO20 -> 0.0295 | AQ20: =+($AX20-$AN20)/10+AP20 -> 0.02965 | AR20: =+($AX20-$AN20)/10+AQ20 -> 0.0298 | AS20: =+($AX20-$AN20)/10+AR20 -> 0.02995 | AT20: =+($AX20-$AN20)/10+AS20 -> 0.0301 | AU20: =+($AX20-$AN20)/10+AT20 -> 0.03025 | AV20: =+($AX20-$AN20)/10+AU20 -> 0.0304 | AW20: =+($AX20-$AN20)/10+AV20 -> 0.03055 | AX20: =SUMIF($B$9:$N$9,AX$9,$B20:$N20)/100 -> 0.0307
B21: 43482 | C21: 2.41 | D21: 2.41 | E21: 2.42 | F21: 2.5 | G21: 2.57 | H21: 2.56 | I21: 2.55 | J21: 2.58 | K21: 2.66 | L21: 2.75 | M21: 2.93 | N21: 3.07 | P21: =IF(B21="","",B21) -> 43482 | Q21: =SUMIF($B$9:$N$9,Q$9,$B21:$N21)/100 -> 0.0241 | R21: =SUMIF($B$9:$N$9,R$9,$B21:$N21)/100 -> 0.0241 | S21: =SUMIF($B$9:$N$9,S$9,$B21:$N21)/100 -> 0.0242 | T21: =SUMIF($B$9:$N$9,T$9,$B21:$N21)/100 -> 0.025 | U21: =SUMIF($B$9:$N$9,U$9,$B21:$N21)/100 -> 0.0257 | V21: =SUMIF($B$9:$N$9,V$9,$B21:$N21)/100 -> 0.0256 | W21: =SUMIF($B$9:$N$9,W$9,$B21:$N21)/100 -> 0.0255 | X21: =+(Y21-W21)/2+W21 -> 0.02565 | Y21: =SUMIF($B$9:$N$9,Y$9,$B21:$N21)/100 -> 0.0258 | Z21: =+(AA21-Y21)/2+Y21 -> 0.0262 | AA21: =SUMIF($B$9:$N$9,AA$9,$B21:$N21)/100 -> 0.0266 | AB21: =+($AD21-$AA21)/3+AA21 -> 0.0269 | AC21: =+($AD21-$AA21)/3+AB21 -> 0.0272 | AD21: =SUMIF($B$9:$N$9,AD$9,$B21:$N21)/100 -> 0.0275 | AE21: =+($AN21-$AD21)/10+AD21 -> 0.02768 | AF21: =+($AN21-$AD21)/10+AE21 -> 0.02786 | AG21: =+($AN21-$AD21)/10+AF21 -> 0.02804 | AH21: =+($AN21-$AD21)/10+AG21 -> 0.02822 | AI21: =+($AN21-$AD21)/10+AH21 -> 0.0284 | AJ21: =+($AN21-$AD21)/10+AI21 -> 0.02858 | AK21: =+($AN21-$AD21)/10+AJ21 -> 0.02876 | AL21: =+($AN21-$AD21)/10+AK21 -> 0.02894 | AM21: =+($AN21-$AD21)/10+AL21 -> 0.02912 | AN21: =SUMIF($B$9:$N$9,AN$9,$B21:$N21)/100 -> 0.0293 | AO21: =+($AX21-$AN21)/10+AN21 -> 0.02944 | AP21: =+($AX21-$AN21)/10+AO21 -> 0.02958 | AQ21: =+($AX21-$AN21)/10+AP21 -> 0.02972 | AR21: =+($AX21-$AN21)/10+AQ21 -> 0.02986 | AS21: =+($AX21-$AN21)/10+AR21 -> 0.03 | AT21: =+($AX21-$AN21)/10+AS21 -> 0.03014 | AU21: =+($AX21-$AN21)/10+AT21 -> 0.03028 | AV21: =+($AX21-$AN21)/10+AU21 -> 0.03042 | AW21: =+($AX21-$AN21)/10+AV21 -> 0.03056 | AX21: =SUMIF($B$9:$N$9,AX$9,$B21:$N21)/100 -> 0.0307
B22: 43483 | C22: 2.4 | D22: 2.4 | E22: 2.41 | F22: 2.5 | G22: 2.6 | H22: 2.62 | I22: 2.6 | J22: 2.62 | K22: 2.7 | L22: 2.79 | M22: 2.95 | N22: 3.09 | P22: =IF(B22="","",B22) -> 43483 | Q22: =SUMIF($B$9:$N$9,Q$9,$B22:$N22)/100 -> 0.024 | R22: =SUMIF($B$9:$N$9,R$9,$B22:$N22)/100 -> 0.024 | S22: =SUMIF($B$9:$N$9,S$9,$B22:$N22)/100 -> 0.0241 | T22: =SUMIF($B$9:$N$9,T$9,$B22:$N22)/100 -> 0.025 | U22: =SUMIF($B$9:$N$9,U$9,$B22:$N22)/100 -> 0.026 | V22: =SUMIF($B$9:$N$9,V$9,$B22:$N22)/100 -> 0.0262 | W22: =SUMIF($B$9:$N$9,W$9,$B22:$N22)/100 -> 0.026 | X22: =+(Y22-W22)/2+W22 -> 0.0261 | Y22: =SUMIF($B$9:$N$9,Y$9,$B22:$N22)/100 -> 0.0262 | Z22: =+(AA22-Y22)/2+Y22 -> 0.0266 | AA22: =SUMIF($B$9:$N$9,AA$9,$B22:$N22)/100 -> 0.027 | AB22: =+($AD22-$AA22)/3+AA22 -> 0.0273 | AC22: =+($AD22-$AA22)/3+AB22 -> 0.0276 | AD22: =SUMIF($B$9:$N$9,AD$9,$B22:$N22)/100 -> 0.0279 | AE22: =+($AN22-$AD22)/10+AD22 -> 0.02806 | AF22: =+($AN22-$AD22)/10+AE22 -> 0.02822 | AG22: =+($AN22-$AD22)/10+AF22 -> 0.02838 | AH22: =+($AN22-$AD22)/10+AG22 -> 0.02854 | AI22: =+($AN22-$AD22)/10+AH22 -> 0.0287 | AJ22: =+($AN22-$AD22)/10+AI22 -> 0.02886 | AK22: =+($AN22-$AD22)/10+AJ22 -> 0.02902 | AL22: =+($AN22-$AD22)/10+AK22 -> 0.02918 | AM22: =+($AN22-$AD22)/10+AL22 -> 0.02934 | AN22: =SUMIF($B$9:$N$9,AN$9,$B22:$N22)/100 -> 0.0295 | AO22: =+($AX22-$AN22)/10+AN22 -> 0.02964 | AP22: =+($AX22-$AN22)/10+AO22 -> 0.02978 | AQ22: =+($AX22-$AN22)/10+AP22 -> 0.02992 | AR22: =+($AX22-$AN22)/10+AQ22 -> 0.03006 | AS22: =+($AX22-$AN22)/10+AR22 -> 0.0302 | AT22: =+($AX22-$AN22)/10+AS22 -> 0.03034 | AU22: =+($AX22-$AN22)/10+AT22 -> 0.03048 | AV22: =+($AX22-$AN22)/10+AU22 -> 0.03062 | AW22: =+($AX22-$AN22)/10+AV22 -> 0.03076 | AX22: =SUMIF($B$9:$N$9,AX$9,$B22:$N22)/100 -> 0.0309
... B385: 44013 | C385: 0.12 | D385: 0.12 | E385: 0.14 | F385: 0.17 | G385: 0.16 | H385: 0.17 | I385: 0.19 | J385: 0.31 | K385: 0.52 | L385: 0.69 | M385: 1.2 | N385: 1.43 | P385: =IF(B385="","",B385) -> 44013 | Q385: =SUMIF($B$9:$N$9,Q$9,$B385:$N385)/100 -> 0.0012 | R385: =SUMIF($B$9:$N$9,R$9,$B385:$N385)/100 -> 0.0012 | S385: =SUMIF($B$9:$N$9,S$9,$B385:$N385)/100 -> 0.0014 | T385: =SUMIF($B$9:$N$9,T$9,$B385:$N385)/100 -> 0.0017 | U385: =SUMIF($B$9:$N$9,U$9,$B385:$N385)/100 -> 0.0016 | V385: =SUMIF($B$9:$N$9,V$9,$B385:$N385)/100 -> 0.0017 | W385: =SUMIF($B$9:$N$9,W$9,$B385:$N385)/100 -> 0.0019 | X385: =+(Y385-W385)/2+W385 -> 0.0025 | Y385: =SUMIF($B$9:$N$9,Y$9,$B385:$N385)/100 -> 0.0031 | Z385: =+(AA385-Y385)/2+Y385 -> 0.00415 | AA385: =SUMIF($B$9:$N$9,AA$9,$B385:$N385)/100 -> 0.0052 | AB385: =+($AD385-$AA385)/3+AA385 -> 0.0057666667 | AC385: =+($AD385-$AA385)/3+AB385 -> 0.0063333333 | AD385: =SUMIF($B$9:$N$9,AD$9,$B385:$N385)/100 -> 0.0069 | AE385: =+($AN385-$AD385)/10+AD385 -> 0.00741 | AF385: =+($AN385-$AD385)/10+AE385 -> 0.00792 | AG385: =+($AN385-$AD385)/10+AF385 -> 0.00843 | AH385: =+($AN385-$AD385)/10+AG385 -> 0.00894 | AI385: =+($AN385-$AD385)/10+AH385 -> 0.00945 | AJ385: =+($AN385-$AD385)/10+AI385 -> 0.00996 | AK385: =+($AN385-$AD385)/10+AJ385 -> 0.01047 | AL385: =+($AN385-$AD385)/10+AK385 -> 0.01098 | AM385: =+($AN385-$AD385)/10+AL385 -> 0.01149 | AN385: =SUMIF($B$9:$N$9,AN$9,$B385:$N385)/100 -> 0.012 | AO385: =+($AX385-$AN385)/10+AN385 -> 0.01223 | AP385: =+($AX385-$AN385)/10+AO385 -> 0.01246 | AQ385: =+($AX385-$AN385)/10+AP385 -> 0.01269 | AR385: =+($AX385-$AN385)/10+AQ385 -> 0.01292 | AS385: =+($AX385-$AN385)/10+AR385 -> 0.01315 | AT385: =+($AX385-$AN385)/10+AS385 -> 0.01338 | AU385: =+($AX385-$AN385)/10+AT385 -> 0.01361 | AV385: =+($AX385-$AN385)/10+AU385 -> 0.01384 | AW385: =+($AX385-$AN385)/10+AV385 -> 0.01407 | AX385: =SUMIF($B$9:$N$9,AX$9,$B385:$N385)/100 -> 0.0143
B386: 44014 | C386: 0.13 | D386: 0.14 | E386: 0.14 | F386: 0.16 | G386: 0.16 | H386: 0.16 | I386: 0.19 | J386: 0.29 | K386: 0.5 | L386: 0.68 | M386: 1.2 | N386: 1.43 | P386: =IF(B386="","",B386) -> 44014 | Q386: =SUMIF($B$9:$N$9,Q$9,$B386:$N386)/100 -> 0.0013 | R386: =SUMIF($B$9:$N$9,R$9,$B386:$N386)/100 -> 0.0014 | S386: =SUMIF($B$9:$N$9,S$9,$B386:$N386)/100 -> 0.0014 | T386: =SUMIF($B$9:$N$9,T$9,$B386:$N386)/100 -> 0.0016 | U386: =SUMIF($B$9:$N$9,U$9,$B386:$N386)/100 -> 0.0016 | V386: =SUMIF($B$9:$N$9,V$9,$B386:$N386)/100 -> 0.0016 | W386: =SUMIF($B$9:$N$9,W$9,$B386:$N386)/100 -> 0.0019 | X386: =+(Y386-W386)/2+W386 -> 0.0024 | Y386: =SUMIF($B$9:$N$9,Y$9,$B386:$N386)/100 -> 0.0029 | Z386: =+(AA386-Y386)/2+Y386 -> 0.00395 | AA386: =SUMIF($B$9:$N$9,AA$9,$B386:$N386)/100 -> 0.005 | AB386: =+($AD386-$AA386)/3+AA386 -> 0.0056 | AC386: =+($AD386-$AA386)/3+AB386 -> 0.0062 | AD386: =SUMIF($B$9:$N$9,AD$9,$B386:$N386)/100 -> 0.0068 | AE386: =+($AN386-$AD386)/10+AD386 -> 0.00732 | AF386: =+($AN386-$AD386)/10+AE386 -> 0.00784 | AG386: =+($AN386-$AD386)/10+AF386 -> 0.00836 | AH386: =+($AN386-$AD386)/10+AG386 -> 0.00888 | AI386: =+($AN386-$AD386)/10+AH386 -> 0.0094 | AJ386: =+($AN386-$AD386)/10+AI386 -> 0.00992 | AK386: =+($AN386-$AD386)/10+AJ386 -> 0.01044 | AL386: =+($AN386-$AD386)/10+AK386 -> 0.01096 | AM386: =+($AN386-$AD386)/10+AL386 -> 0.01148 | AN386: =SUMIF($B$9:$N$9,AN$9,$B386:$N386)/100 -> 0.012 | AO386: =+($AX386-$AN386)/10+AN386 -> 0.01223 | AP386: =+($AX386-$AN386)/10+AO386 -> 0.01246 | AQ386: =+($AX386-$AN386)/10+AP386 -> 0.01269 | AR386: =+($AX386-$AN386)/10+AQ386 -> 0.01292 | AS386: =+($AX386-$AN386)/10+AR386 -> 0.01315 | AT386: =+($AX386-$AN386)/10+AS386 -> 0.01338 | AU386: =+($AX386-$AN386)/10+AT386 -> 0.01361 | AV386: =+($AX386-$AN386)/10+AU386 -> 0.01384 | AW386: =+($AX386-$AN386)/10+AV386 -> 0.01407 | AX386: =SUMIF($B$9:$N$9,AX$9,$B386:$N386)/100 -> 0.0143 | AZ386: =SUMIF($B$9:$N$9,AZ$9,$B386:$N386)/100 -> 0 | BA386: =SUMIF($B$9:$N$9,BA$9,$B386:$N386)/100 -> 0 | BB386: =SUMIF($B$9:$N$9,BB$9,$B386:$N386)/100 -> 0 | BC386: =SUMIF($B$9:$N$9,BC$9,$B386:$N386)/100 -> 0 | BD386: =SUMIF($B$9:$N$9,BD$9,$B386:$N386)/100 -> 0 | BE386: =SUMIF($B$9:$N$9,BE$9,$B386:$N386)/100 -> 0 | BF386: =SUMIF($B$9:$N$9,BF$9,$B386:$N386)/100 -> 0 | BG386: =+(BH386-BF386)/2+BF386 -> 0 | BH386: =SUMIF($B$9:$N$9,BH$9,$B386:$N386)/100 -> 0 | BI386: =+(BJ386-BH386)/2+BH386 -> 0 | BJ386: =SUMIF($B$9:$N$9,BJ$9,$B386:$N386)/100 -> 0 | BK386: =+($AD386-$AA386)/3+BJ386 -> 0.0006 | BL386: =+($AD386-$AA386)/3+BK386 -> 0.0012 | BM386: =SUMIF($B$9:$N$9,BM$9,$B386:$N386)/100 -> 0 | BN386: =+($AN386-$AD386)/10+BM386 -> 0.00052 | BO386: =+($AN386-$AD386)/10+BN386 -> 0.00104 | BP386: =+($AN386-$AD386)/10+BO386 -> 0.00156 | BQ386: =+($AN386-$AD386)/10+BP386 -> 0.00208 | BR386: =+($AN386-$AD386)/10+BQ386 -> 0.0026 | BS386: =+($AN386-$AD386)/10+BR386 -> 0.00312 | BT386: =+($AN386-$AD386)/10+BS386 -> 0.00364 | BU386: =+($AN386-$AD386)/10+BT386 -> 0.00416 | BV386: =+($AN386-$AD386)/10+BU386 -> 0.00468 | BW386: =SUMIF($B$9:$N$9,BW$9,$B386:$N386)/100 -> 0 | BX386: =+($AX386-$AN386)/10+BW386 -> 0.00023 | BY386: =+($AX386-$AN386)/10+BX386 -> 0.00046 | BZ386: =+($AX386-$AN386)/10+BY386 -> 0.00069 | CA386: =+($AX386-$AN386)/10+BZ386 -> 0.00092 | CB386: =+($AX386-$AN386)/10+CA386 -> 0.00115 | CC386: =+($AX386-$AN386)/10+CB386 -> 0.00138 | CD386: =+($AX386-$AN386)/10+CC386 -> 0.00161 | CE386: =+($AX386-$AN386)/10+CD386 -> 0.00184 | CF386: =+($AX386-$AN386)/10+CE386 -> 0.00207 | CG386: =SUMIF($B$9:$N$9,CG$9,$B386:$N386)/100 -> 0
B387: 44018 | C387: 0.12 | D387: 0.14 | E387: 0.15 | F387: 0.16 | G387: 0.16 | H387: 0.16 | I387: 0.19 | J387: 0.31 | K387: 0.51 | L387: 0.69 | M387: 1.21 | N387: 1.45 | P387: =IF(B387="","",B387) -> 44018 | Q387: =SUMIF($B$9:$N$9,Q$9,$B387:$N387)/100 -> 0.0012 | R387: =SUMIF($B$9:$N$9,R$9,$B387:$N387)/100 -> 0.0014 | S387: =SUMIF($B$9:$N$9,S$9,$B387:$N387)/100 -> 0.0015 | T387: =SUMIF($B$9:$N$9,T$9,$B387:$N387)/100 -> 0.0016 | U387: =SUMIF($B$9:$N$9,U$9,$B387:$N387)/100 -> 0.0016 | V387: =SUMIF($B$9:$N$9,V$9,$B387:$N387)/100 -> 0.0016 | W387: =SUMIF($B$9:$N$9,W$9,$B387:$N387)/100 -> 0.0019 | X387: =+(Y387-W387)/2+W387 -> 0.0025 | Y387: =SUMIF($B$9:$N$9,Y$9,$B387:$N387)/100 -> 0.0031 | Z387: =+(AA387-Y387)/2+Y387 -> 0.0041 | AA387: =SUMIF($B$9:$N$9,AA$9,$B387:$N387)/100 -> 0.0051 | AB387: =+($AD387-$AA387)/3+AA387 -> 0.0057 | AC387: =+($AD387-$AA387)/3+AB387 -> 0.0063 | AD387: =SUMIF($B$9:$N$9,AD$9,$B387:$N387)/100 -> 0.0069 | AE387: =+($AN387-$AD387)/10+AD387 -> 0.00742 | AF387: =+($AN387-$AD387)/10+AE387 -> 0.00794 | AG387: =+($AN387-$AD387)/10+AF387 -> 0.00846 | AH387: =+($AN387-$AD387)/10+AG387 -> 0.00898 | AI387: =+($AN387-$AD387)/10+AH387 -> 0.0095 | AJ387: =+($AN387-$AD387)/10+AI387 -> 0.01002 | AK387: =+($AN387-$AD387)/10+AJ387 -> 0.01054 | AL387: =+($AN387-$AD387)/10+AK387 -> 0.01106 | AM387: =+($AN387-$AD387)/10+AL387 -> 0.01158 | AN387: =SUMIF($B$9:$N$9,AN$9,$B387:$N387)/100 -> 0.0121 | AO387: =+($AX387-$AN387)/10+AN387 -> 0.01234 | AP387: =+($AX387-$AN387)/10+AO387 -> 0.01258 | AQ387: =+($AX387-$AN387)/10+AP387 -> 0.01282 | AR387: =+($AX387-$AN387)/10+AQ387 -> 0.01306 | AS387: =+($AX387-$AN387)/10+AR387 -> 0.0133 | AT387: =+($AX387-$AN387)/10+AS387 -> 0.01354 | AU387: =+($AX387-$AN387)/10+AT387 -> 0.01378 | AV387: =+($AX387-$AN387)/10+AU387 -> 0.01402 | AW387: =+($AX387-$AN387)/10+AV387 -> 0.01426 | AX387: =SUMIF($B$9:$N$9,AX$9,$B387:$N387)/100 -> 0.0145
B388: 44019 | C388: 0.12 | D388: 0.14 | E388: 0.15 | F388: 0.17 | G388: 0.15 | H388: 0.16 | I388: 0.19 | J388: 0.29 | K388: 0.48 | L388: 0.65 | M388: 1.15 | N388: 1.38 | P388: =IF(B388="","",B388) -> 44019 | Q388: =SUMIF($B$9:$N$9,Q$9,$B388:$N388)/100 -> 0.0012 | R388: =SUMIF($B$9:$N$9,R$9,$B388:$N388)/100 -> 0.0014 | S388: =SUMIF($B$9:$N$9,S$9,$B388:$N388)/100 -> 0.0015 | T388: =SUMIF($B$9:$N$9,T$9,$B388:$N388)/100 -> 0.0017 | U388: =SUMIF($B$9:$N$9,U$9,$B388:$N388)/100 -> 0.0015 | V388: =SUMIF($B$9:$N$9,V$9,$B388:$N388)/100 -> 0.0016 | W388: =SUMIF($B$9:$N$9,W$9,$B388:$N388)/100 -> 0.0019 | X388: =+(Y388-W388)/2+W388 -> 0.0024 | Y388: =SUMIF($B$9:$N$9,Y$9,$B388:$N388)/100 -> 0.0029 | Z388: =+(AA388-Y388)/2+Y388 -> 0.00385 | AA388: =SUMIF($B$9:$N$9,AA$9,$B388:$N388)/100 -> 0.0048 | AB388: =+($AD388-$AA388)/3+AA388 -> 0.0053666667 | AC388: =+($AD388-$AA388)/3+AB388 -> 0.0059333333 | AD388: =SUMIF($B$9:$N$9,AD$9,$B388:$N388)/100 -> 0.0065 | AE388: =+($AN388-$AD388)/10+AD388 -> 0.007 | AF388: =+($AN388-$AD388)/10+AE388 -> 0.0075 | AG388: =+($AN388-$AD388)/10+AF388 -> 0.008 | AH388: =+($AN388-$AD388)/10+AG388 -> 0.0085 | AI388: =+($AN388-$AD388)/10+AH388 -> 0.009 | AJ388: =+($AN388-$AD388)/10+AI388 -> 0.0095 | AK388: =+($AN388-$AD388)/10+AJ388 -> 0.01 | AL388: =+($AN388-$AD388)/10+AK388 -> 0.0105 | AM388: =+($AN388-$AD388)/10+AL388 -> 0.011 | AN388: =SUMIF($B$9:$N$9,AN$9,$B388:$N388)/100 -> 0.0115 | AO388: =+($AX388-$AN388)/10+AN388 -> 0.01173 | AP388: =+($AX388-$AN388)/10+AO388 -> 0.01196 | AQ388: =+($AX388-$AN388)/10+AP388 -> 0.01219 | AR388: =+($AX388-$AN388)/10+AQ388 -> 0.01242 | AS388: =+($AX388-$AN388)/10+AR388 -> 0.01265 | AT388: =+($AX388-$AN388)/10+AS388 -> 0.01288 | AU388: =+($AX388-$AN388)/10+AT388 -> 0.01311 | AV388: =+($AX388-$AN388)/10+AU388 -> 0.01334 | AW388: =+($AX388-$AN388)/10+AV388 -> 0.01357 | AX388: =SUMIF($B$9:$N$9,AX$9,$B388:$N388)/100 -> 0.0138
